Workbook

Sheet ENERO CTE-5
B8: ÀREA FINANCIERA | K8: CTE-5
A10: UNIDAD DE CIRUGIA CARDIOVASCULAR DE GUATEMALA
A11: 5a. AVENIDA 6-22 ZONA 11
A12: dgunicar@yahoo.es Tel. 24163000
A14: Programación y ejecucion mensual por tipo de gasto año 2023, Expresado en Quetzales primer cuatrimestre 2023
A15: No. | B15: CATEGORIA DE GASTO | C15: ENERO | E15: FEBRERO | G15: MARZO | I15: ABRIL | K15: TOTAL CUATRIMESTRE
C16: PRESUPUESTO | D16: REAL | E16: PRESUPUESTO | F16: REAL | G16: PRESUPUESTO | H16: REAL | I16: PRESUPUESTO | J16: REAL | K16: PRESUPUESTO | L16: REAL
A17: 011 | B17: RECURSO HUMANO | C17: 3361148.5 | D17: 2939970.1 | K17: =+C17+E17+G17+I17 -> 3361148.5 | L17: =+D17+F17+H17+J17 -> 2939970.1
B19: GASTOS DE FUNCIONAMIENTO
A20: 111 | B20: ENERGIA ELECTRICA | C20: 0 | D20: 0 | K20: =+C20+E20+G20+I20 -> 0 | L20: =+D20+F20+H20+J20 -> 0
A21: 113 | B21: SERVICIO DE INTERNET Y TELEFONIA | C21: 0 | D21: 0 | K21: =+C21+E21+G21+I21 -> 0 | L21: =+D21+F21+H21+J21 -> 0
A22: 122 | B22: IMPRESIÓN, ENCUADERNACION Y REPRODUCCION | C22: 0 | D22: 0 | K22: =+C22+E22+G22+I22 -> 0 | L22: =+D22+F22+H22+J22 -> 0
A23: 163 | B23: MANT. Y REP. EQUIPO MEDICO SANITARIO Y DE LAB. | C23: 50000 | D23: 0 | K23: =+C23+E23+G23+I23 -> 50000 | L23: =+D23+F23+H23+J23 -> 0
A24: 168 | B24: MANTENIMIENTO Y REPARACION DE EQUIPO DE COMPUTO | C24: 1000 | D24: 0 | K24: =+C24+E24+G24+I24 -> 1000 | L24: =+D24+F24+H24+J24 -> 0
A25: 169 | B25: MANT. Y REP. DE OTRAS MAQ. Y EQUIPO | C25: 10000 | D25: 0 | K25: =+C25+E25+G25+I25 -> 10000 | L25: =+D25+F25+H25+J25 -> 0
A26: 171 | B26: MANT. Y REPARACION DE EDIFICIOS | C26: 10000 | D26: 0 | K26: =+C26+E26+G26+I26 -> 10000 | L26: =+D26+F26+H26+J26 -> 0
A27: 174 | B27: MANT. Y REP. DE INSTALACIONES | C27: 15765.66 | D27: 0 | K27: =+C27+E27+G27+I27 -> 15765.66 | L27: =+D27+F27+H27+J27 -> 0
A28: 182 | B28: SERVICIOS MEDICO-SANITARIOS | C28: 278286 | D28: 0 | K28: =+C28+E28+G28+I28 -> 278286 | L28: =+D28+F28+H28+J28 -> 0
A29: 197 | B29: SERVICIOS DE VIGILANCIA | C29: 0 | D29: 0 | K29: =+C29+E29+G29+I29 -> 0 | L29: =+D29+F29+H29+J29 -> 0
A30: 199 | B30: OTROS SERVICIOS NO PERSONALES | C30: 60838.7 | D30: 0 | K30: =+C30+E30+G30+I30 -> 60838.7 | L30: =+D30+F30+H30+J30 -> 0
A31: 211 | B31: ALIMENTOS PARA PERSONAS | C31: 37249 | D31: 0 | K31: =+C31+E31+G31+I31 -> 37249 | L31: =+D31+F31+H31+J31 -> 0
... A45: 323 | B45: EQUIPO MEDICO-SANITARIO Y DE LABORATORIO | C45: 0 | D45: 0 | K45: =+C45+E45+G45+I45 -> 0 | L45: =+D45+F45+H45+J45 -> 0
B46: TOTAL GASTOS DE FUNCIONAMIENTO | C46: =SUM(C20:C45) -> 552569.77 | D46: =SUM(D20:D45) -> 0 | E46: =SUM(E20:E45) -> 0 | F46: =SUM(F20:F45) -> 0 | G46: =SUM(G20:G45) -> 0 | H46: =SUM(H20:H45) -> 0 | I46: =SUM(I20:I45) -> 0 | J46: =SUM(J20:J45) -> 0 | ... L46: =SUM(L20:L45) -> 0
B47: PROPIEDAD PLANTA Y EQUIPO
B48: EQUIPO MEDICO SANITARIO Y DE LABORATORIO | C48: 0 | D48: 0 | E48: 0 | F48: 0 | H48: 0 | K48: =+C48+E48+G48+I48 -> 0 | L48: =+D48+F48+H48+J48 -> 0
B49: OTRAS MAQUINARIAS Y EQUIPOS | C49: 0 | D49: 0 | E49: 0 | F49: 0 | H49: 0 | I49: 0 | K49: =+C49+E49+G49+I49 -> 0 | L49: =+D49+F49+H49+J49 -> 0
B50: TOTAL PROPIEDAD PLANTA Y EQUIPO | C50: =SUM(C48:C49) -> 0 | D50: =SUM(D48:D49) -> 0 | E50: =SUM(E48:E49) -> 0 | F50: =SUM(F48:F49) -> 0 | G50: =SUM(G48:G49) -> 0 | H50: =SUM(H48:H49) -> 0 | I50: =SUM(I48:I49) -> 0 | J50: =SUM(J48:J49) -> 0 | ... L50: =SUM(L48:L49) -> 0
A59: Programación y ejecucion mensual por tipo de gasto año 2023, Expresado en Quetzales segundo cuatrimestre 2023
A60: No. | B60: CATEGORIA DE GASTO | C60: MAYO | E60: JUNIO | G60: JULIO | I60: AGOSTO | K60: TOTAL CUATRIMESTRE
C61: PRESUPUESTO | D61: REAL | E61: PRESUPUESTO | F61: REAL | G61: PRESUPUESTO | H61: REAL | I61: PRESUPUESTO | J61: REAL | K61: PRESUPUESTO | L61: REAL
A62: 011 | B62: RECURSO HUMANO | K62: =+C62+E62+G62+I62 -> 0 | L62: =+D62+F62+H62+J62 -> 0
B64: GASTOS DE FUNCIONAMIENTO
A65: 111 | B65: ENERGIA ELECTRICA | K65: =+C65+E65+G65+I65 -> 0 | L65: =+D65+F65+H65+J65 -> 0
A66: 113 | B66: TELEFONIA | K66: =+C66+E66+G66+I66 -> 0 | L66: =+D66+F66+H66+J66 -> 0
A67: 122 | B67: IMPRESIÓN, ENCUADERNACION Y REPRODUCCION | K67: =+C67+E67+G67+I67 -> 0 | L67: =+D67+F67+H67+J67 -> 0
A68: 163 | B68: MANT. Y REP. EQUIPO MEDICO SANITARIO Y DE LAB. | K68: =+C68+E68+G68+I68 -> 0 | L68: =+D68+F68+H68+J68 -> 0
A69: 168 | B69: MANTENIMIENTO Y REPARACION DE EQUIPO DE COMPUTO | K69: =+C69+E69+G69+I69 -> 0 | L69: =+D69+F69+H69+J69 -> 0
A70: 169 | B70: MANT. Y REP. DE OTRAS MAQ. Y EQUIPO | K70: =+C70+E70+G70+I70 -> 0 | L70: =+D70+F70+H70+J70 -> 0
A71: 171 | B71: MANT. Y REPARACION DE EDIFICIOS | K71: =+C71+E71+G71+I71 -> 0 | L71: =+D71+F71+H71+J71 -> 0
A72: 174 | B72: MANT. Y REP. DE INSTALACIONES | K72: =+C72+E72+G72+I72 -> 0 | L72: =+D72+F72+H72+J72 -> 0
A73: 182 | B73: SERVICIOS MEDICO-SANITARIOS | K73: =+C73+E73+G73+I73 -> 0 | L73: =+D73+F73+H73+J73 -> 0
A74: 197 | B74: SERVICIOS DE VIGILANCIA | K74: =+C74+E74+G74+I74 -> 0 | L74: =+D74+F74+H74+J74 -> 0
A75: 199 | B75: OTROS SERVICIOS NO PERSONALES | K75: =+C75+E75+G75+I75 -> 0 | L75: =+D75+F75+H75+J75 -> 0
A76: 211 | B76: ALIMENTOS PARA PERSONAS | K76: =+C76+E76+G76+I76 -> 0 | L76: =+D76+F76+H76+J76 -> 0
... A89: 299 | B89: OTROS MATERIALES Y SUMINISTROS | K89: =+C89+E89+G89+I89 -> 0 | L89: =+D89+F89+H89+J89 -> 0
B90: TOTAL GASTOS DE FUNCIONAMIENTO | C90: =SUM(C76:C89) -> 0 | D90: =SUM(D76:D89) -> 0 | E90: =SUM(E76:E89) -> 0 | F90: =SUM(F76:F89) -> 0 | G90: =SUM(G76:G89) -> 0 | H90: =SUM(H76:H89) -> 0 | I90: =SUM(I76:I89) -> 0 | J90: =SUM(J76:J89) -> 0 | ... L90: =SUM(L76:L89) -> 0
B91: PROPIEDAD PLANTA Y EQUIPO
B92: EQUIPO DE OFICINA | K92: =+C92+E92+G92+I92 -> 0 | L92: =+D92+F92+H92+J92 -> 0
B93: EQUIPO MEDICO SANITARIO Y DE LABORATORIO | K93: =+C93+E93+G93+I93 -> 0 | L93: =+D93+F93+H93+J93 -> 0
B94: EQUIPO DE COMPUTACION | K94: =+C94+E94+G94+I94 -> 0 | L94: =+D94+F94+H94+J94 -> 0
B95: OTRAS MAQUINARIAS Y EQUIPOS | K95: =+C95+E95+G95+I95 -> 0 | L95: =+D95+F95+H95+J95 -> 0
B96: TOTAL PROPIEDAD PLANTA Y EQUIPO | C96: =SUM(C92:C95) -> 0 | D96: =SUM(D92:D95) -> 0 | E96: =SUM(E92:E95) -> 0 | F96: =SUM(F92:F95) -> 0 | G96: =SUM(G92:G95) -> 0 | H96: =SUM(H92:H95) -> 0 | I96: =SUM(I92:I95) -> 0 | J96: =SUM(J92:J95) -> 0 | ... L96: =SUM(L92:L95) -> 0
A99: Programación y ejecucion mensual por tipo de gasto año 2023, Expresado en Quetzales tercer cuatrimestre 2023
A100: No. | B100: CATEGORIA DE GASTO | C100: SEPTIEMBRE | E100: OCTUBRE | G100: NOVIEMBRE | I100: DICIEMBRE | K100: TOTAL CUATRIMESTRE
C101: PRESUPUESTO | D101: REAL | E101: PRESUPUESTO | F101: REAL | G101: PRESUPUESTO | H101: REAL | I101: PRESUPUESTO | J101: REAL | K101: PRESUPUESTO | L101: REAL
A102: 011 | B102: RECURSO HUMANO | K102: =+C102+E102+G102+I102 -> 0 | L102: =+D102+F102+H102+J102 -> 0
B104: GASTOS DE FUNCIONAMIENTO
A105: 111 | B105: ENERGIA ELECTRICA | K105: =+C105+E105+G105+I105 -> 0 | L105: =+D105+F105+H105+J105 -> 0
A106: 113 | B106: TELEFONIA | K106: =+C106+E106+G106+I106 -> 0 | L106: =+D106+F106+H106+J106 -> 0
A107: 122 | B107: IMPRESIÓN, ENCUADERNACION Y REPRODUCCION | K107: =+C107+E107+G107+I107 -> 0 | L107: =+D107+F107+H107+J107 -> 0
A108: 163 | B108: MANT. Y REP. EQUIPO MEDICO SANITARIO Y DE LAB. | K108: =+C108+E108+G108+I108 -> 0 | L108: =+D108+F108+H108+J108 -> 0
A109: 168 | B109: MANTENIMIENTO Y REPARACION DE EQUIPO DE COMPUTO | K109: =+C109+E109+G109+I109 -> 0 | L109: =+D109+F109+H109+J109 -> 0
A110: 169 | B110: MANT. Y REP. DE OTRAS MAQ. Y EQUIPO | K110: =+C110+E110+G110+I110 -> 0 | L110: =+D110+F110+H110+J110 -> 0
A111: 171 | B111: MANT. Y REPARACION DE EDIFICIOS | K111: =+C111+E111+G111+I111 -> 0 | L111: =+D111+F111+H111+J111 -> 0
A112: 174 | B112: MANT. Y REP. DE INSTALACIONES | K112: =+C112+E112+G112+I112 -> 0 | L112: =+D112+F112+H112+J112 -> 0
A113: 182 | B113: SERVICIOS MEDICO-SANITARIOS | K113: =+C113+E113+G113+I113 -> 0 | L113: =+D113+F113+H113+J113 -> 0
A114: 197 | B114: SERVICIOS DE VIGILANCIA | K114: =+C114+E114+G114+I114 -> 0 | L114: =+D114+F114+H114+J114 -> 0
A115: 199 | B115: OTROS SERVICIOS NO PERSONALES | K115: =+C115+E115+G115+I115 -> 0 | L115: =+D115+F115+H115+J115 -> 0
A116: 211 | B116: ALIMENTOS PARA PERSONAS | K116: =+C116+E116+G116+I116 -> 0 | L116: =+D116+F116+H116+J116 -> 0
... A129: 299 | B129: OTROS MATERIALES Y SUMINISTROS | K129: =+C129+E129+G129+I129 -> 0 | L129: =+D129+F129+H129+J129 -> 0
B130: TOTAL GASTOS DE FUNCIONAMIENTO | C130: =SUM(C116:C129) -> 0 | D130: =SUM(D116:D129) -> 0 | E130: =SUM(E116:E129) -> 0 | F130: =SUM(F116:F129) -> 0 | G130: =SUM(G116:G129) -> 0 | H130: =SUM(H116:H129) -> 0 | I130: =SUM(I116:I129) -> 0 | J130: =SUM(J116:J129) -> 0 | ... L130: =SUM(L116:L129) -> 0
B131: PROPIEDAD PLANTA Y EQUIPO
B132: EQUIPO DE OFICINA | K132: =+C132+E132+G132+I132 -> 0 | L132: =+D132+F132+H132+J132 -> 0
B133: EQUIPO MEDICO SANITARIO Y DE LABORATORIO | K133: =+C133+E133+G133+I133 -> 0 | L133: =+D133+F133+H133+J133 -> 0
B134: EQUIPO DE COMPUTACION | K134: =+C134+E134+G134+I134 -> 0 | L134: =+D134+F134+H134+J134 -> 0
B135: OTRAS MAQUINARIAS Y EQUIPOS | K135: =+C135+E135+G135+I135 -> 0 | L135: =+D135+F135+H135+J135 -> 0
B136: TOTAL PROPIEDAD PLANTA Y EQUIPO | C136: =SUM(C132:C135) -> 0 | D136: =SUM(D132:D135) -> 0 | E136: =SUM(E132:E135) -> 0 | F136: =SUM(F132:F135) -> 0 | G136: =SUM(G132:G135) -> 0 | H136: =SUM(H132:H135) -> 0 | I136: =SUM(I132:I135) -> 0 | J136: =SUM(J132:J135) -> 0 | ... L136: =SUM(L132:L135) -> 0
B162: RESUMEN AÑO 2023
A163: No. | B163: CATEGORIA DE GASTO | C163: TOTAL ANUAL
C164: PRESUPUESTO | D164: REAL
A165: 011 | B165: RECURSO HUMANO | C165: =+K17+K62+K102 -> 3361148.5 | D165: =+L17+L62+L102 -> 2939970.1
B167: GASTOS DE FUNCIONAMIENTO
A168: 111 | B168: ENERGIA ELECTRICA | C168: =+K20+K65+K105 -> 0 | D168: =+L20+L65+L105 -> 0
A169: 113 | B169: TELEFONIA | C169: =+K21+K66+K106 -> 0 | D169: =+L21+L66+L106 -> 0
A170: 122 | B170: IMPRESIÓN, ENCUADERNACION Y REPRODUCCION | C170: =+K22+K67+K107 -> 0 | D170: =+L22+L67+L107 -> 0
A171: 163 | B171: MANT. Y REP. EQUIPO MEDICO SANITARIO Y DE LAB. | C171: =+K23+K68+K108 -> 50000 | D171: =+L23+L68+L108 -> 0
A172: 168 | B172: MANTENIMIENTO Y REPARACION DE EQUIPO DE COMPUTO | C172: =+K24+K69+K109 -> 1000 | D172: =+L24+L69+L109 -> 0
A173: 169 | B173: MANT. Y REP. DE OTRAS MAQ. Y EQUIPO | C173: =+K25+K70+K110 -> 10000 | D173: =+L25+L70+L110 -> 0
A174: 171 | B174: MANT. Y REPARACION DE EDIFICIOS | C174: =+K26+K71+K111 -> 10000 | D174: =+L26+L71+L111 -> 0
A175: 174 | B175: MANT. Y REP. DE INSTALACIONES | C175: =+K27+K72+K112 -> 15765.66 | D175: =+L27+L72+L112 -> 0
A176: 182 | B176: SERVICIOS MEDICO-SANITARIOS | C176: =+K28+K73+K113 -> 278286 | D176: =+L28+L73+L113 -> 0
A177: 197 | B177: SERVICIOS DE VIGILANCIA | C177: =+K29+K74+K114 -> 0 | D177: =+L29+L74+L114 -> 0
A178: 199 | B178: OTROS SERVICIOS NO PERSONALES | C178: =+K30+K75+K115 -> 60838.7 | D178: =+L30+L75+L115 -> 0
A179: 211 | B179: ALIMENTOS PARA PERSONAS | C179: =+K31+K76+K116 -> 37249 | D179: =+L31+L76+L116 -> 0
... A191: 298 | B191: ACCESORIOS Y REPUESTOS EN GENERAL | C191: =+K43+K88+K128 -> 33333.33 | D191: =+L43+L88+L128 -> 0
A192: 299 | B192: OTROS MATERIALES Y SUMINISTROS | C192: =+K44+K89+K129 -> 19097.08 | D192: =+L45+L89+L129 -> 0
B193: TOTAL GASTOS DE FUNCIONAMIENTO | C193: =SUM(C168:C192) -> 552569.77 | D193: =SUM(D168:D192) -> 0
B194: PROPIEDAD PLANTA Y EQUIPO
B195: EQUIPO DE OFICINA | C195: =K92+K132 -> 0 | D195: =L92+L132 -> 0
B196: EQUIPO MEDICO SANITARIO Y DE LABORATORIO | C196: =+K48+K93+K133 -> 0 | D196: =+L48+L93+L133 -> 0
...

Sheet FEBRERO CTE-5
B8: ÀREA FINANCIERA | K8: CTE-5
A10: UNIDAD DE CIRUGIA CARDIOVASCULAR DE GUATEMALA
A11: 5a. AVENIDA 6-22 ZONA 11
A12: dgunicar@yahoo.es Tel. 24163000
A14: Programación y ejecucion mensual por tipo de gasto año 2023, Expresado en Quetzales primer cuatrimestre 2023
A15: No. | B15: CATEGORIA DE GASTO | C15: ENERO | E15: FEBRERO | G15: MARZO | I15: ABRIL | K15: TOTAL CUATRIMESTRE
C16: PRESUPUESTO | D16: REAL | E16: PRESUPUESTO | F16: REAL | G16: PRESUPUESTO | H16: REAL | I16: PRESUPUESTO | J16: REAL | K16: PRESUPUESTO | L16: REAL
A17: 011 | B17: RECURSO HUMANO | C17: 3361148.5 | D17: 2939970.1 | E17: 3361148.5 | F17: 2914006.4 | K17: =+C17+E17+G17+I17 -> 6722296.9 | L17: =+D17+F17+H17+J17 -> 5853976.5
B19: GASTOS DE FUNCIONAMIENTO
A20: 111 | B20: ENERGIA ELECTRICA | C20: 0 | D20: 0 | E20: 88000 | F20: 0 | K20: =+C20+E20+G20+I20 -> 88000 | L20: =+D20+F20+H20+J20 -> 0
A21: 113 | B21: SERVICIO DE INTERNET Y TELEFONIA | C21: 0 | D21: 0 | E21: 11585.06 | F21: 8525.7 | K21: =+C21+E21+G21+I21 -> 11585.06 | L21: =+D21+F21+H21+J21 -> 8525.7
A22: 122 | B22: IMPRESIÓN, ENCUADERNACION Y REPRODUCCION | C22: 0 | D22: 0 | E22: 68124.37 | F22: 0 | K22: =+C22+E22+G22+I22 -> 68124.37 | L22: =+D22+F22+H22+J22 -> 0
A23: 163 | B23: MANT. Y REP. EQUIPO MEDICO SANITARIO Y DE LAB. | C23: 50000 | D23: 0 | E23: =16335+50000 -> 66335 | F23: 0 | K23: =+C23+E23+G23+I23 -> 116335 | L23: =+D23+F23+H23+J23 -> 0
A24: 168 | B24: MANTENIMIENTO Y REPARACION DE EQUIPO DE COMPUTO | C24: 1000 | D24: 0 | E24: 0 | F24: 0 | K24: =+C24+E24+G24+I24 -> 1000 | L24: =+D24+F24+H24+J24 -> 0
A25: 169 | B25: MANT. Y REP. DE OTRAS MAQ. Y EQUIPO | C25: 10000 | D25: 0 | E25: 0 | F25: 0 | K25: =+C25+E25+G25+I25 -> 10000 | L25: =+D25+F25+H25+J25 -> 0
A26: 171 | B26: MANT. Y REPARACION DE EDIFICIOS | C26: 10000 | D26: 0 | E26: 0 | F26: 0 | K26: =+C26+E26+G26+I26 -> 10000 | L26: =+D26+F26+H26+J26 -> 0
A27: 174 | B27: MANT. Y REP. DE INSTALACIONES | C27: 15765.66 | D27: 0 | E27: 5765.66 | F27: 5765.66 | K27: =+C27+E27+G27+I27 -> 21531.32 | L27: =+D27+F27+H27+J27 -> 5765.66
A28: 182 | B28: SERVICIOS MEDICO-SANITARIOS | C28: 278286 | D28: 0 | E28: 274686 | F28: 50615 | K28: =+C28+E28+G28+I28 -> 552972 | L28: =+D28+F28+H28+J28 -> 50615
A29: 197 | B29: SERVICIOS DE VIGILANCIA | C29: 0 | D29: 0 | E29: 43200 | F29: 0 | K29: =+C29+E29+G29+I29 -> 43200 | L29: =+D29+F29+H29+J29 -> 0
A30: 199 | B30: OTROS SERVICIOS NO PERSONALES | C30: 60838.7 | D30: 0 | E30: 147087.5 | F30: 8200.8 | K30: =+C30+E30+G30+I30 -> 207926.2 | L30: =+D30+F30+H30+J30 -> 8200.8
A31: 211 | B31: ALIMENTOS PARA PERSONAS | C31: 37249 | D31: 0 | E31: 47931.75 | F31: 0 | K31: =+C31+E31+G31+I31 -> 85180.75 | L31: =+D31+F31+H31+J31 -> 0
A32: 232 | B32: ACABADOS TEXTILES | C32: 0 | D32: 0 | E32: 86640 | F32: 0 | K32: =+C32+E32+G32+I32 -> 86640 | L32: =+D32+F32+H32+J32 -> 0
A33: 261 | B33: ELEMENTOS Y COMPUESTOS QUIMICOS | C33: 0 | D33: 0 | E33: 1009687.4 | F33: 62510.51 | K33: =+C33+E33+G33+I33 -> 1009687.4 | L33: =+D33+F33+H33+J33 -> 62510.51
A34: 262 | B34: COMBUSTIBLES Y LUBRICANTES | C34: 8000 | D34: 0 | E34: 0 | F34: 0 | K34: =+C34+E34+G34+I34 -> 8000 | L34: =+D34+F34+H34+J34 -> 0
A35: 266 | B35: PRODUCTOS MEDICINALES Y FARMACEUTICOS | C35: 0 | D35: 0 | E35: 619212.26 | F35: 0 | K35: =+C35+E35+G35+I35 -> 619212.26 | L35: =+D35+F35+H35+J35 -> 0
... A42: 297 | B42: UTILES, ACCESORIOS Y MATERIALES ELECTRICOS | C42: 10000 | D42: 0 | E42: 8945.44 | F42: 0 | K42: =+C42+E42+G42+I42 -> 18945.44 | L42: =+D42+F42+H42+J42 -> 0
A43: 298 | B43: ACCESORIOS Y REPUESTOS EN GENERAL | C43: 33333.33 | D43: 0 | E43: =33333.33+9801.67 -> 43135 | F43: 0 | K43: =+C43+E43+G43+I43 -> 76468.33 | L43: =+D43+F43+H43+J43 -> 0
A44: 299 | B44: OTROS MATERIALES Y SUMINISTROS | C44: 19097.08 | D44: 0 | E44: 19097.08 | F44: 0 | K44: =+C44+E44+G44+I44 -> 38194.16 | L44: =+D44+F44+H44+J44 -> 0
A45: 323 | B45: EQUIPO MEDICO-SANITARIO Y DE LABORATORIO | C45: 0 | D45: 0 | E45: 0 | F45: 0 | K45: =+C45+E45+G45+I45 -> 0 | L45: =+D45+F45+H45+J45 -> 0
B46: TOTAL GASTOS DE FUNCIONAMIENTO | C46: =SUM(C20:C45) -> 552569.77 | D46: =SUM(D20:D45) -> 0 | E46: =SUM(E20:E45) -> 5817527.5 | F46: =SUM(F20:F45) -> 135617.67 | G46: =SUM(G20:G45) -> 0 | H46: =SUM(H20:H45) -> 0 | I46: =SUM(I20:I45) -> 0 | J46: =SUM(J20:J45) -> 0 | ... L46: =SUM(L20:L45) -> 135617.67
B47: TOTAL GENERAL | C47: =+C46+C17 -> 3913718.2 | D47: =+D46+D17 -> 2939970.1 | E47: =+E46+E17 -> 9178676 | F47: =+F46+F17 -> 3049624.1 | G47: =+G46+G17 -> 0 | H47: =+H46+H17 -> 0 | I47: =+I46+I17 -> 0 | J47: =+J46+J17 -> 0 | ... L47: =+L46+L17 -> 5989594.2
A50: Programación y ejecucion mensual por tipo de gasto año 2023, Expresado en Quetzales segundo cuatrimestre 2023
A51: No. | B51: CATEGORIA DE GASTO | C51: MAYO | E51: JUNIO | G51: JULIO | I51: AGOSTO | K51: TOTAL CUATRIMESTRE
C52: PRESUPUESTO | D52: REAL | E52: PRESUPUESTO | F52: REAL | G52: PRESUPUESTO | H52: REAL | I52: PRESUPUESTO | J52: REAL | K52: PRESUPUESTO | L52: REAL
A53: 011 | B53: RECURSO HUMANO | K53: =+C53+E53+G53+I53 -> 0 | L53: =+D53+F53+H53+J53 -> 0
B55: GASTOS DE FUNCIONAMIENTO
A56: 111 | B56: ENERGIA ELECTRICA | K56: =+C56+E56+G56+I56 -> 0 | L56: =+D56+F56+H56+J56 -> 0
A57: 113 | B57: TELEFONIA | K57: =+C57+E57+G57+I57 -> 0 | L57: =+D57+F57+H57+J57 -> 0
A58: 122 | B58: IMPRESIÓN, ENCUADERNACION Y REPRODUCCION | K58: =+C58+E58+G58+I58 -> 0 | L58: =+D58+F58+H58+J58 -> 0
A59: 163 | B59: MANT. Y REP. EQUIPO MEDICO SANITARIO Y DE LAB. | K59: =+C59+E59+G59+I59 -> 0 | L59: =+D59+F59+H59+J59 -> 0
A60: 168 | B60: MANTENIMIENTO Y REPARACION DE EQUIPO DE COMPUTO | K60: =+C60+E60+G60+I60 -> 0 | L60: =+D60+F60+H60+J60 -> 0
A61: 169 | B61: MANT. Y REP. DE OTRAS MAQ. Y EQUIPO | K61: =+C61+E61+G61+I61 -> 0 | L61: =+D61+F61+H61+J61 -> 0
A62: 171 | B62: MANT. Y REPARACION DE EDIFICIOS | K62: =+C62+E62+G62+I62 -> 0 | L62: =+D62+F62+H62+J62 -> 0
A63: 174 | B63: MANT. Y REP. DE INSTALACIONES | K63: =+C63+E63+G63+I63 -> 0 | L63: =+D63+F63+H63+J63 -> 0
A64: 182 | B64: SERVICIOS MEDICO-SANITARIOS | K64: =+C64+E64+G64+I64 -> 0 | L64: =+D64+F64+H64+J64 -> 0
A65: 197 | B65: SERVICIOS DE VIGILANCIA | K65: =+C65+E65+G65+I65 -> 0 | L65: =+D65+F65+H65+J65 -> 0
A66: 199 | B66: OTROS SERVICIOS NO PERSONALES | K66: =+C66+E66+G66+I66 -> 0 | L66: =+D66+F66+H66+J66 -> 0
A67: 211 | B67: ALIMENTOS PARA PERSONAS | K67: =+C67+E67+G67+I67 -> 0 | L67: =+D67+F67+H67+J67 -> 0
... A81: 323 | B81: EQUIPO MEDICO SANITARIO Y DE LABORATORIO | K81: =+C81+E81+G81+I81 -> 0 | L81: =+D81+F81+H81+J81 -> 0
B82: TOTAL GASTOS DE FUNCIONAMIENTO | C82: =SUM(C67:C81) -> 0 | D82: =SUM(D67:D81) -> 0 | E82: =SUM(E67:E81) -> 0 | F82: =SUM(F67:F81) -> 0 | G82: =SUM(G67:G81) -> 0 | H82: =SUM(H67:H81) -> 0 | I82: =SUM(I67:I81) -> 0 | J82: =SUM(J67:J81) -> 0 | ... L82: =SUM(L67:L81) -> 0
B83: TOTAL GENERAL | C83: =+C82+C53 -> 0 | D83: =+D82+D53 -> 0 | E83: =+E82+E53 -> 0 | F83: =+F82+F53 -> 0 | G83: =+G82+G53 -> 0 | H83: =+H82+H53 -> 0 | I83: =+I82+I53 -> 0 | J83: =+J82+J53 -> 0 | ... L83: =+L82+L53 -> 0
A86: Programación y ejecucion mensual por tipo de gasto año 2023, Expresado en Quetzales tercer cuatrimestre 2023
A87: No. | B87: CATEGORIA DE GASTO | C87: SEPTIEMBRE | E87: OCTUBRE | G87: NOVIEMBRE | I87: DICIEMBRE | K87: TOTAL CUATRIMESTRE
C88: PRESUPUESTO | D88: REAL | E88: PRESUPUESTO | F88: REAL | G88: PRESUPUESTO | H88: REAL | I88: PRESUPUESTO | J88: REAL | K88: PRESUPUESTO | L88: REAL
A89: 011 | B89: RECURSO HUMANO | K89: =+C89+E89+G89+I89 -> 0 | L89: =+D89+F89+H89+J89 -> 0
B91: GASTOS DE FUNCIONAMIENTO
A92: 111 | B92: ENERGIA ELECTRICA | K92: =+C92+E92+G92+I92 -> 0 | L92: =+D92+F92+H92+J92 -> 0
A93: 113 | B93: TELEFONIA | K93: =+C93+E93+G93+I93 -> 0 | L93: =+D93+F93+H93+J93 -> 0
A94: 122 | B94: IMPRESIÓN, ENCUADERNACION Y REPRODUCCION | K94: =+C94+E94+G94+I94 -> 0 | L94: =+D94+F94+H94+J94 -> 0
A95: 163 | B95: MANT. Y REP. EQUIPO MEDICO SANITARIO Y DE LAB. | K95: =+C95+E95+G95+I95 -> 0 | L95: =+D95+F95+H95+J95 -> 0
A96: 168 | B96: MANTENIMIENTO Y REPARACION DE EQUIPO DE COMPUTO | K96: =+C96+E96+G96+I96 -> 0 | L96: =+D96+F96+H96+J96 -> 0
A97: 169 | B97: MANT. Y REP. DE OTRAS MAQ. Y EQUIPO | K97: =+C97+E97+G97+I97 -> 0 | L97: =+D97+F97+H97+J97 -> 0
A98: 171 | B98: MANT. Y REPARACION DE EDIFICIOS | K98: =+C98+E98+G98+I98 -> 0 | L98: =+D98+F98+H98+J98 -> 0
A99: 174 | B99: MANT. Y REP. DE INSTALACIONES | K99: =+C99+E99+G99+I99 -> 0 | L99: =+D99+F99+H99+J99 -> 0
A100: 182 | B100: SERVICIOS MEDICO-SANITARIOS | K100: =+C100+E100+G100+I100 -> 0 | L100: =+D100+F100+H100+J100 -> 0
A101: 197 | B101: SERVICIOS DE VIGILANCIA | K101: =+C101+E101+G101+I101 -> 0 | L101: =+D101+F101+H101+J101 -> 0
A102: 199 | B102: OTROS SERVICIOS NO PERSONALES | K102: =+C102+E102+G102+I102 -> 0 | L102: =+D102+F102+H102+J102 -> 0
A103: 211 | B103: ALIMENTOS PARA PERSONAS | K103: =+C103+E103+G103+I103 -> 0 | L103: =+D103+F103+H103+J103 -> 0
... A115: 298 | B115: ACCESORIOS Y REPUESTOS EN GENERAL | K115: =+C115+E115+G115+I115 -> 0 | L115: =+D115+F115+H115+J115 -> 0
A116: 299 | B116: OTROS MATERIALES Y SUMINISTROS
A117: 323 | B117: EQUIPO MEDICO SANITARIO Y DE LABORATORIO | K117: =+C117+E117+G117+I117 -> 0 | L117: =+D117+F117+H117+J117 -> 0
B118: TOTAL GASTOS DE FUNCIONAMIENTO | C118: =SUM(C103:C117) -> 0 | D118: =SUM(D103:D117) -> 0 | E118: =SUM(E103:E117) -> 0 | F118: =SUM(F103:F117) -> 0 | G118: =SUM(G103:G117) -> 0 | H118: =SUM(H103:H117) -> 0 | I118: =SUM(I103:I117) -> 0 | J118: =SUM(J103:J117) -> 0 | ... L118: =SUM(L103:L117) -> 0
B119: TOTAL GENERAL | C119: =+C118+C89 -> 0 | D119: =+D118+D89 -> 0 | E119: =+E118+E89 -> 0 | F119: =+F118+F89 -> 0 | G119: =+G118+G89 -> 0 | H119: =+H118+H89 -> 0 | I119: =+I118+I89 -> 0 | J119: =+J118+J89 -> 0 | ... L119: =+L118+L89 -> 0
B126: RESUMEN AÑO 2023
A127: No. | B127: CATEGORIA DE GASTO | C127: TOTAL ANUAL
C128: PRESUPUESTO | D128: REAL
A129: 011 | B129: RECURSO HUMANO | C129: =+K17+K53+K89 -> 6722296.9 | D129: =+L17+L53+L89 -> 5853976.5
B131: GASTOS DE FUNCIONAMIENTO
A132: 111 | B132: ENERGIA ELECTRICA | C132: =+K20+K56+K92 -> 88000 | D132: =+L20+L56+L92 -> 0
A133: 113 | B133: TELEFONIA | C133: =+K21+K57+K93 -> 11585.06 | D133: =+L21+L57+L93 -> 8525.7
A134: 122 | B134: IMPRESIÓN, ENCUADERNACION Y REPRODUCCION | C134: =+K22+K58+K94 -> 68124.37 | D134: =+L22+L58+L94 -> 0
A135: 163 | B135: MANT. Y REP. EQUIPO MEDICO SANITARIO Y DE LAB. | C135: =+K23+K59+K95 -> 116335 | D135: =+L23+L59+L95 -> 0
A136: 168 | B136: MANTENIMIENTO Y REPARACION DE EQUIPO DE COMPUTO | C136: =+K24+K60+K96 -> 1000 | D136: =+L24+L60+L96 -> 0
A137: 169 | B137: MANT. Y REP. DE OTRAS MAQ. Y EQUIPO | C137: =+K25+K61+K97 -> 10000 | D137: =+L25+L61+L97 -> 0
A138: 171 | B138: MANT. Y REPARACION DE EDIFICIOS | C138: =+K26+K62+K98 -> 10000 | D138: =+L26+L62+L98 -> 0
A139: 174 | B139: MANT. Y REP. DE INSTALACIONES | C139: =+K27+K63+K99 -> 21531.32 | D139: =+L27+L63+L99 -> 5765.66
A140: 182 | B140: SERVICIOS MEDICO-SANITARIOS | C140: =+K28+K64+K100 -> 552972 | D140: =+L28+L64+L100 -> 50615
A141: 197 | B141: SERVICIOS DE VIGILANCIA | C141: =+K29+K65+K101 -> 43200 | D141: =+L29+L65+L101 -> 0
A142: 199 | B142: OTROS SERVICIOS NO PERSONALES | C142: =+K30+K66+K102 -> 207926.2 | D142: =+L30+L66+L102 -> 8200.8
A143: 211 | B143: ALIMENTOS PARA PERSONAS | C143: =+K31+K67+K103 -> 85180.75 | D143: =+L31+L67+L103 -> 0
... A155: 298 | B155: ACCESORIOS Y REPUESTOS EN GENERAL | C155: =+K43+K79+K115 -> 76468.33 | D155: =+L43+L79+L115 -> 0
A156: 299 | B156: OTROS MATERIALES Y SUMINISTROS | C156: =+K44+K81+K117 -> 38194.16 | D156: =+L45+L81+L117 -> 0
B157: TOTAL GASTOS DE FUNCIONAMIENTO | C157: =SUM(C132:C156) -> 6370097.3 | D157: =SUM(D132:D156) -> 135617.67
B158: PROPIEDAD PLANTA Y EQUIPO
B159: EQUIPO DE OFICINA | C159: =#REF!+#REF! -> #REF! | D159: =#REF!+#REF! -> #REF!
B160: EQUIPO MEDICO SANITARIO Y DE LABORATORIO | C160: =+#REF!+#REF!+#REF! -> #REF! | D160: =+#REF!+#REF!+#REF! -> #REF!
B161: EQUIPO DE COMPUTACION | C161: =+#REF!+#REF! -> #REF! | D161: =#REF!+#REF! -> #REF!
B162: OTRAS MAQUINARIAS Y EQUIPOS | C162: =#REF!+#REF!+#REF! -> #REF! | D162: =+#REF!+#REF!+#REF! -> #REF!
B163: SUMA PROPIEDAD PLANTA Y EQUIPO | C163: =SUM(C159:C162) -> #REF! | D163: =SUM(D159:D162) -> #REF!
B164: TOTAL GENERAL | C164: =+C157+C129 -> 13092394 | D164: =D157+D129 -> 5989594.2
...

Sheet MARZO CTE-5
B8: ÀREA FINANCIERA | K8: CTE-5
A10: UNIDAD DE CIRUGIA CARDIOVASCULAR DE GUATEMALA
A11: 5a. AVENIDA 6-22 ZONA 11
A12: dgunicar@yahoo.es Tel. 24163000
A14: Programación y ejecucion mensual por tipo de gasto año 2023, Expresado en Quetzales primer cuatrimestre 2023
A15: No. | B15: CATEGORIA DE GASTO | C15: ENERO | E15: FEBRERO | G15: MARZO | I15: ABRIL | K15: TOTAL CUATRIMESTRE
C16: PRESUPUESTO | D16: REAL | E16: PRESUPUESTO | F16: REAL | G16: PRESUPUESTO | H16: REAL | I16: PRESUPUESTO | J16: REAL | K16: PRESUPUESTO | L16: REAL
B17: RECURSO HUMANO
A18: 011 | B18: SUELOS Y SALARIOS | C18: 3361148.5 | D18: 2939970.1 | E18: 3361148.5 | F18: 2914006.4 | G18: 3361148.5 | H18: 2948436.8 | K18: =+C18+E18+G18+I18 -> 10083445 | L18: =+D18+F18+H18+J18 -> 8802413.3
B19: CUOTA PATRONAL | H19: 1076452.8 | L19: =+D19+F19+H19+J19 -> 1076452.8
B20: TOTAL RECURSO HUMANO | C20: =SUM(C18:C19) -> 3361148.5 | D20: =SUM(D18:D19) -> 2939970.1 | E20: =SUM(E18:E19) -> 3361148.5 | F20: =SUM(F18:F19) -> 2914006.4 | G20: =SUM(G18:G19) -> 3361148.5 | H20: =SUM(H18:H19) -> 4024889.6 | I20: =SUM(I18:I19) -> 0 | J20: =SUM(J18:J19) -> 0 | ... L20: =SUM(L18:L19) -> 9878866.1
B22: GASTOS DE FUNCIONAMIENTO
A23: 111 | B23: ENERGIA ELECTRICA | C23: 0 | D23: 0 | E23: 88000 | F23: 0 | G23: 88000 | H23: 87425.59 | K23: =+C23+E23+G23+I23 -> 176000 | L23: =+D23+F23+H23+J23 -> 87425.59
A24: 113 | B24: SERVICIO DE INTERNET Y TELEFONIA | C24: 0 | D24: 0 | E24: 11585.06 | F24: 8525.7 | G24: 11585.06 | H24: 11440.41 | K24: =+C24+E24+G24+I24 -> 23170.12 | L24: =+D24+F24+H24+J24 -> 19966.11
A25: 122 | B25: IMPRESIÓN, ENCUADERNACION Y REPRODUCCION | C25: 0 | D25: 0 | E25: 68124.37 | F25: 0 | G25: 0 | H25: 440 | K25: =+C25+E25+G25+I25 -> 68124.37 | L25: =+D25+F25+H25+J25 -> 440
A26: 163 | B26: MANT. Y REP. EQUIPO MEDICO SANITARIO Y DE LAB. | C26: 50000 | D26: 0 | E26: =16335+50000 -> 66335 | F26: 0 | G26: =214550+50000 -> 264550 | H26: 6400.89 | K26: =+C26+E26+G26+I26 -> 380885 | L26: =+D26+F26+H26+J26 -> 6400.89
A27: 168 | B27: MANTENIMIENTO Y REPARACION DE EQUIPO DE COMPUTO | C27: 1000 | D27: 0 | E27: 0 | F27: 0 | G27: 0 | H27: 0 | K27: =+C27+E27+G27+I27 -> 1000 | L27: =+D27+F27+H27+J27 -> 0
A28: 169 | B28: MANT. Y REP. DE OTRAS MAQ. Y EQUIPO | C28: 10000 | D28: 0 | E28: 0 | F28: 0 | G28: 0 | H28: 0 | K28: =+C28+E28+G28+I28 -> 10000 | L28: =+D28+F28+H28+J28 -> 0
A29: 171 | B29: MANT. Y REPARACION DE EDIFICIOS | C29: 10000 | D29: 0 | E29: 0 | F29: 0 | G29: 8140 | H29: 0 | K29: =+C29+E29+G29+I29 -> 18140 | L29: =+D29+F29+H29+J29 -> 0
A30: 174 | B30: MANT. Y REP. DE INSTALACIONES | C30: 15765.66 | D30: 0 | E30: 5765.66 | F30: 5765.66 | G30: 7265.66 | H30: 5765.66 | K30: =+C30+E30+G30+I30 -> 28796.98 | L30: =+D30+F30+H30+J30 -> 11531.32
A31: 182 | B31: SERVICIOS MEDICO-SANITARIOS | C31: 278286 | D31: 0 | E31: 274686 | F31: 50615 | G31: 277086 | H31: 257315 | K31: =+C31+E31+G31+I31 -> 830058 | L31: =+D31+F31+H31+J31 -> 307930
A32: 197 | B32: SERVICIOS DE VIGILANCIA | C32: 0 | D32: 0 | E32: 43200 | F32: 0 | G32: 43200 | H32: 42000 | K32: =+C32+E32+G32+I32 -> 86400 | L32: =+D32+F32+H32+J32 -> 42000
A33: 199 | B33: OTROS SERVICIOS NO PERSONALES | C33: 60838.7 | D33: 0 | E33: 147087.5 | F33: 8200.8 | G33: 48537.5 | H33: 69332.8 | K33: =+C33+E33+G33+I33 -> 256463.7 | L33: =+D33+F33+H33+J33 -> 77533.6
A34: 211 | B34: ALIMENTOS PARA PERSONAS | C34: 37249 | D34: 0 | E34: 47931.75 | F34: 0 | G34: 47931.75 | H34: 59267.75 | K34: =+C34+E34+G34+I34 -> 133112.5 | L34: =+D34+F34+H34+J34 -> 59267.75
A35: 232 | B35: ACABADOS TEXTILES | C35: 0 | D35: 0 | E35: 86640 | F35: 0 | G35: 0 | H35: 0 | K35: =+C35+E35+G35+I35 -> 86640 | L35: =+D35+F35+H35+J35 -> 0
A36: 261 | B36: ELEMENTOS Y COMPUESTOS QUIMICOS | C36: 0 | D36: 0 | E36: 1009687.4 | F36: 62510.51 | G36: 0 | H36: 64391.24 | K36: =+C36+E36+G36+I36 -> 1009687.4 | L36: =+D36+F36+H36+J36 -> 126901.75
A37: 262 | B37: COMBUSTIBLES Y LUBRICANTES | C37: 8000 | D37: 0 | E37: 0 | F37: 0 | G37: 0 | H37: 0 | K37: =+C37+E37+G37+I37 -> 8000 | L37: =+D37+F37+H37+J37 -> 0
A38: 266 | B38: PRODUCTOS MEDICINALES Y FARMACEUTICOS | C38: 0 | D38: 0 | E38: 619212.26 | F38: 0 | G38: 0 | H38: 186614 | K38: =+C38+E38+G38+I38 -> 619212.26 | L38: =+D38+F38+H38+J38 -> 186614
... A45: 297 | B45: UTILES, ACCESORIOS Y MATERIALES ELECTRICOS | C45: 10000 | D45: 0 | E45: 8945.44 | F45: 0 | G45: 0 | H45: 0 | K45: =+C45+E45+G45+I45 -> 18945.44 | L45: =+D45+F45+H45+J45 -> 0
A46: 298 | B46: ACCESORIOS Y REPUESTOS EN GENERAL | C46: 33333.33 | D46: 0 | E46: =33333.33+9801.67 -> 43135 | F46: 0 | G46: 33333.33 | H46: 12500 | K46: =+C46+E46+G46+I46 -> 109801.66 | L46: =+D46+F46+H46+J46 -> 12500
A47: 299 | B47: OTROS MATERIALES Y SUMINISTROS | C47: 19097.08 | D47: 0 | E47: 19097.08 | F47: 0 | G47: 19097.08 | H47: 0 | K47: =+C47+E47+G47+I47 -> 57291.24 | L47: =+D47+F47+H47+J47 -> 0
A48: 323 | B48: EQUIPO MEDICO-SANITARIO Y DE LABORATORIO | C48: 0 | D48: 0 | E48: 0 | F48: 0 | G48: 0 | H48: 0 | K48: =+C48+E48+G48+I48 -> 0 | L48: =+D48+F48+H48+J48 -> 0
B49: TOTAL GASTOS DE FUNCIONAMIENTO | C49: =SUM(C23:C48) -> 552569.77 | D49: =SUM(D23:D48) -> 0 | E49: =SUM(E23:E48) -> 5817527.5 | F49: =SUM(F23:F48) -> 135617.67 | G49: =SUM(G23:G48) -> 848726.38 | H49: =SUM(H23:H48) -> 1618801.8 | I49: =SUM(I23:I48) -> 0 | J49: =SUM(J23:J48) -> 0 | ... L49: =SUM(L23:L48) -> 1754419.4
B50: TOTAL GENERAL | C50: =+C49+C20 -> 3913718.2 | D50: =+D49+D20 -> 2939970.1 | E50: =+E49+E20 -> 9178676 | F50: =+F49+F20 -> 3049624.1 | G50: =+G49+G20 -> 4209874.8 | H50: =+H49+H20 -> 5643691.3 | I50: =+I49+I20 -> 0 | J50: =+J49+J20 -> 0 | ... L50: =+L49+L20 -> 11633286
A53: Programación y ejecucion mensual por tipo de gasto año 2023, Expresado en Quetzales segundo cuatrimestre 2023
A54: No. | B54: CATEGORIA DE GASTO | C54: MAYO | E54: JUNIO | G54: JULIO | I54: AGOSTO | K54: TOTAL CUATRIMESTRE
C55: PRESUPUESTO | D55: REAL | E55: PRESUPUESTO | F55: REAL | G55: PRESUPUESTO | H55: REAL | I55: PRESUPUESTO | J55: REAL | K55: PRESUPUESTO | L55: REAL
A56: 011 | B56: RECURSO HUMANO | K56: =+C56+E56+G56+I56 -> 0 | L56: =+D56+F56+H56+J56 -> 0
B58: GASTOS DE FUNCIONAMIENTO
A59: 111 | B59: ENERGIA ELECTRICA | K59: =+C59+E59+G59+I59 -> 0 | L59: =+D59+F59+H59+J59 -> 0
A60: 113 | B60: TELEFONIA | K60: =+C60+E60+G60+I60 -> 0 | L60: =+D60+F60+H60+J60 -> 0
A61: 122 | B61: IMPRESIÓN, ENCUADERNACION Y REPRODUCCION | K61: =+C61+E61+G61+I61 -> 0 | L61: =+D61+F61+H61+J61 -> 0
A62: 163 | B62: MANT. Y REP. EQUIPO MEDICO SANITARIO Y DE LAB. | K62: =+C62+E62+G62+I62 -> 0 | L62: =+D62+F62+H62+J62 -> 0
A63: 168 | B63: MANTENIMIENTO Y REPARACION DE EQUIPO DE COMPUTO | K63: =+C63+E63+G63+I63 -> 0 | L63: =+D63+F63+H63+J63 -> 0
A64: 169 | B64: MANT. Y REP. DE OTRAS MAQ. Y EQUIPO | K64: =+C64+E64+G64+I64 -> 0 | L64: =+D64+F64+H64+J64 -> 0
A65: 171 | B65: MANT. Y REPARACION DE EDIFICIOS | K65: =+C65+E65+G65+I65 -> 0 | L65: =+D65+F65+H65+J65 -> 0
A66: 174 | B66: MANT. Y REP. DE INSTALACIONES | K66: =+C66+E66+G66+I66 -> 0 | L66: =+D66+F66+H66+J66 -> 0
A67: 182 | B67: SERVICIOS MEDICO-SANITARIOS | K67: =+C67+E67+G67+I67 -> 0 | L67: =+D67+F67+H67+J67 -> 0
A68: 197 | B68: SERVICIOS DE VIGILANCIA | K68: =+C68+E68+G68+I68 -> 0 | L68: =+D68+F68+H68+J68 -> 0
A69: 199 | B69: OTROS SERVICIOS NO PERSONALES | K69: =+C69+E69+G69+I69 -> 0 | L69: =+D69+F69+H69+J69 -> 0
A70: 211 | B70: ALIMENTOS PARA PERSONAS | K70: =+C70+E70+G70+I70 -> 0 | L70: =+D70+F70+H70+J70 -> 0
... A84: 323 | B84: EQUIPO MEDICO SANITARIO Y DE LABORATORIO | K84: =+C84+E84+G84+I84 -> 0 | L84: =+D84+F84+H84+J84 -> 0
B85: TOTAL GASTOS DE FUNCIONAMIENTO | C85: =SUM(C70:C84) -> 0 | D85: =SUM(D70:D84) -> 0 | E85: =SUM(E70:E84) -> 0 | F85: =SUM(F70:F84) -> 0 | G85: =SUM(G70:G84) -> 0 | H85: =SUM(H70:H84) -> 0 | I85: =SUM(I70:I84) -> 0 | J85: =SUM(J70:J84) -> 0 | ... L85: =SUM(L70:L84) -> 0
B86: TOTAL GENERAL | C86: =+C85+C56 -> 0 | D86: =+D85+D56 -> 0 | E86: =+E85+E56 -> 0 | F86: =+F85+F56 -> 0 | G86: =+G85+G56 -> 0 | H86: =+H85+H56 -> 0 | I86: =+I85+I56 -> 0 | J86: =+J85+J56 -> 0 | ... L86: =+L85+L56 -> 0
A89: Programación y ejecucion mensual por tipo de gasto año 2023, Expresado en Quetzales tercer cuatrimestre 2023
A90: No. | B90: CATEGORIA DE GASTO | C90: SEPTIEMBRE | E90: OCTUBRE | G90: NOVIEMBRE | I90: DICIEMBRE | K90: TOTAL CUATRIMESTRE
C91: PRESUPUESTO | D91: REAL | E91: PRESUPUESTO | F91: REAL | G91: PRESUPUESTO | H91: REAL | I91: PRESUPUESTO | J91: REAL | K91: PRESUPUESTO | L91: REAL
A92: 011 | B92: RECURSO HUMANO | K92: =+C92+E92+G92+I92 -> 0 | L92: =+D92+F92+H92+J92 -> 0
B94: GASTOS DE FUNCIONAMIENTO
A95: 111 | B95: ENERGIA ELECTRICA | K95: =+C95+E95+G95+I95 -> 0 | L95: =+D95+F95+H95+J95 -> 0
A96: 113 | B96: TELEFONIA | K96: =+C96+E96+G96+I96 -> 0 | L96: =+D96+F96+H96+J96 -> 0
A97: 122 | B97: IMPRESIÓN, ENCUADERNACION Y REPRODUCCION | K97: =+C97+E97+G97+I97 -> 0 | L97: =+D97+F97+H97+J97 -> 0
A98: 163 | B98: MANT. Y REP. EQUIPO MEDICO SANITARIO Y DE LAB. | K98: =+C98+E98+G98+I98 -> 0 | L98: =+D98+F98+H98+J98 -> 0
A99: 168 | B99: MANTENIMIENTO Y REPARACION DE EQUIPO DE COMPUTO | K99: =+C99+E99+G99+I99 -> 0 | L99: =+D99+F99+H99+J99 -> 0
A100: 169 | B100: MANT. Y REP. DE OTRAS MAQ. Y EQUIPO | K100: =+C100+E100+G100+I100 -> 0 | L100: =+D100+F100+H100+J100 -> 0
A101: 171 | B101: MANT. Y REPARACION DE EDIFICIOS | K101: =+C101+E101+G101+I101 -> 0 | L101: =+D101+F101+H101+J101 -> 0
A102: 174 | B102: MANT. Y REP. DE INSTALACIONES | K102: =+C102+E102+G102+I102 -> 0 | L102: =+D102+F102+H102+J102 -> 0
A103: 182 | B103: SERVICIOS MEDICO-SANITARIOS | K103: =+C103+E103+G103+I103 -> 0 | L103: =+D103+F103+H103+J103 -> 0
A104: 197 | B104: SERVICIOS DE VIGILANCIA | K104: =+C104+E104+G104+I104 -> 0 | L104: =+D104+F104+H104+J104 -> 0
A105: 199 | B105: OTROS SERVICIOS NO PERSONALES | K105: =+C105+E105+G105+I105 -> 0 | L105: =+D105+F105+H105+J105 -> 0
A106: 211 | B106: ALIMENTOS PARA PERSONAS | K106: =+C106+E106+G106+I106 -> 0 | L106: =+D106+F106+H106+J106 -> 0
... A118: 298 | B118: ACCESORIOS Y REPUESTOS EN GENERAL | K118: =+C118+E118+G118+I118 -> 0 | L118: =+D118+F118+H118+J118 -> 0
A119: 299 | B119: OTROS MATERIALES Y SUMINISTROS
A120: 323 | B120: EQUIPO MEDICO SANITARIO Y DE LABORATORIO | K120: =+C120+E120+G120+I120 -> 0 | L120: =+D120+F120+H120+J120 -> 0
B121: TOTAL GASTOS DE FUNCIONAMIENTO | C121: =SUM(C106:C120) -> 0 | D121: =SUM(D106:D120) -> 0 | E121: =SUM(E106:E120) -> 0 | F121: =SUM(F106:F120) -> 0 | G121: =SUM(G106:G120) -> 0 | H121: =SUM(H106:H120) -> 0 | I121: =SUM(I106:I120) -> 0 | J121: =SUM(J106:J120) -> 0 | ... L121: =SUM(L106:L120) -> 0
B122: TOTAL GENERAL | C122: =+C121+C92 -> 0 | D122: =+D121+D92 -> 0 | E122: =+E121+E92 -> 0 | F122: =+F121+F92 -> 0 | G122: =+G121+G92 -> 0 | H122: =+H121+H92 -> 0 | I122: =+I121+I92 -> 0 | J122: =+J121+J92 -> 0 | ... L122: =+L121+L92 -> 0
B129: RESUMEN AÑO 2023
A130: No. | B130: CATEGORIA DE GASTO | C130: TOTAL ANUAL
C131: PRESUPUESTO | D131: REAL
A132: 011 | B132: RECURSO HUMANO | C132: =+K20+K56+K92 -> 10083445 | D132: =+L20+L56+L92 -> 9878866.1
B134: GASTOS DE FUNCIONAMIENTO
A135: 111 | B135: ENERGIA ELECTRICA | C135: =+K23+K59+K95 -> 176000 | D135: =+L23+L59+L95 -> 87425.59
A136: 113 | B136: TELEFONIA | C136: =+K24+K60+K96 -> 23170.12 | D136: =+L24+L60+L96 -> 19966.11
A137: 122 | B137: IMPRESIÓN, ENCUADERNACION Y REPRODUCCION | C137: =+K25+K61+K97 -> 68124.37 | D137: =+L25+L61+L97 -> 440
A138: 163 | B138: MANT. Y REP. EQUIPO MEDICO SANITARIO Y DE LAB. | C138: =+K26+K62+K98 -> 380885 | D138: =+L26+L62+L98 -> 6400.89
A139: 168 | B139: MANTENIMIENTO Y REPARACION DE EQUIPO DE COMPUTO | C139: =+K27+K63+K99 -> 1000 | D139: =+L27+L63+L99 -> 0
A140: 169 | B140: MANT. Y REP. DE OTRAS MAQ. Y EQUIPO | C140: =+K28+K64+K100 -> 10000 | D140: =+L28+L64+L100 -> 0
A141: 171 | B141: MANT. Y REPARACION DE EDIFICIOS | C141: =+K29+K65+K101 -> 18140 | D141: =+L29+L65+L101 -> 0
A142: 174 | B142: MANT. Y REP. DE INSTALACIONES | C142: =+K30+K66+K102 -> 28796.98 | D142: =+L30+L66+L102 -> 11531.32
A143: 182 | B143: SERVICIOS MEDICO-SANITARIOS | C143: =+K31+K67+K103 -> 830058 | D143: =+L31+L67+L103 -> 307930
A144: 197 | B144: SERVICIOS DE VIGILANCIA | C144: =+K32+K68+K104 -> 86400 | D144: =+L32+L68+L104 -> 42000
A145: 199 | B145: OTROS SERVICIOS NO PERSONALES | C145: =+K33+K69+K105 -> 256463.7 | D145: =+L33+L69+L105 -> 77533.6
A146: 211 | B146: ALIMENTOS PARA PERSONAS | C146: =+K34+K70+K106 -> 133112.5 | D146: =+L34+L70+L106 -> 59267.75
... A160: 323 | B160: EQUIPO MEDICO SANITARIO Y DE LABORATORIO | C160: =+K48+K84+K120 -> 0 | D160: =+L48+L84+L120 -> 0
B161: TOTAL GASTOS DE FUNCIONAMIENTO | C161: =SUM(C135:C160) -> 7218823.7 | D161: =SUM(D135:D160) -> 1754419.4
B162: TOTAL GENERAL | C162: =+C161+C132 -> 17302269 | D162: =D161+D132 -> 11633286
B175: Elaborado por: | D175: ______________________________ | G175: Autorizado por: | I175: ___________________________________
D176: P.C. Víctor Cresencio Reyes Porres | I176: Dr. Walter Antonio Mazariegos Samayoa
D177: Jefe de Contabilidad | I177: Director General
B179: Fecha: | D179: 10 de abril 2023

Sheet ABRIL CTE-5
B8: ÀREA FINANCIERA | K8: CTE-5
A10: UNIDAD DE CIRUGIA CARDIOVASCULAR DE GUATEMALA
A11: 5a. AVENIDA 6-22 ZONA 11
A12: dgunicar@yahoo.es Tel. 24163000
A14: Programación y ejecucion mensual por tipo de gasto año 2023, Expresado en Quetzales primer cuatrimestre 2023
A15: No. | B15: CATEGORIA DE GASTO | C15: ENERO | E15: FEBRERO | G15: MARZO | I15: ABRIL | K15: TOTAL CUATRIMESTRE
C16: PRESUPUESTO | D16: REAL | E16: PRESUPUESTO | F16: REAL | G16: PRESUPUESTO | H16: REAL | I16: PRESUPUESTO | J16: REAL | K16: PRESUPUESTO | L16: REAL
B17: RECURSO HUMANO
A18: 011 | B18: SUELOS Y SALARIOS | C18: 3361148.5 | D18: 2939970.1 | E18: 3361148.5 | F18: 2914006.4 | G18: 3361148.5 | H18: 2948436.8 | I18: 3361148.5 | J18: 2929171.3 | K18: =+C18+E18+G18+I18 -> 13444594 | L18: =+D18+F18+H18+J18 -> 11731585
B19: CUOTA PATRONAL | H19: 1076452.8 | J19: 358716.74 | L19: =+D19+F19+H19+J19 -> 1435169.6
B20: TOTAL RECURSO HUMANO | C20: =SUM(C18:C19) -> 3361148.5 | D20: =SUM(D18:D19) -> 2939970.1 | E20: =SUM(E18:E19) -> 3361148.5 | F20: =SUM(F18:F19) -> 2914006.4 | G20: =SUM(G18:G19) -> 3361148.5 | H20: =SUM(H18:H19) -> 4024889.6 | I20: =SUM(I18:I19) -> 3361148.5 | J20: =SUM(J18:J19) -> 3287888 | ... L20: =SUM(L18:L19) -> 13166754
B22: GASTOS DE FUNCIONAMIENTO
A23: 111 | B23: ENERGIA ELECTRICA | C23: 0 | D23: 0 | E23: 88000 | F23: 0 | G23: 88000 | H23: 87425.59 | I23: 88000 | J23: 100265.42 | K23: =+C23+E23+G23+I23 -> 264000 | L23: =+D23+F23+H23+J23 -> 187691.01
A24: 113 | B24: SERVICIO DE INTERNET Y TELEFONIA | C24: 0 | D24: 0 | E24: 11585.06 | F24: 8525.7 | G24: 11585.06 | H24: 11440.41 | I24: 11585.06 | J24: 11412.67 | K24: =+C24+E24+G24+I24 -> 34755.18 | L24: =+D24+F24+H24+J24 -> 31378.78
A25: 122 | B25: IMPRESIÓN, ENCUADERNACION Y REPRODUCCION | C25: 0 | D25: 0 | E25: 68124.37 | F25: 0 | G25: 0 | H25: 440 | I25: 0 | J25: 42472.5 | K25: =+C25+E25+G25+I25 -> 68124.37 | L25: =+D25+F25+H25+J25 -> 42912.5
A26: 163 | B26: MANT. Y REP. EQUIPO MEDICO SANITARIO Y DE LAB. | C26: 50000 | D26: 0 | E26: =16335+50000 -> 66335 | F26: 0 | G26: =214550+50000 -> 264550 | H26: 6400.89 | I26: 50000 | J26: 133312.11 | K26: =+C26+E26+G26+I26 -> 430885 | L26: =+D26+F26+H26+J26 -> 139713
A27: 168 | B27: MANTENIMIENTO Y REPARACION DE EQUIPO DE COMPUTO | C27: 1000 | D27: 0 | E27: 0 | F27: 0 | G27: 0 | H27: 0 | I27: 0 | J27: 0 | K27: =+C27+E27+G27+I27 -> 1000 | L27: =+D27+F27+H27+J27 -> 0
A28: 169 | B28: MANT. Y REP. DE OTRAS MAQ. Y EQUIPO | C28: 10000 | D28: 0 | E28: 0 | F28: 0 | G28: 0 | H28: 0 | I28: 0 | J28: 0 | K28: =+C28+E28+G28+I28 -> 10000 | L28: =+D28+F28+H28+J28 -> 0
A29: 171 | B29: MANT. Y REPARACION DE EDIFICIOS | C29: 10000 | D29: 0 | E29: 0 | F29: 0 | G29: 8140 | H29: 0 | I29: 1320 | J29: 7400 | K29: =+C29+E29+G29+I29 -> 19460 | L29: =+D29+F29+H29+J29 -> 7400
A30: 174 | B30: MANT. Y REP. DE INSTALACIONES | C30: 15765.66 | D30: 0 | E30: 5765.66 | F30: 5765.66 | G30: 7265.66 | H30: 5765.66 | I30: 7265.66 | J30: 5765.66 | K30: =+C30+E30+G30+I30 -> 36062.64 | L30: =+D30+F30+H30+J30 -> 17296.98
A31: 182 | B31: SERVICIOS MEDICO-SANITARIOS | C31: 278286 | D31: 0 | E31: 274686 | F31: 50615 | G31: 277086 | H31: 257315 | I31: 266886 | J31: 288696 | K31: =+C31+E31+G31+I31 -> 1096944 | L31: =+D31+F31+H31+J31 -> 596626
A32: 197 | B32: SERVICIOS DE VIGILANCIA | C32: 0 | D32: 0 | E32: 43200 | F32: 0 | G32: 43200 | H32: 42000 | I32: 43200 | J32: 42000 | K32: =+C32+E32+G32+I32 -> 129600 | L32: =+D32+F32+H32+J32 -> 84000
A33: 199 | B33: OTROS SERVICIOS NO PERSONALES | C33: 60838.7 | D33: 0 | E33: 147087.5 | F33: 8200.8 | G33: 48537.5 | H33: 69332.8 | I33: 48537.5 | J33: 58547.1 | K33: =+C33+E33+G33+I33 -> 305001.2 | L33: =+D33+F33+H33+J33 -> 136080.7
A34: 211 | B34: ALIMENTOS PARA PERSONAS | C34: 37249 | D34: 0 | E34: 47931.75 | F34: 0 | G34: 47931.75 | H34: 59267.75 | I34: 37249 | J34: 51050.5 | K34: =+C34+E34+G34+I34 -> 170361.5 | L34: =+D34+F34+H34+J34 -> 110318.25
A35: 232 | B35: ACABADOS TEXTILES | C35: 0 | D35: 0 | E35: 86640 | F35: 0 | G35: 0 | H35: 0 | I35: 0 | J35: 0 | K35: =+C35+E35+G35+I35 -> 86640 | L35: =+D35+F35+H35+J35 -> 0
A36: 261 | B36: ELEMENTOS Y COMPUESTOS QUIMICOS | C36: 0 | D36: 0 | E36: 1009687.4 | F36: 62510.51 | G36: 0 | H36: 64391.24 | I36: 0 | J36: 162057.62 | K36: =+C36+E36+G36+I36 -> 1009687.4 | L36: =+D36+F36+H36+J36 -> 288959.37
A37: 262 | B37: COMBUSTIBLES Y LUBRICANTES | C37: 8000 | D37: 0 | E37: 0 | F37: 0 | G37: 0 | H37: 0 | I37: 0 | J37: 0 | K37: =+C37+E37+G37+I37 -> 8000 | L37: =+D37+F37+H37+J37 -> 0
A38: 266 | B38: PRODUCTOS MEDICINALES Y FARMACEUTICOS | C38: 0 | D38: 0 | E38: 619212.26 | F38: 0 | G38: 0 | H38: 186614 | I38: 0 | J38: 131300 | K38: =+C38+E38+G38+I38 -> 619212.26 | L38: =+D38+F38+H38+J38 -> 317914
... A45: 297 | B45: UTILES, ACCESORIOS Y MATERIALES ELECTRICOS | C45: 10000 | D45: 0 | E45: 8945.44 | F45: 0 | G45: 0 | H45: 0 | I45: 0 | J45: 16586.2 | K45: =+C45+E45+G45+I45 -> 18945.44 | L45: =+D45+F45+H45+J45 -> 16586.2
A46: 298 | B46: ACCESORIOS Y REPUESTOS EN GENERAL | C46: 33333.33 | D46: 0 | E46: =33333.33+9801.67 -> 43135 | F46: 0 | G46: 33333.33 | H46: 12500 | I46: 33333.33 | J46: 73419.55 | K46: =+C46+E46+G46+I46 -> 143134.99 | L46: =+D46+F46+H46+J46 -> 85919.55
A47: 299 | B47: OTROS MATERIALES Y SUMINISTROS | C47: 19097.08 | D47: 0 | E47: 19097.08 | F47: 0 | G47: 19097.08 | H47: 0 | I47: 19097.08 | J47: 11561.43 | K47: =+C47+E47+G47+I47 -> 76388.32 | L47: =+D47+F47+H47+J47 -> 11561.43
A48: 323 | B48: EQUIPO MEDICO-SANITARIO Y DE LABORATORIO | C48: 0 | D48: 0 | E48: 0 | F48: 0 | G48: 0 | H48: 0 | I48: 0 | J48: 0 | K48: =+C48+E48+G48+I48 -> 0 | L48: =+D48+F48+H48+J48 -> 0
B49: TOTAL GASTOS DE FUNCIONAMIENTO | C49: =SUM(C23:C48) -> 552569.77 | D49: =SUM(D23:D48) -> 0 | E49: =SUM(E23:E48) -> 5817527.5 | F49: =SUM(F23:F48) -> 135617.67 | G49: =SUM(G23:G48) -> 848726.38 | H49: =SUM(H23:H48) -> 1618801.8 | I49: =SUM(I23:I48) -> 606473.63 | J49: =SUM(J23:J48) -> 1614363.4 | ... L49: =SUM(L23:L48) -> 3368782.8
B50: TOTAL GENERAL | C50: =+C49+C20 -> 3913718.2 | D50: =+D49+D20 -> 2939970.1 | E50: =+E49+E20 -> 9178676 | F50: =+F49+F20 -> 3049624.1 | G50: =+G49+G20 -> 4209874.8 | H50: =+H49+H20 -> 5643691.3 | I50: =+I49+I20 -> 3967622.1 | J50: =+J49+J20 -> 4902251.4 | ... L50: =+L49+L20 -> 16535537
A53: Programación y ejecucion mensual por tipo de gasto año 2023, Expresado en Quetzales segundo cuatrimestre 2023
A54: No. | B54: CATEGORIA DE GASTO | C54: MAYO | E54: JUNIO | G54: JULIO | I54: AGOSTO | K54: TOTAL CUATRIMESTRE
C55: PRESUPUESTO | D55: REAL | E55: PRESUPUESTO | F55: REAL | G55: PRESUPUESTO | H55: REAL | I55: PRESUPUESTO | J55: REAL | K55: PRESUPUESTO | L55: REAL
A56: 011 | B56: RECURSO HUMANO | K56: =+C56+E56+G56+I56 -> 0 | L56: =+D56+F56+H56+J56 -> 0
B58: GASTOS DE FUNCIONAMIENTO
A59: 111 | B59: ENERGIA ELECTRICA | K59: =+C59+E59+G59+I59 -> 0 | L59: =+D59+F59+H59+J59 -> 0
A60: 113 | B60: TELEFONIA | K60: =+C60+E60+G60+I60 -> 0 | L60: =+D60+F60+H60+J60 -> 0
A61: 122 | B61: IMPRESIÓN, ENCUADERNACION Y REPRODUCCION | K61: =+C61+E61+G61+I61 -> 0 | L61: =+D61+F61+H61+J61 -> 0
A62: 163 | B62: MANT. Y REP. EQUIPO MEDICO SANITARIO Y DE LAB. | K62: =+C62+E62+G62+I62 -> 0 | L62: =+D62+F62+H62+J62 -> 0
A63: 168 | B63: MANTENIMIENTO Y REPARACION DE EQUIPO DE COMPUTO | K63: =+C63+E63+G63+I63 -> 0 | L63: =+D63+F63+H63+J63 -> 0
A64: 169 | B64: MANT. Y REP. DE OTRAS MAQ. Y EQUIPO | K64: =+C64+E64+G64+I64 -> 0 | L64: =+D64+F64+H64+J64 -> 0
A65: 171 | B65: MANT. Y REPARACION DE EDIFICIOS | K65: =+C65+E65+G65+I65 -> 0 | L65: =+D65+F65+H65+J65 -> 0
A66: 174 | B66: MANT. Y REP. DE INSTALACIONES | K66: =+C66+E66+G66+I66 -> 0 | L66: =+D66+F66+H66+J66 -> 0
A67: 182 | B67: SERVICIOS MEDICO-SANITARIOS | K67: =+C67+E67+G67+I67 -> 0 | L67: =+D67+F67+H67+J67 -> 0
A68: 197 | B68: SERVICIOS DE VIGILANCIA | K68: =+C68+E68+G68+I68 -> 0 | L68: =+D68+F68+H68+J68 -> 0
A69: 199 | B69: OTROS SERVICIOS NO PERSONALES | K69: =+C69+E69+G69+I69 -> 0 | L69: =+D69+F69+H69+J69 -> 0
A70: 211 | B70: ALIMENTOS PARA PERSONAS | K70: =+C70+E70+G70+I70 -> 0 | L70: =+D70+F70+H70+J70 -> 0
... A84: 323 | B84: EQUIPO MEDICO SANITARIO Y DE LABORATORIO | K84: =+C84+E84+G84+I84 -> 0 | L84: =+D84+F84+H84+J84 -> 0
B85: TOTAL GASTOS DE FUNCIONAMIENTO | C85: =SUM(C70:C84) -> 0 | D85: =SUM(D70:D84) -> 0 | E85: =SUM(E70:E84) -> 0 | F85: =SUM(F70:F84) -> 0 | G85: =SUM(G70:G84) -> 0 | H85: =SUM(H70:H84) -> 0 | I85: =SUM(I70:I84) -> 0 | J85: =SUM(J70:J84) -> 0 | ... L85: =SUM(L70:L84) -> 0
B86: TOTAL GENERAL | C86: =+C85+C56 -> 0 | D86: =+D85+D56 -> 0 | E86: =+E85+E56 -> 0 | F86: =+F85+F56 -> 0 | G86: =+G85+G56 -> 0 | H86: =+H85+H56 -> 0 | I86: =+I85+I56 -> 0 | J86: =+J85+J56 -> 0 | ... L86: =+L85+L56 -> 0
A89: Programación y ejecucion mensual por tipo de gasto año 2023, Expresado en Quetzales tercer cuatrimestre 2023
A90: No. | B90: CATEGORIA DE GASTO | C90: SEPTIEMBRE | E90: OCTUBRE | G90: NOVIEMBRE | I90: DICIEMBRE | K90: TOTAL CUATRIMESTRE
C91: PRESUPUESTO | D91: REAL | E91: PRESUPUESTO | F91: REAL | G91: PRESUPUESTO | H91: REAL | I91: PRESUPUESTO | J91: REAL | K91: PRESUPUESTO | L91: REAL
A92: 011 | B92: RECURSO HUMANO | K92: =+C92+E92+G92+I92 -> 0 | L92: =+D92+F92+H92+J92 -> 0
B94: GASTOS DE FUNCIONAMIENTO
A95: 111 | B95: ENERGIA ELECTRICA | K95: =+C95+E95+G95+I95 -> 0 | L95: =+D95+F95+H95+J95 -> 0
A96: 113 | B96: TELEFONIA | K96: =+C96+E96+G96+I96 -> 0 | L96: =+D96+F96+H96+J96 -> 0
A97: 122 | B97: IMPRESIÓN, ENCUADERNACION Y REPRODUCCION | K97: =+C97+E97+G97+I97 -> 0 | L97: =+D97+F97+H97+J97 -> 0
A98: 163 | B98: MANT. Y REP. EQUIPO MEDICO SANITARIO Y DE LAB. | K98: =+C98+E98+G98+I98 -> 0 | L98: =+D98+F98+H98+J98 -> 0
A99: 168 | B99: MANTENIMIENTO Y REPARACION DE EQUIPO DE COMPUTO | K99: =+C99+E99+G99+I99 -> 0 | L99: =+D99+F99+H99+J99 -> 0
A100: 169 | B100: MANT. Y REP. DE OTRAS MAQ. Y EQUIPO | K100: =+C100+E100+G100+I100 -> 0 | L100: =+D100+F100+H100+J100 -> 0
A101: 171 | B101: MANT. Y REPARACION DE EDIFICIOS | K101: =+C101+E101+G101+I101 -> 0 | L101: =+D101+F101+H101+J101 -> 0
A102: 174 | B102: MANT. Y REP. DE INSTALACIONES | K102: =+C102+E102+G102+I102 -> 0 | L102: =+D102+F102+H102+J102 -> 0
A103: 182 | B103: SERVICIOS MEDICO-SANITARIOS | K103: =+C103+E103+G103+I103 -> 0 | L103: =+D103+F103+H103+J103 -> 0
A104: 197 | B104: SERVICIOS DE VIGILANCIA | K104: =+C104+E104+G104+I104 -> 0 | L104: =+D104+F104+H104+J104 -> 0
A105: 199 | B105: OTROS SERVICIOS NO PERSONALES | K105: =+C105+E105+G105+I105 -> 0 | L105: =+D105+F105+H105+J105 -> 0
A106: 211 | B106: ALIMENTOS PARA PERSONAS | K106: =+C106+E106+G106+I106 -> 0 | L106: =+D106+F106+H106+J106 -> 0
... A118: 298 | B118: ACCESORIOS Y REPUESTOS EN GENERAL | K118: =+C118+E118+G118+I118 -> 0 | L118: =+D118+F118+H118+J118 -> 0
A119: 299 | B119: OTROS MATERIALES Y SUMINISTROS
A120: 323 | B120: EQUIPO MEDICO SANITARIO Y DE LABORATORIO | K120: =+C120+E120+G120+I120 -> 0 | L120: =+D120+F120+H120+J120 -> 0
B121: TOTAL GASTOS DE FUNCIONAMIENTO | C121: =SUM(C106:C120) -> 0 | D121: =SUM(D106:D120) -> 0 | E121: =SUM(E106:E120) -> 0 | F121: =SUM(F106:F120) -> 0 | G121: =SUM(G106:G120) -> 0 | H121: =SUM(H106:H120) -> 0 | I121: =SUM(I106:I120) -> 0 | J121: =SUM(J106:J120) -> 0 | ... L121: =SUM(L106:L120) -> 0
B122: TOTAL GENERAL | C122: =+C121+C92 -> 0 | D122: =+D121+D92 -> 0 | E122: =+E121+E92 -> 0 | F122: =+F121+F92 -> 0 | G122: =+G121+G92 -> 0 | H122: =+H121+H92 -> 0 | I122: =+I121+I92 -> 0 | J122: =+J121+J92 -> 0 | ... L122: =+L121+L92 -> 0
B129: RESUMEN AÑO 2023
A130: No. | B130: CATEGORIA DE GASTO | C130: TOTAL ANUAL
C131: PRESUPUESTO | D131: REAL
A132: 011 | B132: RECURSO HUMANO | C132: =+K20+K56+K92 -> 13444594 | D132: =+L20+L56+L92 -> 13166754
B134: GASTOS DE FUNCIONAMIENTO
A135: 111 | B135: ENERGIA ELECTRICA | C135: =+K23+K59+K95 -> 264000 | D135: =+L23+L59+L95 -> 187691.01
A136: 113 | B136: TELEFONIA | C136: =+K24+K60+K96 -> 34755.18 | D136: =+L24+L60+L96 -> 31378.78
A137: 122 | B137: IMPRESIÓN, ENCUADERNACION Y REPRODUCCION | C137: =+K25+K61+K97 -> 68124.37 | D137: =+L25+L61+L97 -> 42912.5
A138: 163 | B138: MANT. Y REP. EQUIPO MEDICO SANITARIO Y DE LAB. | C138: =+K26+K62+K98 -> 430885 | D138: =+L26+L62+L98 -> 139713
A139: 168 | B139: MANTENIMIENTO Y REPARACION DE EQUIPO DE COMPUTO | C139: =+K27+K63+K99 -> 1000 | D139: =+L27+L63+L99 -> 0
A140: 169 | B140: MANT. Y REP. DE OTRAS MAQ. Y EQUIPO | C140: =+K28+K64+K100 -> 10000 | D140: =+L28+L64+L100 -> 0
A141: 171 | B141: MANT. Y REPARACION DE EDIFICIOS | C141: =+K29+K65+K101 -> 19460 | D141: =+L29+L65+L101 -> 7400
A142: 174 | B142: MANT. Y REP. DE INSTALACIONES | C142: =+K30+K66+K102 -> 36062.64 | D142: =+L30+L66+L102 -> 17296.98
A143: 182 | B143: SERVICIOS MEDICO-SANITARIOS | C143: =+K31+K67+K103 -> 1096944 | D143: =+L31+L67+L103 -> 596626
A144: 197 | B144: SERVICIOS DE VIGILANCIA | C144: =+K32+K68+K104 -> 129600 | D144: =+L32+L68+L104 -> 84000
A145: 199 | B145: OTROS SERVICIOS NO PERSONALES | C145: =+K33+K69+K105 -> 305001.2 | D145: =+L33+L69+L105 -> 136080.7
A146: 211 | B146: ALIMENTOS PARA PERSONAS | C146: =+K34+K70+K106 -> 170361.5 | D146: =+L34+L70+L106 -> 110318.25
... A160: 323 | B160: EQUIPO MEDICO SANITARIO Y DE LABORATORIO | C160: =+K48+K84+K120 -> 0 | D160: =+L48+L84+L120 -> 0
B161: TOTAL GASTOS DE FUNCIONAMIENTO | C161: =SUM(C135:C160) -> 7825297.3 | D161: =SUM(D135:D160) -> 3368782.8
B162: TOTAL GENERAL | C162: =+C161+C132 -> 21269891 | D162: =D161+D132 -> 16535537
B175: Elaborado por: | D175: ______________________________ | G175: Autorizado por: | I175: ___________________________________
D176: P.C. Víctor Cresencio Reyes Porres | I176: Dr. Walter Antonio Mazariegos Samayoa
D177: Jefe de Contabilidad | I177: Director General
B179: Fecha: | D179: 10 de mayo 2023

Sheet ENERO ANEXO A CTE-5
B8: ÀREA FINANCIERA | I8: ANEXO DE CTE-5
A10: UNIDAD DE CIRUGIA CARDIOVASCULAR DE GUATEMALA
A11: 5a. AVENIDA 6-22 ZONA 11
A12: dgunicar@yahoo.es Tel. 24163000
A14: Programación mensual por tipo de gasto año 2018, Expresado en Quetzales primer cuatrimestre 2018
A15: No. | B15: CATEGORIA DE GASTO | C15: ENERO | E15: FEBRERO | G15: MARZO | I15: ABRIL
C16: PRESUPUESTO | D16: REAL | E16: PRESUPUESTO | F16: REAL | G16: PRESUPUESTO | H16: REAL | I16: PRESUPUESTO | J16: REAL
B17: RECURSO HUMANO | C17: 1764858.4 | D17: 1492317.4 | E17: 1764858.4 | F17: 1792563.6 | G17: 1764858.4 | H17: 1578007.9 | I17: 1764858.4 | J17: 1803793.6
B19: GASTOS DE FUNCIONAMIENTO | C19: =+C27+C43 -> 2818474.9 | D19: =+D27+D43 -> 0 | E19: =+E27+E43 -> 2818474.9 | F19: =+F27+F43 -> 67111.02 | G19: =+G27+G43 -> 2818474.9 | H19: =+H27+H43 -> 58543.64 | I19: =+I27+I43 -> 2818474.9 | J19: =+J27+J43 -> 3743927.3
B20: ENERGIA ELECTRICA | C20: 62500 | E20: 62500 | F20: 56112.02 | G20: 62500 | I20: 62500 | J20: 68083.01
B21: TELEFONIA | C21: 7500 | E21: 7500 | F21: 10999 | G21: 7500 | H21: 11011 | I21: 7500 | J21: 10992
B22: IMPRESIÓN, ENCUADERNACION Y REPRODUCCION | C22: 8133.97 | E22: 8133.97 | G22: 8133.97 | I22: 8133.97 | J22: 4358
B23: MANT. Y REP. EQUIPO MEDICO SANITARIO Y DE LAB. | C23: 33333.33 | E23: 33333.33 | G23: 33333.33 | I23: 33333.33 | J23: 45020
B24: SERVICIOS MEDICO-SANITARIOS | C24: 165141.75 | E24: 165141.75 | G24: 165141.75 | H24: 1000 | I24: 165141.75 | J24: 26842.86
B25: SERVICIOS DE VIGILANCIA | C25: 40000 | E25: 40000 | G25: 40000 | I25: 40000 | J25: 76240
B26: OTROS SERVICIOS NO PERSONALES | C26: 26305.03 | E26: 26305.03 | G26: 26305.03 | H26: 46532.64 | I26: 26305.03 | J26: 55063.68
B27: SUMA GASTOS GENERALES | C27: =SUM(C20:C26) -> 342914.08 | D27: =SUM(D20:D26) -> 0 | E27: =SUM(E20:E26) -> 342914.08 | F27: =SUM(F20:F26) -> 67111.02 | G27: =SUM(G20:G26) -> 342914.08 | H27: =SUM(H20:H26) -> 58543.64 | I27: =SUM(I20:I26) -> 342914.08 | J27: =SUM(J20:J26) -> 286599.55
B28: MATERIALES Y SUMINISTROS
B29: ALIMENTOS PARA PERSONAS | C29: 60936.45 | E29: 60936.45 | G29: 60936.45 | I29: 60936.45 | J29: 202940.25
B30: ACABADOS TEXTILES | C30: 600 | E30: 600 | G30: 600 | I30: 600
B31: PRODUCTOS DE PAPEL O CARTON | C31: 945.42 | E31: 945.42 | G31: 945.42 | I31: 945.42
B32: ELEMENTOS Y COMPUESTOS QUIMICOS | C32: 169652.57 | E32: 169652.57 | G32: 169652.57 | I32: 169652.57 | J32: 178282.05
B33: COMBUSTIBLES Y LUBRICANTES | C33: 912 | E33: 912 | G33: 912 | I33: 912
B34: PRODUCTOS MEDICINALES Y FARMACEUTICOS | C34: 427229.65 | E34: 427229.65 | G34: 427229.65 | I34: 427229.65 | J34: 1425199.8
B35: TINTES, PINTURAS Y COLORANTES | C35: 100 | E35: 100 | G35: 100 | I35: 100
B36: PRODUCTOS PLASTICOS, NYLON, VINIL Y PVC | C36: 13579.7 | E36: 13579.7 | G36: 13579.7 | I36: 13579.7 | J36: 75162.24
B37: OTROS PRODUCTOS METALICOS | C37: 310 | E37: 310 | G37: 310 | I37: 310
B38: UTILES DE LIMPIEZA Y PRODUCTOS SANITARIOS | C38: 10809.43 | E38: 10809.43 | G38: 10809.43 | I38: 10809.43 | J38: 14528.6
B39: UTILES MENORES MEDICO QUIRURGICOS Y DE LAB. | C39: 1780006.3 | E39: 1780006.3 | G39: 1780006.3 | I39: 1780006.3 | J39: 1545914.8
B40: UTILES, ACCESORIOS Y MATERIALES ELECTRICOS | C40: 2208.7 | E40: 2208.7 | G40: 2208.7 | I40: 2208.7 | J40: 15300
B41: ACCESORIOS Y REPUESTOS EN GENERAL | C41: 8105.1 | E41: 8105.1 | G41: 8105.1 | I41: 8105.1
B42: OTROS MATERIALES Y SUMINISTROS | C42: 165.5 | E42: 165.5 | G42: 165.5 | I42: 165.5
B43: TOTAL MATERIALES Y SUMINISTROS | C43: =SUM(C29:C42) -> 2475560.8 | D43: =SUM(D29:D42) -> 0 | E43: =SUM(E29:E42) -> 2475560.8 | F43: =SUM(F29:F42) -> 0 | G43: =SUM(G29:G42) -> 2475560.8 | H43: =SUM(H29:H42) -> 0 | I43: =SUM(I29:I42) -> 2475560.8 | J43: =SUM(J29:J42) -> 3457327.8
A46: Programación mensual por tipo de gasto año 2016, Expresado en Quetzales
A47: No. | B47: Categoría de Gasto | C47: Julio | E47: Agosto | G47: Septiembre
B48: Recurso Humano | C48: Pto. | D48: Real | E48: Pto. | F48: Real | G48: Pto. | H48: Real
B51: Gastos de Funcionamiento
B52: detallar cada gasto cargado
A60: TOTALES
A73: Programación mensual por tipo de gasto año 2018, Expresado en Quetzales segundo cuatrimestre 2018
A74: No. | B74: CATEGORIA DE GASTO | C74: MAYO | E74: JUNIO | G74: JULIO | I74: AGOSTO
C75: PRESUPUESTO | D75: REAL | E75: PRESUPUESTO | F75: REAL | G75: PRESUPUESTO | H75: REAL | I75: PRESUPUESTO | J75: REAL
B76: RECURSO HUMANO | C76: 1764858.4 | D76: 2281196.2 | E76: 1764858.4 | F76: 1896496.9
B78: GASTOS DE FUNCIONAMIENTO | C78: =+C86+C102 -> 2818474.9 | D78: =+D86+D102 -> 3820610.3 | E78: =+E86+E102 -> 2818474.9 | F78: =+F86+F102 -> 2361172.2 | G78: =+G86+G102 -> 0 | H78: =+H86+H102 -> 0 | I78: =+I86+I102 -> 0 | J78: =+J86+J102 -> 0
B79: ENERGIA ELECTRICA | C79: 62500 | D79: 138609.61 | E79: 62500
B80: TELEFONIA | C80: 7500 | D80: 9818.25 | E80: 7500 | F80: 9560.36
B81: IMPRESIÓN, ENCUADERNACION Y REPRODUCCION | C81: 8133.97 | E81: 8133.97 | F81: 39787
B82: MANT. Y REP. EQUIPO MEDICO SANITARIO Y DE LAB. | C82: 33333.33 | D82: 19161.8 | E82: 33333.33
B83: SERVICIOS MEDICO-SANITARIOS | C83: 165141.75 | D83: 4057.14 | E83: 165141.75 | F83: 184282.78
B84: SERVICIOS DE VIGILANCIA | C84: 40000 | D84: 38120 | E84: 40000 | F84: 38120
B85: OTROS SERVICIOS NO PERSONALES | C85: 26305.03 | D85: 48548.64 | E85: 26305.03 | F85: 44604
B86: SUMA GASTOS GENERALES | C86: =SUM(C79:C85) -> 342914.08 | D86: =SUM(D79:D85) -> 258315.44 | E86: =SUM(E79:E85) -> 342914.08 | F86: =SUM(F79:F85) -> 316354.14 | G86: =SUM(G79:G85) -> 0 | H86: =SUM(H79:H85) -> 0 | I86: =SUM(I79:I85) -> 0 | J86: =SUM(J79:J85) -> 0
B87: MATERIALES Y SUMINISTROS
B88: ALIMENTOS PARA PERSONAS | C88: 60936.45 | D88: 1023 | E88: 60936.45 | F88: 58023.7
B89: ACABADOS TEXTILES | C89: 600 | E89: 600
B90: PRODUCTOS DE PAPEL O CARTON | C90: 945.42 | E90: 945.42
B91: ELEMENTOS Y COMPUESTOS QUIMICOS | C91: 169652.57 | D91: 181188.84 | E91: 169652.57 | F91: 66957.58
B92: COMBUSTIBLES Y LUBRICANTES | C92: 912 | E92: 912
B93: PRODUCTOS MEDICINALES Y FARMACEUTICOS | C93: 427229.65 | D93: 535053.33 | E93: 427229.65 | F93: 261536.69
B94: TINTES, PINTURAS Y COLORANTES | C94: 100 | E94: 100
B95: PRODUCTOS PLASTICOS, NYLON, VINIL Y PVC | C95: 13579.7 | D95: 6224.76 | E95: 13579.7 | F95: 6630
B96: OTROS PRODUCTOS METALICOS | C96: 310 | D96: 3610 | E96: 310
B97: UTILES DE LIMPIEZA Y PRODUCTOS SANITARIOS | C97: 10809.43 | D97: 39404.76 | E97: 10809.43 | F97: 23463
B98: UTILES MENORES MEDICO QUIRURGICOS Y DE LAB. | C98: 1780006.3 | D98: 2752150.2 | E98: 1780006.3 | F98: 1617110.1
B99: UTILES, ACCESORIOS Y MATERIALES ELECTRICOS | C99: 2208.7 | E99: 2208.7 | F99: 11097
B100: ACCESORIOS Y REPUESTOS EN GENERAL | C100: 8105.1 | D100: 43640 | E100: 8105.1
B101: OTROS MATERIALES Y SUMINISTROS | C101: 165.5 | E101: 165.5
B102: TOTAL MATERIALES Y SUMINISTROS | C102: =SUM(C88:C101) -> 2475560.8 | D102: =SUM(D88:D101) -> 3562294.9 | E102: =SUM(E88:E101) -> 2475560.8 | F102: =SUM(F88:F101) -> 2044818 | G102: =SUM(G88:G101) -> 0 | H102: =SUM(H88:H101) -> 0 | I102: =SUM(I88:I101) -> 0 | J102: =SUM(J88:J101) -> 0
A123: Programación mensual por tipo de gasto año 2017, Expresado en Quetzales tercer cuatrimestre 2018
A124: No. | B124: CATEGORIA DE GASTO | C124: SEPTIEMBRE | E124: OCTUBRE | G124: NOVIEMBRE | I124: DICIEMBRE
C125: PRESUPUESTO | D125: REAL | E125: PRESUPUESTO | F125: REAL | G125: PRESUPUESTO | H125: REAL | I125: PRESUPUESTO | J125: REAL
B126: RECURSO HUMANO
B128: GASTOS DE FUNCIONAMIENTO | C128: =+C136+C152 -> 0 | D128: =+D136+D152 -> 0 | E128: =+E136+E152 -> 0 | F128: =+F136+F152 -> 0 | G128: =+G136+G152 -> 0 | H128: =+H136+H152 -> 0 | I128: =+I136+I152 -> 0 | J128: =+J136+J152 -> 0
B129: ENERGIA ELECTRICA
B130: TELEFONIA
B131: IMPRESIÓN, ENCUADERNACION Y REPRODUCCION
B132: MANT. Y REP. EQUIPO MEDICO SANITARIO Y DE LAB.
B133: SERVICIOS MEDICO-SANITARIOS
B134: SERVICIOS DE VIGILANCIA
B135: OTROS SERVICIOS NO PERSONALES
B136: SUMA GASTOS GENERALES | C136: =SUM(C129:C135) -> 0 | D136: =SUM(D129:D135) -> 0 | E136: =SUM(E129:E135) -> 0 | F136: =SUM(F129:F135) -> 0 | G136: =SUM(G129:G135) -> 0 | H136: =SUM(H129:H135) -> 0 | I136: =SUM(I129:I135) -> 0 | J136: =SUM(J129:J135) -> 0
B137: MATERIALES Y SUMINISTROS
B138: ALIMENTOS PARA PERSONAS
B139: AVABADOS TEXTILES
B140: PRODUCTOS DE PAPEL O CARTON
B141: ELEMENTOS Y COMPUESTOS QUIMICOS
B142: COMBUSTIBLES Y LUBRICANTES
B143: PRODUCTOS MEDICINALES Y FARMACEUTICOS
B144: TINTES, PINTURAS Y COLORANTES
B145: PRODUCTOS PLASTICOS, NYLON, VINIL Y PVC
B146: OTROS PRODUCTOS METALICOS
B147: UTILES DE LIMPIEZA Y PRODUCTOS SANITARIOS
B148: UTILES MENORES MEDICO QUIRURGICOS Y DE LAB.
... B151: OTROS MATERIALES Y SUMINISTROS
B152: TOTAL MATERIALES Y SUMINISTROS | C152: =SUM(C138:C151) -> 0 | D152: =SUM(D138:D151) -> 0 | E152: =SUM(E138:E151) -> 0 | F152: =SUM(F138:F151) -> 0 | G152: =SUM(G138:G151) -> 0 | H152: =SUM(H138:H151) -> 0 | I152: =SUM(I138:I151) -> 0 | J152: =SUM(J138:J151) -> 0
C177: PROGRAMACION POR TIPO DE GASTO AÑO 2022
C178: RESUMEN AL 31 DE ENERO 2023
C179: No. | D179: CATEGORIA DE GASTO | E179: TOTAL ANUAL
E180: PRESUPUESTO | F180: COMPROMETIDO
C181: 011 | D181: RECURSO HUMANO | E181: =+'ENERO CTE-5'!C165 -> 3361148.5 | F181: =+'ENERO CTE-5'!D165 -> 2939970.1
...

Sheet FEBRERO ANEXO A CTE-5
B8: ÀREA FINANCIERA | I8: ANEXO DE CTE-5
A10: UNIDAD DE CIRUGIA CARDIOVASCULAR DE GUATEMALA
A11: 5a. AVENIDA 6-22 ZONA 11
A12: dgunicar@yahoo.es Tel. 24163000
A14: Programación mensual por tipo de gasto año 2018, Expresado en Quetzales primer cuatrimestre 2018
A15: No. | B15: CATEGORIA DE GASTO | C15: ENERO | E15: FEBRERO | G15: MARZO | I15: ABRIL
C16: PRESUPUESTO | D16: REAL | E16: PRESUPUESTO | F16: REAL | G16: PRESUPUESTO | H16: REAL | I16: PRESUPUESTO | J16: REAL
B17: RECURSO HUMANO | C17: 1764858.4 | D17: 1492317.4 | E17: 1764858.4 | F17: 1792563.6 | G17: 1764858.4 | H17: 1578007.9 | I17: 1764858.4 | J17: 1803793.6
B19: GASTOS DE FUNCIONAMIENTO | C19: =+C27+C43 -> 2818474.9 | D19: =+D27+D43 -> 0 | E19: =+E27+E43 -> 2818474.9 | F19: =+F27+F43 -> 67111.02 | G19: =+G27+G43 -> 2818474.9 | H19: =+H27+H43 -> 58543.64 | I19: =+I27+I43 -> 2818474.9 | J19: =+J27+J43 -> 3743927.3
B20: ENERGIA ELECTRICA | C20: 62500 | E20: 62500 | F20: 56112.02 | G20: 62500 | I20: 62500 | J20: 68083.01
B21: TELEFONIA | C21: 7500 | E21: 7500 | F21: 10999 | G21: 7500 | H21: 11011 | I21: 7500 | J21: 10992
B22: IMPRESIÓN, ENCUADERNACION Y REPRODUCCION | C22: 8133.97 | E22: 8133.97 | G22: 8133.97 | I22: 8133.97 | J22: 4358
B23: MANT. Y REP. EQUIPO MEDICO SANITARIO Y DE LAB. | C23: 33333.33 | E23: 33333.33 | G23: 33333.33 | I23: 33333.33 | J23: 45020
B24: SERVICIOS MEDICO-SANITARIOS | C24: 165141.75 | E24: 165141.75 | G24: 165141.75 | H24: 1000 | I24: 165141.75 | J24: 26842.86
B25: SERVICIOS DE VIGILANCIA | C25: 40000 | E25: 40000 | G25: 40000 | I25: 40000 | J25: 76240
B26: OTROS SERVICIOS NO PERSONALES | C26: 26305.03 | E26: 26305.03 | G26: 26305.03 | H26: 46532.64 | I26: 26305.03 | J26: 55063.68
B27: SUMA GASTOS GENERALES | C27: =SUM(C20:C26) -> 342914.08 | D27: =SUM(D20:D26) -> 0 | E27: =SUM(E20:E26) -> 342914.08 | F27: =SUM(F20:F26) -> 67111.02 | G27: =SUM(G20:G26) -> 342914.08 | H27: =SUM(H20:H26) -> 58543.64 | I27: =SUM(I20:I26) -> 342914.08 | J27: =SUM(J20:J26) -> 286599.55
B28: MATERIALES Y SUMINISTROS
B29: ALIMENTOS PARA PERSONAS | C29: 60936.45 | E29: 60936.45 | G29: 60936.45 | I29: 60936.45 | J29: 202940.25
B30: ACABADOS TEXTILES | C30: 600 | E30: 600 | G30: 600 | I30: 600
B31: PRODUCTOS DE PAPEL O CARTON | C31: 945.42 | E31: 945.42 | G31: 945.42 | I31: 945.42
B32: ELEMENTOS Y COMPUESTOS QUIMICOS | C32: 169652.57 | E32: 169652.57 | G32: 169652.57 | I32: 169652.57 | J32: 178282.05
B33: COMBUSTIBLES Y LUBRICANTES | C33: 912 | E33: 912 | G33: 912 | I33: 912
B34: PRODUCTOS MEDICINALES Y FARMACEUTICOS | C34: 427229.65 | E34: 427229.65 | G34: 427229.65 | I34: 427229.65 | J34: 1425199.8
B35: TINTES, PINTURAS Y COLORANTES | C35: 100 | E35: 100 | G35: 100 | I35: 100
B36: PRODUCTOS PLASTICOS, NYLON, VINIL Y PVC | C36: 13579.7 | E36: 13579.7 | G36: 13579.7 | I36: 13579.7 | J36: 75162.24
B37: OTROS PRODUCTOS METALICOS | C37: 310 | E37: 310 | G37: 310 | I37: 310
B38: UTILES DE LIMPIEZA Y PRODUCTOS SANITARIOS | C38: 10809.43 | E38: 10809.43 | G38: 10809.43 | I38: 10809.43 | J38: 14528.6
B39: UTILES MENORES MEDICO QUIRURGICOS Y DE LAB. | C39: 1780006.3 | E39: 1780006.3 | G39: 1780006.3 | I39: 1780006.3 | J39: 1545914.8
B40: UTILES, ACCESORIOS Y MATERIALES ELECTRICOS | C40: 2208.7 | E40: 2208.7 | G40: 2208.7 | I40: 2208.7 | J40: 15300
B41: ACCESORIOS Y REPUESTOS EN GENERAL | C41: 8105.1 | E41: 8105.1 | G41: 8105.1 | I41: 8105.1
B42: OTROS MATERIALES Y SUMINISTROS | C42: 165.5 | E42: 165.5 | G42: 165.5 | I42: 165.5
B43: TOTAL MATERIALES Y SUMINISTROS | C43: =SUM(C29:C42) -> 2475560.8 | D43: =SUM(D29:D42) -> 0 | E43: =SUM(E29:E42) -> 2475560.8 | F43: =SUM(F29:F42) -> 0 | G43: =SUM(G29:G42) -> 2475560.8 | H43: =SUM(H29:H42) -> 0 | I43: =SUM(I29:I42) -> 2475560.8 | J43: =SUM(J29:J42) -> 3457327.8
A46: Programación mensual por tipo de gasto año 2016, Expresado en Quetzales
A47: No. | B47: Categoría de Gasto | C47: Julio | E47: Agosto | G47: Septiembre
B48: Recurso Humano | C48: Pto. | D48: Real | E48: Pto. | F48: Real | G48: Pto. | H48: Real
B51: Gastos de Funcionamiento
B52: detallar cada gasto cargado
A60: TOTALES
A73: Programación mensual por tipo de gasto año 2018, Expresado en Quetzales segundo cuatrimestre 2018
A74: No. | B74: CATEGORIA DE GASTO | C74: MAYO | E74: JUNIO | G74: JULIO | I74: AGOSTO
C75: PRESUPUESTO | D75: REAL | E75: PRESUPUESTO | F75: REAL | G75: PRESUPUESTO | H75: REAL | I75: PRESUPUESTO | J75: REAL
B76: RECURSO HUMANO | C76: 1764858.4 | D76: 2281196.2 | E76: 1764858.4 | F76: 1896496.9
B78: GASTOS DE FUNCIONAMIENTO | C78: =+C86+C102 -> 2818474.9 | D78: =+D86+D102 -> 3820610.3 | E78: =+E86+E102 -> 2818474.9 | F78: =+F86+F102 -> 2361172.2 | G78: =+G86+G102 -> 0 | H78: =+H86+H102 -> 0 | I78: =+I86+I102 -> 0 | J78: =+J86+J102 -> 0
B79: ENERGIA ELECTRICA | C79: 62500 | D79: 138609.61 | E79: 62500
B80: TELEFONIA | C80: 7500 | D80: 9818.25 | E80: 7500 | F80: 9560.36
B81: IMPRESIÓN, ENCUADERNACION Y REPRODUCCION | C81: 8133.97 | E81: 8133.97 | F81: 39787
B82: MANT. Y REP. EQUIPO MEDICO SANITARIO Y DE LAB. | C82: 33333.33 | D82: 19161.8 | E82: 33333.33
B83: SERVICIOS MEDICO-SANITARIOS | C83: 165141.75 | D83: 4057.14 | E83: 165141.75 | F83: 184282.78
B84: SERVICIOS DE VIGILANCIA | C84: 40000 | D84: 38120 | E84: 40000 | F84: 38120
B85: OTROS SERVICIOS NO PERSONALES | C85: 26305.03 | D85: 48548.64 | E85: 26305.03 | F85: 44604
B86: SUMA GASTOS GENERALES | C86: =SUM(C79:C85) -> 342914.08 | D86: =SUM(D79:D85) -> 258315.44 | E86: =SUM(E79:E85) -> 342914.08 | F86: =SUM(F79:F85) -> 316354.14 | G86: =SUM(G79:G85) -> 0 | H86: =SUM(H79:H85) -> 0 | I86: =SUM(I79:I85) -> 0 | J86: =SUM(J79:J85) -> 0
B87: MATERIALES Y SUMINISTROS
B88: ALIMENTOS PARA PERSONAS | C88: 60936.45 | D88: 1023 | E88: 60936.45 | F88: 58023.7
B89: ACABADOS TEXTILES | C89: 600 | E89: 600
B90: PRODUCTOS DE PAPEL O CARTON | C90: 945.42 | E90: 945.42
B91: ELEMENTOS Y COMPUESTOS QUIMICOS | C91: 169652.57 | D91: 181188.84 | E91: 169652.57 | F91: 66957.58
B92: COMBUSTIBLES Y LUBRICANTES | C92: 912 | E92: 912
B93: PRODUCTOS MEDICINALES Y FARMACEUTICOS | C93: 427229.65 | D93: 535053.33 | E93: 427229.65 | F93: 261536.69
B94: TINTES, PINTURAS Y COLORANTES | C94: 100 | E94: 100
B95: PRODUCTOS PLASTICOS, NYLON, VINIL Y PVC | C95: 13579.7 | D95: 6224.76 | E95: 13579.7 | F95: 6630
B96: OTROS PRODUCTOS METALICOS | C96: 310 | D96: 3610 | E96: 310
B97: UTILES DE LIMPIEZA Y PRODUCTOS SANITARIOS | C97: 10809.43 | D97: 39404.76 | E97: 10809.43 | F97: 23463
B98: UTILES MENORES MEDICO QUIRURGICOS Y DE LAB. | C98: 1780006.3 | D98: 2752150.2 | E98: 1780006.3 | F98: 1617110.1
B99: UTILES, ACCESORIOS Y MATERIALES ELECTRICOS | C99: 2208.7 | E99: 2208.7 | F99: 11097
B100: ACCESORIOS Y REPUESTOS EN GENERAL | C100: 8105.1 | D100: 43640 | E100: 8105.1
B101: OTROS MATERIALES Y SUMINISTROS | C101: 165.5 | E101: 165.5
B102: TOTAL MATERIALES Y SUMINISTROS | C102: =SUM(C88:C101) -> 2475560.8 | D102: =SUM(D88:D101) -> 3562294.9 | E102: =SUM(E88:E101) -> 2475560.8 | F102: =SUM(F88:F101) -> 2044818 | G102: =SUM(G88:G101) -> 0 | H102: =SUM(H88:H101) -> 0 | I102: =SUM(I88:I101) -> 0 | J102: =SUM(J88:J101) -> 0
A123: Programación mensual por tipo de gasto año 2017, Expresado en Quetzales tercer cuatrimestre 2018
A124: No. | B124: CATEGORIA DE GASTO | C124: SEPTIEMBRE | E124: OCTUBRE | G124: NOVIEMBRE | I124: DICIEMBRE
C125: PRESUPUESTO | D125: REAL | E125: PRESUPUESTO | F125: REAL | G125: PRESUPUESTO | H125: REAL | I125: PRESUPUESTO | J125: REAL
B126: RECURSO HUMANO
B128: GASTOS DE FUNCIONAMIENTO | C128: =+C136+C152 -> 0 | D128: =+D136+D152 -> 0 | E128: =+E136+E152 -> 0 | F128: =+F136+F152 -> 0 | G128: =+G136+G152 -> 0 | H128: =+H136+H152 -> 0 | I128: =+I136+I152 -> 0 | J128: =+J136+J152 -> 0
B129: ENERGIA ELECTRICA
B130: TELEFONIA
B131: IMPRESIÓN, ENCUADERNACION Y REPRODUCCION
B132: MANT. Y REP. EQUIPO MEDICO SANITARIO Y DE LAB.
B133: SERVICIOS MEDICO-SANITARIOS
B134: SERVICIOS DE VIGILANCIA
B135: OTROS SERVICIOS NO PERSONALES
B136: SUMA GASTOS GENERALES | C136: =SUM(C129:C135) -> 0 | D136: =SUM(D129:D135) -> 0 | E136: =SUM(E129:E135) -> 0 | F136: =SUM(F129:F135) -> 0 | G136: =SUM(G129:G135) -> 0 | H136: =SUM(H129:H135) -> 0 | I136: =SUM(I129:I135) -> 0 | J136: =SUM(J129:J135) -> 0
B137: MATERIALES Y SUMINISTROS
B138: ALIMENTOS PARA PERSONAS
B139: AVABADOS TEXTILES
B140: PRODUCTOS DE PAPEL O CARTON
B141: ELEMENTOS Y COMPUESTOS QUIMICOS
B142: COMBUSTIBLES Y LUBRICANTES
B143: PRODUCTOS MEDICINALES Y FARMACEUTICOS
B144: TINTES, PINTURAS Y COLORANTES
B145: PRODUCTOS PLASTICOS, NYLON, VINIL Y PVC
B146: OTROS PRODUCTOS METALICOS
B147: UTILES DE LIMPIEZA Y PRODUCTOS SANITARIOS
B148: UTILES MENORES MEDICO QUIRURGICOS Y DE LAB.
... B151: OTROS MATERIALES Y SUMINISTROS
B152: TOTAL MATERIALES Y SUMINISTROS | C152: =SUM(C138:C151) -> 0 | D152: =SUM(D138:D151) -> 0 | E152: =SUM(E138:E151) -> 0 | F152: =SUM(F138:F151) -> 0 | G152: =SUM(G138:G151) -> 0 | H152: =SUM(H138:H151) -> 0 | I152: =SUM(I138:I151) -> 0 | J152: =SUM(J138:J151) -> 0
C177: PROGRAMACION POR TIPO DE GASTO AÑO 2022
C178: RESUMEN AL 28 DE FEBRERO 2023
C179: No. | D179: CATEGORIA DE GASTO | E179: TOTAL ANUAL
E180: PRESUPUESTO | F180: COMPROMETIDO
C181: 011 | D181: RECURSO HUMANO | E181: =+'FEBRERO CTE-5'!C129 -> 6722296.9 | F181: =+'FEBRERO CTE-5'!D129 -> 5853976.5
...

Sheet MARZO ANEXO A CTE-5
B8: ÀREA FINANCIERA | I8: ANEXO DE CTE-5
A10: UNIDAD DE CIRUGIA CARDIOVASCULAR DE GUATEMALA
A11: 5a. AVENIDA 6-22 ZONA 11
A12: dgunicar@yahoo.es Tel. 24163000
A14: Programación mensual por tipo de gasto año 2018, Expresado en Quetzales primer cuatrimestre 2018
A15: No. | B15: CATEGORIA DE GASTO | C15: ENERO | E15: FEBRERO | G15: MARZO | I15: ABRIL
C16: PRESUPUESTO | D16: REAL | E16: PRESUPUESTO | F16: REAL | G16: PRESUPUESTO | H16: REAL | I16: PRESUPUESTO | J16: REAL
B17: RECURSO HUMANO | C17: 1764858.4 | D17: 1492317.4 | E17: 1764858.4 | F17: 1792563.6 | G17: 1764858.4 | H17: 1578007.9 | I17: 1764858.4 | J17: 1803793.6
B19: GASTOS DE FUNCIONAMIENTO | C19: =+C27+C43 -> 2818474.9 | D19: =+D27+D43 -> 0 | E19: =+E27+E43 -> 2818474.9 | F19: =+F27+F43 -> 67111.02 | G19: =+G27+G43 -> 2818474.9 | H19: =+H27+H43 -> 58543.64 | I19: =+I27+I43 -> 2818474.9 | J19: =+J27+J43 -> 3743927.3
B20: ENERGIA ELECTRICA | C20: 62500 | E20: 62500 | F20: 56112.02 | G20: 62500 | I20: 62500 | J20: 68083.01
B21: TELEFONIA | C21: 7500 | E21: 7500 | F21: 10999 | G21: 7500 | H21: 11011 | I21: 7500 | J21: 10992
B22: IMPRESIÓN, ENCUADERNACION Y REPRODUCCION | C22: 8133.97 | E22: 8133.97 | G22: 8133.97 | I22: 8133.97 | J22: 4358
B23: MANT. Y REP. EQUIPO MEDICO SANITARIO Y DE LAB. | C23: 33333.33 | E23: 33333.33 | G23: 33333.33 | I23: 33333.33 | J23: 45020
B24: SERVICIOS MEDICO-SANITARIOS | C24: 165141.75 | E24: 165141.75 | G24: 165141.75 | H24: 1000 | I24: 165141.75 | J24: 26842.86
B25: SERVICIOS DE VIGILANCIA | C25: 40000 | E25: 40000 | G25: 40000 | I25: 40000 | J25: 76240
B26: OTROS SERVICIOS NO PERSONALES | C26: 26305.03 | E26: 26305.03 | G26: 26305.03 | H26: 46532.64 | I26: 26305.03 | J26: 55063.68
B27: SUMA GASTOS GENERALES | C27: =SUM(C20:C26) -> 342914.08 | D27: =SUM(D20:D26) -> 0 | E27: =SUM(E20:E26) -> 342914.08 | F27: =SUM(F20:F26) -> 67111.02 | G27: =SUM(G20:G26) -> 342914.08 | H27: =SUM(H20:H26) -> 58543.64 | I27: =SUM(I20:I26) -> 342914.08 | J27: =SUM(J20:J26) -> 286599.55
B28: MATERIALES Y SUMINISTROS
B29: ALIMENTOS PARA PERSONAS | C29: 60936.45 | E29: 60936.45 | G29: 60936.45 | I29: 60936.45 | J29: 202940.25
B30: ACABADOS TEXTILES | C30: 600 | E30: 600 | G30: 600 | I30: 600
B31: PRODUCTOS DE PAPEL O CARTON | C31: 945.42 | E31: 945.42 | G31: 945.42 | I31: 945.42
B32: ELEMENTOS Y COMPUESTOS QUIMICOS | C32: 169652.57 | E32: 169652.57 | G32: 169652.57 | I32: 169652.57 | J32: 178282.05
B33: COMBUSTIBLES Y LUBRICANTES | C33: 912 | E33: 912 | G33: 912 | I33: 912
B34: PRODUCTOS MEDICINALES Y FARMACEUTICOS | C34: 427229.65 | E34: 427229.65 | G34: 427229.65 | I34: 427229.65 | J34: 1425199.8
B35: TINTES, PINTURAS Y COLORANTES | C35: 100 | E35: 100 | G35: 100 | I35: 100
B36: PRODUCTOS PLASTICOS, NYLON, VINIL Y PVC | C36: 13579.7 | E36: 13579.7 | G36: 13579.7 | I36: 13579.7 | J36: 75162.24
B37: OTROS PRODUCTOS METALICOS | C37: 310 | E37: 310 | G37: 310 | I37: 310
B38: UTILES DE LIMPIEZA Y PRODUCTOS SANITARIOS | C38: 10809.43 | E38: 10809.43 | G38: 10809.43 | I38: 10809.43 | J38: 14528.6
B39: UTILES MENORES MEDICO QUIRURGICOS Y DE LAB. | C39: 1780006.3 | E39: 1780006.3 | G39: 1780006.3 | I39: 1780006.3 | J39: 1545914.8
B40: UTILES, ACCESORIOS Y MATERIALES ELECTRICOS | C40: 2208.7 | E40: 2208.7 | G40: 2208.7 | I40: 2208.7 | J40: 15300
B41: ACCESORIOS Y REPUESTOS EN GENERAL | C41: 8105.1 | E41: 8105.1 | G41: 8105.1 | I41: 8105.1
B42: OTROS MATERIALES Y SUMINISTROS | C42: 165.5 | E42: 165.5 | G42: 165.5 | I42: 165.5
B43: TOTAL MATERIALES Y SUMINISTROS | C43: =SUM(C29:C42) -> 2475560.8 | D43: =SUM(D29:D42) -> 0 | E43: =SUM(E29:E42) -> 2475560.8 | F43: =SUM(F29:F42) -> 0 | G43: =SUM(G29:G42) -> 2475560.8 | H43: =SUM(H29:H42) -> 0 | I43: =SUM(I29:I42) -> 2475560.8 | J43: =SUM(J29:J42) -> 3457327.8
A46: Programación mensual por tipo de gasto año 2016, Expresado en Quetzales
A47: No. | B47: Categoría de Gasto | C47: Julio | E47: Agosto | G47: Septiembre
B48: Recurso Humano | C48: Pto. | D48: Real | E48: Pto. | F48: Real | G48: Pto. | H48: Real
B51: Gastos de Funcionamiento
B52: detallar cada gasto cargado
A60: TOTALES
A73: Programación mensual por tipo de gasto año 2018, Expresado en Quetzales segundo cuatrimestre 2018
A74: No. | B74: CATEGORIA DE GASTO | C74: MAYO | E74: JUNIO | G74: JULIO | I74: AGOSTO
C75: PRESUPUESTO | D75: REAL | E75: PRESUPUESTO | F75: REAL | G75: PRESUPUESTO | H75: REAL | I75: PRESUPUESTO | J75: REAL
B76: RECURSO HUMANO | C76: 1764858.4 | D76: 2281196.2 | E76: 1764858.4 | F76: 1896496.9
B78: GASTOS DE FUNCIONAMIENTO | C78: =+C86+C102 -> 2818474.9 | D78: =+D86+D102 -> 3820610.3 | E78: =+E86+E102 -> 2818474.9 | F78: =+F86+F102 -> 2361172.2 | G78: =+G86+G102 -> 0 | H78: =+H86+H102 -> 0 | I78: =+I86+I102 -> 0 | J78: =+J86+J102 -> 0
B79: ENERGIA ELECTRICA | C79: 62500 | D79: 138609.61 | E79: 62500
B80: TELEFONIA | C80: 7500 | D80: 9818.25 | E80: 7500 | F80: 9560.36
B81: IMPRESIÓN, ENCUADERNACION Y REPRODUCCION | C81: 8133.97 | E81: 8133.97 | F81: 39787
B82: MANT. Y REP. EQUIPO MEDICO SANITARIO Y DE LAB. | C82: 33333.33 | D82: 19161.8 | E82: 33333.33
B83: SERVICIOS MEDICO-SANITARIOS | C83: 165141.75 | D83: 4057.14 | E83: 165141.75 | F83: 184282.78
B84: SERVICIOS DE VIGILANCIA | C84: 40000 | D84: 38120 | E84: 40000 | F84: 38120
B85: OTROS SERVICIOS NO PERSONALES | C85: 26305.03 | D85: 48548.64 | E85: 26305.03 | F85: 44604
B86: SUMA GASTOS GENERALES | C86: =SUM(C79:C85) -> 342914.08 | D86: =SUM(D79:D85) -> 258315.44 | E86: =SUM(E79:E85) -> 342914.08 | F86: =SUM(F79:F85) -> 316354.14 | G86: =SUM(G79:G85) -> 0 | H86: =SUM(H79:H85) -> 0 | I86: =SUM(I79:I85) -> 0 | J86: =SUM(J79:J85) -> 0
B87: MATERIALES Y SUMINISTROS
B88: ALIMENTOS PARA PERSONAS | C88: 60936.45 | D88: 1023 | E88: 60936.45 | F88: 58023.7
B89: ACABADOS TEXTILES | C89: 600 | E89: 600
B90: PRODUCTOS DE PAPEL O CARTON | C90: 945.42 | E90: 945.42
B91: ELEMENTOS Y COMPUESTOS QUIMICOS | C91: 169652.57 | D91: 181188.84 | E91: 169652.57 | F91: 66957.58
B92: COMBUSTIBLES Y LUBRICANTES | C92: 912 | E92: 912
B93: PRODUCTOS MEDICINALES Y FARMACEUTICOS | C93: 427229.65 | D93: 535053.33 | E93: 427229.65 | F93: 261536.69
B94: TINTES, PINTURAS Y COLORANTES | C94: 100 | E94: 100
B95: PRODUCTOS PLASTICOS, NYLON, VINIL Y PVC | C95: 13579.7 | D95: 6224.76 | E95: 13579.7 | F95: 6630
B96: OTROS PRODUCTOS METALICOS | C96: 310 | D96: 3610 | E96: 310
B97: UTILES DE LIMPIEZA Y PRODUCTOS SANITARIOS | C97: 10809.43 | D97: 39404.76 | E97: 10809.43 | F97: 23463
B98: UTILES MENORES MEDICO QUIRURGICOS Y DE LAB. | C98: 1780006.3 | D98: 2752150.2 | E98: 1780006.3 | F98: 1617110.1
B99: UTILES, ACCESORIOS Y MATERIALES ELECTRICOS | C99: 2208.7 | E99: 2208.7 | F99: 11097
B100: ACCESORIOS Y REPUESTOS EN GENERAL | C100: 8105.1 | D100: 43640 | E100: 8105.1
B101: OTROS MATERIALES Y SUMINISTROS | C101: 165.5 | E101: 165.5
B102: TOTAL MATERIALES Y SUMINISTROS | C102: =SUM(C88:C101) -> 2475560.8 | D102: =SUM(D88:D101) -> 3562294.9 | E102: =SUM(E88:E101) -> 2475560.8 | F102: =SUM(F88:F101) -> 2044818 | G102: =SUM(G88:G101) -> 0 | H102: =SUM(H88:H101) -> 0 | I102: =SUM(I88:I101) -> 0 | J102: =SUM(J88:J101) -> 0
A123: Programación mensual por tipo de gasto año 2017, Expresado en Quetzales tercer cuatrimestre 2018
A124: No. | B124: CATEGORIA DE GASTO | C124: SEPTIEMBRE | E124: OCTUBRE | G124: NOVIEMBRE | I124: DICIEMBRE
C125: PRESUPUESTO | D125: REAL | E125: PRESUPUESTO | F125: REAL | G125: PRESUPUESTO | H125: REAL | I125: PRESUPUESTO | J125: REAL
B126: RECURSO HUMANO
B128: GASTOS DE FUNCIONAMIENTO | C128: =+C136+C152 -> 0 | D128: =+D136+D152 -> 0 | E128: =+E136+E152 -> 0 | F128: =+F136+F152 -> 0 | G128: =+G136+G152 -> 0 | H128: =+H136+H152 -> 0 | I128: =+I136+I152 -> 0 | J128: =+J136+J152 -> 0
B129: ENERGIA ELECTRICA
B130: TELEFONIA
B131: IMPRESIÓN, ENCUADERNACION Y REPRODUCCION
B132: MANT. Y REP. EQUIPO MEDICO SANITARIO Y DE LAB.
B133: SERVICIOS MEDICO-SANITARIOS
B134: SERVICIOS DE VIGILANCIA
B135: OTROS SERVICIOS NO PERSONALES
B136: SUMA GASTOS GENERALES | C136: =SUM(C129:C135) -> 0 | D136: =SUM(D129:D135) -> 0 | E136: =SUM(E129:E135) -> 0 | F136: =SUM(F129:F135) -> 0 | G136: =SUM(G129:G135) -> 0 | H136: =SUM(H129:H135) -> 0 | I136: =SUM(I129:I135) -> 0 | J136: =SUM(J129:J135) -> 0
B137: MATERIALES Y SUMINISTROS
B138: ALIMENTOS PARA PERSONAS
B139: AVABADOS TEXTILES
B140: PRODUCTOS DE PAPEL O CARTON
B141: ELEMENTOS Y COMPUESTOS QUIMICOS
B142: COMBUSTIBLES Y LUBRICANTES
B143: PRODUCTOS MEDICINALES Y FARMACEUTICOS
B144: TINTES, PINTURAS Y COLORANTES
B145: PRODUCTOS PLASTICOS, NYLON, VINIL Y PVC
B146: OTROS PRODUCTOS METALICOS
B147: UTILES DE LIMPIEZA Y PRODUCTOS SANITARIOS
B148: UTILES MENORES MEDICO QUIRURGICOS Y DE LAB.
... B151: OTROS MATERIALES Y SUMINISTROS
B152: TOTAL MATERIALES Y SUMINISTROS | C152: =SUM(C138:C151) -> 0 | D152: =SUM(D138:D151) -> 0 | E152: =SUM(E138:E151) -> 0 | F152: =SUM(F138:F151) -> 0 | G152: =SUM(G138:G151) -> 0 | H152: =SUM(H138:H151) -> 0 | I152: =SUM(I138:I151) -> 0 | J152: =SUM(J138:J151) -> 0
C177: PROGRAMACION POR TIPO DE GASTO AÑO 2023
C178: RESUMEN AL 31 DE MARZO 2023
C179: No. | D179: CATEGORIA DE GASTO | E179: TOTAL ANUAL
E180: PRESUPUESTO | F180: COMPROMETIDO
C181: 011 | D181: RECURSO HUMANO | E181: =+'MARZO CTE-5'!C132 -> 10083445 | F181: =+'MARZO CTE-5'!D132 -> 9878866.1
...

Sheet ABRIL ANEXO A CTE-5
B8: ÀREA FINANCIERA | I8: ANEXO DE CTE-5
A10: UNIDAD DE CIRUGIA CARDIOVASCULAR DE GUATEMALA
A11: 5a. AVENIDA 6-22 ZONA 11
A12: dgunicar@yahoo.es Tel. 24163000
A14: Programación mensual por tipo de gasto año 2018, Expresado en Quetzales primer cuatrimestre 2018
A15: No. | B15: CATEGORIA DE GASTO | C15: ENERO | E15: FEBRERO | G15: MARZO | I15: ABRIL
C16: PRESUPUESTO | D16: REAL | E16: PRESUPUESTO | F16: REAL | G16: PRESUPUESTO | H16: REAL | I16: PRESUPUESTO | J16: REAL
B17: RECURSO HUMANO | C17: 1764858.4 | D17: 1492317.4 | E17: 1764858.4 | F17: 1792563.6 | G17: 1764858.4 | H17: 1578007.9 | I17: 1764858.4 | J17: 1803793.6
B19: GASTOS DE FUNCIONAMIENTO | C19: =+C27+C43 -> 2818474.9 | D19: =+D27+D43 -> 0 | E19: =+E27+E43 -> 2818474.9 | F19: =+F27+F43 -> 67111.02 | G19: =+G27+G43 -> 2818474.9 | H19: =+H27+H43 -> 58543.64 | I19: =+I27+I43 -> 2818474.9 | J19: =+J27+J43 -> 3743927.3
B20: ENERGIA ELECTRICA | C20: 62500 | E20: 62500 | F20: 56112.02 | G20: 62500 | I20: 62500 | J20: 68083.01
B21: TELEFONIA | C21: 7500 | E21: 7500 | F21: 10999 | G21: 7500 | H21: 11011 | I21: 7500 | J21: 10992
B22: IMPRESIÓN, ENCUADERNACION Y REPRODUCCION | C22: 8133.97 | E22: 8133.97 | G22: 8133.97 | I22: 8133.97 | J22: 4358
B23: MANT. Y REP. EQUIPO MEDICO SANITARIO Y DE LAB. | C23: 33333.33 | E23: 33333.33 | G23: 33333.33 | I23: 33333.33 | J23: 45020
B24: SERVICIOS MEDICO-SANITARIOS | C24: 165141.75 | E24: 165141.75 | G24: 165141.75 | H24: 1000 | I24: 165141.75 | J24: 26842.86
B25: SERVICIOS DE VIGILANCIA | C25: 40000 | E25: 40000 | G25: 40000 | I25: 40000 | J25: 76240
B26: OTROS SERVICIOS NO PERSONALES | C26: 26305.03 | E26: 26305.03 | G26: 26305.03 | H26: 46532.64 | I26: 26305.03 | J26: 55063.68
B27: SUMA GASTOS GENERALES | C27: =SUM(C20:C26) -> 342914.08 | D27: =SUM(D20:D26) -> 0 | E27: =SUM(E20:E26) -> 342914.08 | F27: =SUM(F20:F26) -> 67111.02 | G27: =SUM(G20:G26) -> 342914.08 | H27: =SUM(H20:H26) -> 58543.64 | I27: =SUM(I20:I26) -> 342914.08 | J27: =SUM(J20:J26) -> 286599.55
B28: MATERIALES Y SUMINISTROS
B29: ALIMENTOS PARA PERSONAS | C29: 60936.45 | E29: 60936.45 | G29: 60936.45 | I29: 60936.45 | J29: 202940.25
B30: ACABADOS TEXTILES | C30: 600 | E30: 600 | G30: 600 | I30: 600
B31: PRODUCTOS DE PAPEL O CARTON | C31: 945.42 | E31: 945.42 | G31: 945.42 | I31: 945.42
B32: ELEMENTOS Y COMPUESTOS QUIMICOS | C32: 169652.57 | E32: 169652.57 | G32: 169652.57 | I32: 169652.57 | J32: 178282.05
B33: COMBUSTIBLES Y LUBRICANTES | C33: 912 | E33: 912 | G33: 912 | I33: 912
B34: PRODUCTOS MEDICINALES Y FARMACEUTICOS | C34: 427229.65 | E34: 427229.65 | G34: 427229.65 | I34: 427229.65 | J34: 1425199.8
B35: TINTES, PINTURAS Y COLORANTES | C35: 100 | E35: 100 | G35: 100 | I35: 100
B36: PRODUCTOS PLASTICOS, NYLON, VINIL Y PVC | C36: 13579.7 | E36: 13579.7 | G36: 13579.7 | I36: 13579.7 | J36: 75162.24
B37: OTROS PRODUCTOS METALICOS | C37: 310 | E37: 310 | G37: 310 | I37: 310
B38: UTILES DE LIMPIEZA Y PRODUCTOS SANITARIOS | C38: 10809.43 | E38: 10809.43 | G38: 10809.43 | I38: 10809.43 | J38: 14528.6
B39: UTILES MENORES MEDICO QUIRURGICOS Y DE LAB. | C39: 1780006.3 | E39: 1780006.3 | G39: 1780006.3 | I39: 1780006.3 | J39: 1545914.8
B40: UTILES, ACCESORIOS Y MATERIALES ELECTRICOS | C40: 2208.7 | E40: 2208.7 | G40: 2208.7 | I40: 2208.7 | J40: 15300
B41: ACCESORIOS Y REPUESTOS EN GENERAL | C41: 8105.1 | E41: 8105.1 | G41: 8105.1 | I41: 8105.1
B42: OTROS MATERIALES Y SUMINISTROS | C42: 165.5 | E42: 165.5 | G42: 165.5 | I42: 165.5
B43: TOTAL MATERIALES Y SUMINISTROS | C43: =SUM(C29:C42) -> 2475560.8 | D43: =SUM(D29:D42) -> 0 | E43: =SUM(E29:E42) -> 2475560.8 | F43: =SUM(F29:F42) -> 0 | G43: =SUM(G29:G42) -> 2475560.8 | H43: =SUM(H29:H42) -> 0 | I43: =SUM(I29:I42) -> 2475560.8 | J43: =SUM(J29:J42) -> 3457327.8
A46: Programación mensual por tipo de gasto año 2016, Expresado en Quetzales
A47: No. | B47: Categoría de Gasto | C47: Julio | E47: Agosto | G47: Septiembre
B48: Recurso Humano | C48: Pto. | D48: Real | E48: Pto. | F48: Real | G48: Pto. | H48: Real
B51: Gastos de Funcionamiento
B52: detallar cada gasto cargado
A60: TOTALES
A73: Programación mensual por tipo de gasto año 2018, Expresado en Quetzales segundo cuatrimestre 2018
A74: No. | B74: CATEGORIA DE GASTO | C74: MAYO | E74: JUNIO | G74: JULIO | I74: AGOSTO
C75: PRESUPUESTO | D75: REAL | E75: PRESUPUESTO | F75: REAL | G75: PRESUPUESTO | H75: REAL | I75: PRESUPUESTO | J75: REAL
B76: RECURSO HUMANO | C76: 1764858.4 | D76: 2281196.2 | E76: 1764858.4 | F76: 1896496.9
B78: GASTOS DE FUNCIONAMIENTO | C78: =+C86+C102 -> 2818474.9 | D78: =+D86+D102 -> 3820610.3 | E78: =+E86+E102 -> 2818474.9 | F78: =+F86+F102 -> 2361172.2 | G78: =+G86+G102 -> 0 | H78: =+H86+H102 -> 0 | I78: =+I86+I102 -> 0 | J78: =+J86+J102 -> 0
B79: ENERGIA ELECTRICA | C79: 62500 | D79: 138609.61 | E79: 62500
B80: TELEFONIA | C80: 7500 | D80: 9818.25 | E80: 7500 | F80: 9560.36
B81: IMPRESIÓN, ENCUADERNACION Y REPRODUCCION | C81: 8133.97 | E81: 8133.97 | F81: 39787
B82: MANT. Y REP. EQUIPO MEDICO SANITARIO Y DE LAB. | C82: 33333.33 | D82: 19161.8 | E82: 33333.33
B83: SERVICIOS MEDICO-SANITARIOS | C83: 165141.75 | D83: 4057.14 | E83: 165141.75 | F83: 184282.78
B84: SERVICIOS DE VIGILANCIA | C84: 40000 | D84: 38120 | E84: 40000 | F84: 38120
B85: OTROS SERVICIOS NO PERSONALES | C85: 26305.03 | D85: 48548.64 | E85: 26305.03 | F85: 44604
B86: SUMA GASTOS GENERALES | C86: =SUM(C79:C85) -> 342914.08 | D86: =SUM(D79:D85) -> 258315.44 | E86: =SUM(E79:E85) -> 342914.08 | F86: =SUM(F79:F85) -> 316354.14 | G86: =SUM(G79:G85) -> 0 | H86: =SUM(H79:H85) -> 0 | I86: =SUM(I79:I85) -> 0 | J86: =SUM(J79:J85) -> 0
B87: MATERIALES Y SUMINISTROS
B88: ALIMENTOS PARA PERSONAS | C88: 60936.45 | D88: 1023 | E88: 60936.45 | F88: 58023.7
B89: ACABADOS TEXTILES | C89: 600 | E89: 600
B90: PRODUCTOS DE PAPEL O CARTON | C90: 945.42 | E90: 945.42
B91: ELEMENTOS Y COMPUESTOS QUIMICOS | C91: 169652.57 | D91: 181188.84 | E91: 169652.57 | F91: 66957.58
B92: COMBUSTIBLES Y LUBRICANTES | C92: 912 | E92: 912
B93: PRODUCTOS MEDICINALES Y FARMACEUTICOS | C93: 427229.65 | D93: 535053.33 | E93: 427229.65 | F93: 261536.69
B94: TINTES, PINTURAS Y COLORANTES | C94: 100 | E94: 100
B95: PRODUCTOS PLASTICOS, NYLON, VINIL Y PVC | C95: 13579.7 | D95: 6224.76 | E95: 13579.7 | F95: 6630
B96: OTROS PRODUCTOS METALICOS | C96: 310 | D96: 3610 | E96: 310
B97: UTILES DE LIMPIEZA Y PRODUCTOS SANITARIOS | C97: 10809.43 | D97: 39404.76 | E97: 10809.43 | F97: 23463
B98: UTILES MENORES MEDICO QUIRURGICOS Y DE LAB. | C98: 1780006.3 | D98: 2752150.2 | E98: 1780006.3 | F98: 1617110.1
B99: UTILES, ACCESORIOS Y MATERIALES ELECTRICOS | C99: 2208.7 | E99: 2208.7 | F99: 11097
B100: ACCESORIOS Y REPUESTOS EN GENERAL | C100: 8105.1 | D100: 43640 | E100: 8105.1
B101: OTROS MATERIALES Y SUMINISTROS | C101: 165.5 | E101: 165.5
B102: TOTAL MATERIALES Y SUMINISTROS | C102: =SUM(C88:C101) -> 2475560.8 | D102: =SUM(D88:D101) -> 3562294.9 | E102: =SUM(E88:E101) -> 2475560.8 | F102: =SUM(F88:F101) -> 2044818 | G102: =SUM(G88:G101) -> 0 | H102: =SUM(H88:H101) -> 0 | I102: =SUM(I88:I101) -> 0 | J102: =SUM(J88:J101) -> 0
A123: Programación mensual por tipo de gasto año 2017, Expresado en Quetzales tercer cuatrimestre 2018
A124: No. | B124: CATEGORIA DE GASTO | C124: SEPTIEMBRE | E124: OCTUBRE | G124: NOVIEMBRE | I124: DICIEMBRE
C125: PRESUPUESTO | D125: REAL | E125: PRESUPUESTO | F125: REAL | G125: PRESUPUESTO | H125: REAL | I125: PRESUPUESTO | J125: REAL
B126: RECURSO HUMANO
B128: GASTOS DE FUNCIONAMIENTO | C128: =+C136+C152 -> 0 | D128: =+D136+D152 -> 0 | E128: =+E136+E152 -> 0 | F128: =+F136+F152 -> 0 | G128: =+G136+G152 -> 0 | H128: =+H136+H152 -> 0 | I128: =+I136+I152 -> 0 | J128: =+J136+J152 -> 0
B129: ENERGIA ELECTRICA
B130: TELEFONIA
B131: IMPRESIÓN, ENCUADERNACION Y REPRODUCCION
B132: MANT. Y REP. EQUIPO MEDICO SANITARIO Y DE LAB.
B133: SERVICIOS MEDICO-SANITARIOS
B134: SERVICIOS DE VIGILANCIA
B135: OTROS SERVICIOS NO PERSONALES
B136: SUMA GASTOS GENERALES | C136: =SUM(C129:C135) -> 0 | D136: =SUM(D129:D135) -> 0 | E136: =SUM(E129:E135) -> 0 | F136: =SUM(F129:F135) -> 0 | G136: =SUM(G129:G135) -> 0 | H136: =SUM(H129:H135) -> 0 | I136: =SUM(I129:I135) -> 0 | J136: =SUM(J129:J135) -> 0
B137: MATERIALES Y SUMINISTROS
B138: ALIMENTOS PARA PERSONAS
B139: AVABADOS TEXTILES
B140: PRODUCTOS DE PAPEL O CARTON
B141: ELEMENTOS Y COMPUESTOS QUIMICOS
B142: COMBUSTIBLES Y LUBRICANTES
B143: PRODUCTOS MEDICINALES Y FARMACEUTICOS
B144: TINTES, PINTURAS Y COLORANTES
B145: PRODUCTOS PLASTICOS, NYLON, VINIL Y PVC
B146: OTROS PRODUCTOS METALICOS
B147: UTILES DE LIMPIEZA Y PRODUCTOS SANITARIOS
B148: UTILES MENORES MEDICO QUIRURGICOS Y DE LAB.
... B151: OTROS MATERIALES Y SUMINISTROS
B152: TOTAL MATERIALES Y SUMINISTROS | C152: =SUM(C138:C151) -> 0 | D152: =SUM(D138:D151) -> 0 | E152: =SUM(E138:E151) -> 0 | F152: =SUM(F138:F151) -> 0 | G152: =SUM(G138:G151) -> 0 | H152: =SUM(H138:H151) -> 0 | I152: =SUM(I138:I151) -> 0 | J152: =SUM(J138:J151) -> 0
C177: PROGRAMACION POR TIPO DE GASTO AÑO 2023
C178: RESUMEN AL 30 DE ABRIL 2023
C179: No. | D179: CATEGORIA DE GASTO | E179: TOTAL ANUAL
E180: PRESUPUESTO | F180: COMPROMETIDO
C181: 011 | D181: RECURSO HUMANO | E181: =+'ABRIL CTE-5'!C132 -> 13444594 | F181: =+'ABRIL CTE-5'!D132 -> 13166754
...

Sheet ENERO CTE-7
B7: ÀREA FINANCIERA | J7: CTE-7
A9: UNIDAD DE CIRUGIA CARDIOVASCULAR DE GUATEMALA
A10: 5a. AVENIDA 6-22 ZONA 11
A11: CORREO ELECTRÓNICO Y TELÉFONO
A12: dgunicar@yahoo.es Tel. 24163000
A14: Ejecucion de avance fìnanciero programado-ejecutado por categoria del gasto primer cuatrimestre 2023
A16: Categoría del gasto | B16: Enero | D16: Febrero | F16: Marzo | H16: Abril | J16: Totales
B17: Presupuestado | C17: Ejecutado | D17: Presupuestado | E17: Ejecutado | F17: Presupuestado | G17: Ejecutado | H17: Presupuestado | I17: Ejecutado | J17: Presupuestado | K17: Ejecutado
A18: Recurso Humano | B18: 3361148.5 | C18: 2939970.1 | J18: =+B18+D18+F18+H18 -> 3361148.5 | K18: =+C18+E18+G18+I18 -> 2939970.1
A19: Gastos de Funcionamiento | B19: 552569.77 | J19: =+B19+D19+F19+H19 -> 552569.77 | K19: =+C19+E19+G19+I19 -> 0
A20: Propiedad planta y equipo | J20: =+B20+D20+F20+H20 -> 0 | K20: =+C20+E20+G20+I20 -> 0
A21: TOTAL | B21: =SUM(B18:B20) -> 3913718.2 | C21: =SUM(C18:C20) -> 2939970.1 | D21: =SUM(D18:D20) -> 0 | E21: =SUM(E18:E20) -> 0 | F21: =SUM(F18:F20) -> 0 | G21: =SUM(G18:G20) -> 0 | H21: =SUM(H18:H20) -> 0 | I21: =SUM(I18:I20) -> 0 | ... K21: =SUM(K18:K20) -> 2939970.1
A23: Ejecucion de avance fìnanciero programado-ejecutado por categoria del gasto segundo cuatrimestre 2023
A25: Categoría del gasto | B25: Mayo | D25: Junio | F25: Julio | H25: Agosto | J25: Totales
B26: Presupuestado | C26: Ejecutado | D26: Presupuestado | E26: Ejecutado | F26: Presupuestado | G26: Ejecutado | H26: Presupuestado | I26: Ejecutado | J26: Presupuestado | K26: Ejecutado
A27: Recurso Humano | J27: =+B27+D27+F27+H27 -> 0 | K27: =+C27+E27+G27+I27 -> 0
A28: Gastos de Funcionamiento | J28: =+B28+D28+F28+H28 -> 0 | K28: =+C28+E28+G28+I28 -> 0
A29: Propiedad planta y equipo | J29: =+B29+D29+F29+H29 -> 0 | K29: =+C29+E29+G29+I29 -> 0
A30: TOTAL | B30: =SUM(B27:B29) -> 0 | C30: =SUM(C27:C29) -> 0 | D30: =SUM(D27:D29) -> 0 | E30: =SUM(E27:E29) -> 0 | F30: =SUM(F27:F29) -> 0 | G30: =SUM(G27:G29) -> 0 | H30: =SUM(H27:H29) -> 0 | I30: =SUM(I27:I29) -> 0 | ... K30: =SUM(K27:K29) -> 0
A33: Ejecucion de avance fìnanciero programado-ejecutado por categoria del gasto tercer cuatrimestre 2023
A35: Categoría del gasto | B35: Septiembre | D35: Octubre | F35: Noviembre | H35: Diciembre | J35: Totales
B36: Presupuestado | C36: Ejecutado | D36: Presupuestado | E36: Ejecutado | F36: Presupuestado | G36: Ejecutado | H36: Presupuestado | I36: Ejecutado | J36: Presupuestado | K36: Ejecutado
A37: Recurso Humano | J37: =+B37+D37+F37+H37 -> 0 | K37: =+C37+E37+G37+I37 -> 0
A38: Gastos de Funcionamiento | J38: =+B38+D38+F38+H38 -> 0 | K38: =+C38+E38+G38+I38 -> 0
A39: Propiedad Planta y Equipo | J39: =+B39+D39+F39+H39 -> 0 | K39: =+C39+E39+G39+I39 -> 0
A40: TOTAL | B40: =SUM(B37:B39) -> 0 | C40: =SUM(C37:C39) -> 0 | D40: =SUM(D37:D39) -> 0 | E40: =SUM(E37:E39) -> 0 | F40: =SUM(F37:F39) -> 0 | G40: =SUM(G37:G39) -> 0 | H40: =SUM(H37:H39) -> 0 | I40: =SUM(I37:I39) -> 0 | ... K40: =SUM(K37:K39) -> 0
A44: Resumen año 2023
A45: Categoría del gasto | B45: año 2023
B46: Presupuestado | C46: Ejecutado
A47: Recurso Humano | B47: =+J18+J27+J37 -> 3361148.5 | C47: =+K18+K27+K37 -> 2939970.1
A48: Gastos de Funcionamiento | B48: =+J19+J28+J38 -> 552569.77 | C48: =+K19+K28+K38 -> 0
A49: Propiedad Planta y Equipo | B49: =+J39+J29+J20 -> 0 | C49: =K39+K29+K20 -> 0
A50: TOTAL | B50: =SUM(B47:B49) -> 3913718.2 | C50: =SUM(C47:C49) -> 2939970.1
A78: Elaborado por: | C78: ___________________________ | F78: Autorizado por: | H78: ___________________________________
C79: Víctor Cresencio Reyes Porres | H79: Dr. Walter Antonio Mazariegos Samayoa
C80: Jefe de Contabilidad | H80: Director General
A81: Fecha: | C81: 10 de febrero 2023

Sheet FEBRERO CTE-7
B7: ÀREA FINANCIERA | J7: CTE-7
A9: UNIDAD DE CIRUGIA CARDIOVASCULAR DE GUATEMALA
A10: 5a. AVENIDA 6-22 ZONA 11
A11: CORREO ELECTRÓNICO Y TELÉFONO
A12: dgunicar@yahoo.es Tel. 24163000
A14: Ejecucion de avance fìnanciero programado-ejecutado por categoria del gasto primer cuatrimestre 2023
A16: Categoría del gasto | B16: Enero | D16: Febrero | F16: Marzo | H16: Abril | J16: Totales
B17: Presupuestado | C17: Ejecutado | D17: Presupuestado | E17: Ejecutado | F17: Presupuestado | G17: Ejecutado | H17: Presupuestado | I17: Ejecutado | J17: Presupuestado | K17: Ejecutado
A18: Recurso Humano | B18: 3361148.5 | C18: 2939970.1 | D18: 3361148.5 | E18: 2914006.4 | J18: =+B18+D18+F18+H18 -> 6722296.9 | K18: =+C18+E18+G18+I18 -> 5853976.5
A19: Gastos de Funcionamiento | B19: 552569.77 | D19: 5817527.5 | E19: 135617.67 | J19: =+B19+D19+F19+H19 -> 6370097.3 | K19: =+C19+E19+G19+I19 -> 135617.67
A20: Propiedad planta y equipo | J20: =+B20+D20+F20+H20 -> 0 | K20: =+C20+E20+G20+I20 -> 0
A21: TOTAL | B21: =SUM(B18:B20) -> 3913718.2 | C21: =SUM(C18:C20) -> 2939970.1 | D21: =SUM(D18:D20) -> 9178676 | E21: =SUM(E18:E20) -> 3049624.1 | F21: =SUM(F18:F20) -> 0 | G21: =SUM(G18:G20) -> 0 | H21: =SUM(H18:H20) -> 0 | I21: =SUM(I18:I20) -> 0 | ... K21: =SUM(K18:K20) -> 5989594.2
A23: Ejecucion de avance fìnanciero programado-ejecutado por categoria del gasto segundo cuatrimestre 2023
A25: Categoría del gasto | B25: Mayo | D25: Junio | F25: Julio | H25: Agosto | J25: Totales
B26: Presupuestado | C26: Ejecutado | D26: Presupuestado | E26: Ejecutado | F26: Presupuestado | G26: Ejecutado | H26: Presupuestado | I26: Ejecutado | J26: Presupuestado | K26: Ejecutado
A27: Recurso Humano | J27: =+B27+D27+F27+H27 -> 0 | K27: =+C27+E27+G27+I27 -> 0
A28: Gastos de Funcionamiento | J28: =+B28+D28+F28+H28 -> 0 | K28: =+C28+E28+G28+I28 -> 0
A29: Propiedad planta y equipo | J29: =+B29+D29+F29+H29 -> 0 | K29: =+C29+E29+G29+I29 -> 0
A30: TOTAL | B30: =SUM(B27:B29) -> 0 | C30: =SUM(C27:C29) -> 0 | D30: =SUM(D27:D29) -> 0 | E30: =SUM(E27:E29) -> 0 | F30: =SUM(F27:F29) -> 0 | G30: =SUM(G27:G29) -> 0 | H30: =SUM(H27:H29) -> 0 | I30: =SUM(I27:I29) -> 0 | ... K30: =SUM(K27:K29) -> 0
A33: Ejecucion de avance fìnanciero programado-ejecutado por categoria del gasto tercer cuatrimestre 2023
A35: Categoría del gasto | B35: Septiembre | D35: Octubre | F35: Noviembre | H35: Diciembre | J35: Totales
B36: Presupuestado | C36: Ejecutado | D36: Presupuestado | E36: Ejecutado | F36: Presupuestado | G36: Ejecutado | H36: Presupuestado | I36: Ejecutado | J36: Presupuestado | K36: Ejecutado
A37: Recurso Humano | J37: =+B37+D37+F37+H37 -> 0 | K37: =+C37+E37+G37+I37 -> 0
A38: Gastos de Funcionamiento | J38: =+B38+D38+F38+H38 -> 0 | K38: =+C38+E38+G38+I38 -> 0
A39: Propiedad Planta y Equipo | J39: =+B39+D39+F39+H39 -> 0 | K39: =+C39+E39+G39+I39 -> 0
A40: TOTAL | B40: =SUM(B37:B39) -> 0 | C40: =SUM(C37:C39) -> 0 | D40: =SUM(D37:D39) -> 0 | E40: =SUM(E37:E39) -> 0 | F40: =SUM(F37:F39) -> 0 | G40: =SUM(G37:G39) -> 0 | H40: =SUM(H37:H39) -> 0 | I40: =SUM(I37:I39) -> 0 | ... K40: =SUM(K37:K39) -> 0
A44: Resumen año 2023
A45: Categoría del gasto | B45: año 2023
B46: Presupuestado | C46: Ejecutado
A47: Recurso Humano | B47: =+J18+J27+J37 -> 6722296.9 | C47: =+K18+K27+K37 -> 5853976.5
A48: Gastos de Funcionamiento | B48: =+J19+J28+J38 -> 6370097.3 | C48: =+K19+K28+K38 -> 135617.67
A49: Propiedad Planta y Equipo | B49: =+J39+J29+J20 -> 0 | C49: =K39+K29+K20 -> 0
A50: TOTAL | B50: =SUM(B47:B49) -> 13092394 | C50: =SUM(C47:C49) -> 5989594.2
A74: Elaborado por: | C74: ___________________________ | F74: Autorizado por: | H74: ___________________________________
C75: Víctor Cresencio Reyes Porres | H75: Dr. Walter Antonio Mazariegos Samayoa
C76: Jefe de Contabilidad | H76: Director General
A77: Fecha: | C77: 10 de marzo 2023

Sheet MARZO CTE-7
B7: ÀREA FINANCIERA | J7: CTE-7
A9: UNIDAD DE CIRUGIA CARDIOVASCULAR DE GUATEMALA
A10: 5a. AVENIDA 6-22 ZONA 11
A11: CORREO ELECTRÓNICO Y TELÉFONO
A12: dgunicar@yahoo.es Tel. 24163000
A14: Ejecucion de avance fìnanciero programado-ejecutado por categoria del gasto primer cuatrimestre 2023
A16: Categoría del gasto | B16: Enero | D16: Febrero | F16: Marzo | H16: Abril | J16: Totales
B17: Presupuestado | C17: Ejecutado | D17: Presupuestado | E17: Ejecutado | F17: Presupuestado | G17: Ejecutado | H17: Presupuestado | I17: Ejecutado | J17: Presupuestado | K17: Ejecutado
A18: Recurso Humano | B18: 3361148.5 | C18: 2939970.1 | D18: 3361148.5 | E18: 2914006.4 | F18: 3361148.5 | G18: 4024889.6 | J18: =+B18+D18+F18+H18 -> 10083445 | K18: =+C18+E18+G18+I18 -> 9878866.1
A19: Gastos de Funcionamiento | B19: 552569.77 | D19: 5817527.5 | E19: 135617.67 | F19: 848726.38 | G19: 1618801.8 | J19: =+B19+D19+F19+H19 -> 7218823.6 | K19: =+C19+E19+G19+I19 -> 1754419.4
A20: Propiedad planta y equipo | J20: =+B20+D20+F20+H20 -> 0 | K20: =+C20+E20+G20+I20 -> 0
A21: TOTAL | B21: =SUM(B18:B20) -> 3913718.2 | C21: =SUM(C18:C20) -> 2939970.1 | D21: =SUM(D18:D20) -> 9178676 | E21: =SUM(E18:E20) -> 3049624.1 | F21: =SUM(F18:F20) -> 4209874.9 | G21: =SUM(G18:G20) -> 5643691.3 | H21: =SUM(H18:H20) -> 0 | I21: =SUM(I18:I20) -> 0 | ... K21: =SUM(K18:K20) -> 11633286
A23: Ejecucion de avance fìnanciero programado-ejecutado por categoria del gasto segundo cuatrimestre 2023
A25: Categoría del gasto | B25: Mayo | D25: Junio | F25: Julio | H25: Agosto | J25: Totales
B26: Presupuestado | C26: Ejecutado | D26: Presupuestado | E26: Ejecutado | F26: Presupuestado | G26: Ejecutado | H26: Presupuestado | I26: Ejecutado | J26: Presupuestado | K26: Ejecutado
A27: Recurso Humano | J27: =+B27+D27+F27+H27 -> 0 | K27: =+C27+E27+G27+I27 -> 0
A28: Gastos de Funcionamiento | J28: =+B28+D28+F28+H28 -> 0 | K28: =+C28+E28+G28+I28 -> 0
A29: Propiedad planta y equipo | J29: =+B29+D29+F29+H29 -> 0 | K29: =+C29+E29+G29+I29 -> 0
A30: TOTAL | B30: =SUM(B27:B29) -> 0 | C30: =SUM(C27:C29) -> 0 | D30: =SUM(D27:D29) -> 0 | E30: =SUM(E27:E29) -> 0 | F30: =SUM(F27:F29) -> 0 | G30: =SUM(G27:G29) -> 0 | H30: =SUM(H27:H29) -> 0 | I30: =SUM(I27:I29) -> 0 | ... K30: =SUM(K27:K29) -> 0
A33: Ejecucion de avance fìnanciero programado-ejecutado por categoria del gasto tercer cuatrimestre 2023
A35: Categoría del gasto | B35: Septiembre | D35: Octubre | F35: Noviembre | H35: Diciembre | J35: Totales
B36: Presupuestado | C36: Ejecutado | D36: Presupuestado | E36: Ejecutado | F36: Presupuestado | G36: Ejecutado | H36: Presupuestado | I36: Ejecutado | J36: Presupuestado | K36: Ejecutado
A37: Recurso Humano | J37: =+B37+D37+F37+H37 -> 0 | K37: =+C37+E37+G37+I37 -> 0
A38: Gastos de Funcionamiento | J38: =+B38+D38+F38+H38 -> 0 | K38: =+C38+E38+G38+I38 -> 0
A39: Propiedad Planta y Equipo | J39: =+B39+D39+F39+H39 -> 0 | K39: =+C39+E39+G39+I39 -> 0
A40: TOTAL | B40: =SUM(B37:B39) -> 0 | C40: =SUM(C37:C39) -> 0 | D40: =SUM(D37:D39) -> 0 | E40: =SUM(E37:E39) -> 0 | F40: =SUM(F37:F39) -> 0 | G40: =SUM(G37:G39) -> 0 | H40: =SUM(H37:H39) -> 0 | I40: =SUM(I37:I39) -> 0 | ... K40: =SUM(K37:K39) -> 0
A44: Resumen año 2023
A45: Categoría del gasto | B45: año 2023
B46: Presupuestado | C46: Ejecutado
A47: Recurso Humano | B47: =+J18+J27+J37 -> 10083445 | C47: =+K18+K27+K37 -> 9878866.1
A48: Gastos de Funcionamiento | B48: =+J19+J28+J38 -> 7218823.6 | C48: =+K19+K28+K38 -> 1754419.4
A49: Propiedad Planta y Equipo | B49: =+J39+J29+J20 -> 0 | C49: =K39+K29+K20 -> 0
A50: TOTAL | B50: =SUM(B47:B49) -> 17302269 | C50: =SUM(C47:C49) -> 11633286
A74: Elaborado por: | C74: ___________________________ | F74: Autorizado por: | H74: ___________________________________
C75: Víctor Cresencio Reyes Porres | H75: Dr. Walter Antonio Mazariegos Samayoa
C76: Jefe de Contabilidad | H76: Director General
A77: Fecha: | C77: 10 de abril 2023

Sheet ABRIL CTE-7
B7: ÀREA FINANCIERA | J7: CTE-7
A9: UNIDAD DE CIRUGIA CARDIOVASCULAR DE GUATEMALA
A10: 5a. AVENIDA 6-22 ZONA 11
A11: CORREO ELECTRÓNICO Y TELÉFONO
A12: dgunicar@yahoo.es Tel. 24163000
A14: Ejecucion de avance fìnanciero programado-ejecutado por categoria del gasto primer cuatrimestre 2023
A16: Categoría del gasto | B16: Enero | D16: Febrero | F16: Marzo | H16: Abril | J16: Totales
B17: Presupuestado | C17: Ejecutado | D17: Presupuestado | E17: Ejecutado | F17: Presupuestado | G17: Ejecutado | H17: Presupuestado | I17: Ejecutado | J17: Presupuestado | K17: Ejecutado
A18: Recurso Humano | B18: 3361148.5 | C18: 2939970.1 | D18: 3361148.5 | E18: 2914006.4 | F18: 3361148.5 | G18: 4024889.6 | H18: 3361148.5 | I18: =2929171.29+358716.74 -> 3287888 | J18: =+B18+D18+F18+H18 -> 13444594 | K18: =+C18+E18+G18+I18 -> 13166754
A19: Gastos de Funcionamiento | B19: 552569.77 | D19: 5817527.5 | E19: 135617.67 | F19: 848726.38 | G19: 1618801.8 | H19: 606473.63 | I19: 1614363.4 | J19: =+B19+D19+F19+H19 -> 7825297.3 | K19: =+C19+E19+G19+I19 -> 3368782.8
A20: Propiedad planta y equipo | J20: =+B20+D20+F20+H20 -> 0 | K20: =+C20+E20+G20+I20 -> 0
A21: TOTAL | B21: =SUM(B18:B20) -> 3913718.2 | C21: =SUM(C18:C20) -> 2939970.1 | D21: =SUM(D18:D20) -> 9178676 | E21: =SUM(E18:E20) -> 3049624.1 | F21: =SUM(F18:F20) -> 4209874.9 | G21: =SUM(G18:G20) -> 5643691.3 | H21: =SUM(H18:H20) -> 3967622.1 | I21: =SUM(I18:I20) -> 4902251.4 | ... K21: =SUM(K18:K20) -> 16535537
A23: Ejecucion de avance fìnanciero programado-ejecutado por categoria del gasto segundo cuatrimestre 2023
A25: Categoría del gasto | B25: Mayo | D25: Junio | F25: Julio | H25: Agosto | J25: Totales
B26: Presupuestado | C26: Ejecutado | D26: Presupuestado | E26: Ejecutado | F26: Presupuestado | G26: Ejecutado | H26: Presupuestado | I26: Ejecutado | J26: Presupuestado | K26: Ejecutado
A27: Recurso Humano | J27: =+B27+D27+F27+H27 -> 0 | K27: =+C27+E27+G27+I27 -> 0
A28: Gastos de Funcionamiento | J28: =+B28+D28+F28+H28 -> 0 | K28: =+C28+E28+G28+I28 -> 0
A29: Propiedad planta y equipo | J29: =+B29+D29+F29+H29 -> 0 | K29: =+C29+E29+G29+I29 -> 0
A30: TOTAL | B30: =SUM(B27:B29) -> 0 | C30: =SUM(C27:C29) -> 0 | D30: =SUM(D27:D29) -> 0 | E30: =SUM(E27:E29) -> 0 | F30: =SUM(F27:F29) -> 0 | G30: =SUM(G27:G29) -> 0 | H30: =SUM(H27:H29) -> 0 | I30: =SUM(I27:I29) -> 0 | ... K30: =SUM(K27:K29) -> 0
A33: Ejecucion de avance fìnanciero programado-ejecutado por categoria del gasto tercer cuatrimestre 2023
A35: Categoría del gasto | B35: Septiembre | D35: Octubre | F35: Noviembre | H35: Diciembre | J35: Totales
B36: Presupuestado | C36: Ejecutado | D36: Presupuestado | E36: Ejecutado | F36: Presupuestado | G36: Ejecutado | H36: Presupuestado | I36: Ejecutado | J36: Presupuestado | K36: Ejecutado
A37: Recurso Humano | J37: =+B37+D37+F37+H37 -> 0 | K37: =+C37+E37+G37+I37 -> 0
A38: Gastos de Funcionamiento | J38: =+B38+D38+F38+H38 -> 0 | K38: =+C38+E38+G38+I38 -> 0
A39: Propiedad Planta y Equipo | J39: =+B39+D39+F39+H39 -> 0 | K39: =+C39+E39+G39+I39 -> 0
A40: TOTAL | B40: =SUM(B37:B39) -> 0 | C40: =SUM(C37:C39) -> 0 | D40: =SUM(D37:D39) -> 0 | E40: =SUM(E37:E39) -> 0 | F40: =SUM(F37:F39) -> 0 | G40: =SUM(G37:G39) -> 0 | H40: =SUM(H37:H39) -> 0 | I40: =SUM(I37:I39) -> 0 | ... K40: =SUM(K37:K39) -> 0
A44: Resumen año 2023
A45: Categoría del gasto | B45: año 2023
B46: Presupuestado | C46: Ejecutado
A47: Recurso Humano | B47: =+J18+J27+J37 -> 13444594 | C47: =+K18+K27+K37 -> 13166754
A48: Gastos de Funcionamiento | B48: =+J19+J28+J38 -> 7825297.3 | C48: =+K19+K28+K38 -> 3368782.8
A49: Propiedad Planta y Equipo | B49: =+J39+J29+J20 -> 0 | C49: =K39+K29+K20 -> 0
A50: TOTAL | B50: =SUM(B47:B49) -> 21269891 | C50: =SUM(C47:C49) -> 16535537
A74: Elaborado por: | C74: ___________________________ | F74: Autorizado por: | H74: ___________________________________
C75: Víctor Cresencio Reyes Porres | H75: Dr. Walter Antonio Mazariegos Samayoa
C76: Jefe de Contabilidad | H76: Director General
A77: Fecha: | C77: 10 de mayo 2023

Sheet EJECUCION FISICA ENERO
L2: CTE-9
L3: Vigente abril 2022
A6: UNIDAD DE CIRUGIA CARDIOVASCULAR DE GUATEMALA
A7: 5a. AVENIDA 6-22 ZONA 11
A8: dgunicar@yahoo.es Tel. 24163000
B10: Ejecucion y/o avance de cumplimiento de metas fisicas correspondiente al primer cuatrimestre
A11: No. | B11: Servicio | C11: Enero | E11: Febrero | G11: Marzo | I11: Abril | K11: Total cuatrimestre
C12: Programado | D12: Ejecutado | E12: Programado | F12: Ejecutado | G12: Programado | H12: Ejecutado | I12: Programado | J12: Ejecutado | K12: Programado | L12: Ejecutado
A13: 1 | B13: CIRUGIA DE ADULTOS | C13: 7 | D13: 10 | K13: =+C13+E13+G13+I13 -> 7 | L13: =+D13+F13+H13+J13 -> 10
A14: 2 | B14: CIRUGIA DE PEDIATRIA | C14: 7 | D14: 9 | K14: =+C14+E14+G14+I14 -> 7 | L14: =+D14+F14+H14+J14 -> 9
A15: 3 | B15: HEMODINAMIA ADULTOS | C15: 42 | D15: 92 | K15: =+C15+E15+G15+I15 -> 42 | L15: =+D15+F15+H15+J15 -> 92
A16: 4 | B16: HEMODINAMIA PEDIATRIA | C16: 6 | D16: 14 | K16: =+C16+E16+G16+I16 -> 6 | L16: =+D16+F16+H16+J16 -> 14
A17: 5 | B17: ECOCARDIOGRAMA ADULTOS | C17: 195 | D17: 468 | K17: =+C17+E17+G17+I17 -> 195 | L17: =+D17+F17+H17+J17 -> 468
A18: 6 | B18: ECOCARDIOGRAMA PEDIATRIA | C18: 167 | D18: 419 | K18: =+C18+E18+G18+I18 -> 167 | L18: =+D18+F18+H18+J18 -> 419
A19: 7 | B19: ELECTROCARDIOGRAMAS ADULTOS | C19: 64 | D19: 133 | K19: =+C19+E19+G19+I19 -> 64 | L19: =+D19+F19+H19+J19 -> 133
A20: 8 | B20: ELECTROCARDIOGRAMAS PEDIATRIA | C20: 75 | D20: 184 | K20: =+C20+E20+G20+I20 -> 75 | L20: =+D20+F20+H20+J20 -> 184
A21: 9 | B21: CONSULTAS MEDICAS ADULTOS | C21: 482 | D21: 1075 | K21: =+C21+E21+G21+I21 -> 482 | L21: =+D21+F21+H21+J21 -> 1075
A22: 10 | B22: CONSULTA MEDICAS PEDIATRICAS | C22: 230 | D22: 505 | K22: =+C22+E22+G22+I22 -> 230 | L22: =+D22+F22+H22+J22 -> 505
A23: 11 | B23: ESTOMATOLOGIA | C23: 22 | D23: 47 | K23: =+C23+E23+G23+I23 -> 22 | L23: =+D23+F23+H23+J23 -> 47
A24: 12 | B24: ENCAMAMIENTO POR COMPLICACIONES | C24: 7 | D24: 20 | K24: =+C24+E24+G24+I24 -> 7 | L24: =+D24+F24+H24+J24 -> 20
... A28: 16 | B28: MONITOREO DE PRESION ARTERIAL | C28: 5 | D28: 0 | K28: =+C28+E28+G28+I28 -> 5 | L28: =+D28+F28+H28+J28 -> 0
A29: Total | C29: =SUM(C13:C28) -> 1368 | D29: =SUM(D13:D28) -> 3109 | E29: =SUM(E13:E28) -> 0 | F29: =SUM(F13:F28) -> 0 | G29: =SUM(G13:G28) -> 0 | H29: =SUM(H13:H28) -> 0 | I29: =SUM(I13:I28) -> 0 | J29: =SUM(J13:J28) -> 0 | ... L29: =SUM(L13:L28) -> 3109
B31: Programacion de metas fisicas versus ejecucion (mensual) segundo cuatrimestre
A32: No. | B32: Servicio | C32: Mayo | E32: Junio | G32: Julio | I32: Agosto | K32: Totales | M32: Total acumulado
C33: Programado | D33: Ejecutado | E33: Programado | F33: Ejecutado | G33: Programado | H33: Ejecutado | I33: Programado | J33: Ejecutado | K33: Programado | L33: Ejecutado | M33: Programado | N33: Ejecutado
A34: 1 | B34: CIRUGIA DE ADULTOS | K34: =+C34+E34+G34+I34 -> 0 | L34: =+D34+F34+H34+J34 -> 0 | M34: =+K34+K13 -> 7 | N34: =+L34+L13 -> 10
A35: 2 | B35: CIRUGIA DE PEDIATRIA | K35: =+C35+E35+G35+I35 -> 0 | L35: =+D35+F35+H35+J35 -> 0 | M35: =+K35+K14 -> 7 | N35: =+L35+L14 -> 9
A36: 3 | B36: HEMODINAMIA ADULTOS | K36: =+C36+E36+G36+I36 -> 0 | L36: =+D36+F36+H36+J36 -> 0 | M36: =+K36+K15 -> 42 | N36: =+L36+L15 -> 92
A37: 4 | B37: HEMODINAMIA PEDIATRIA | K37: =+C37+E37+G37+I37 -> 0 | L37: =+D37+F37+H37+J37 -> 0 | M37: =+K37+K16 -> 6 | N37: =+L37+L16 -> 14
A38: 5 | B38: ECOCARDIOGRAMA ADULTOS | K38: =+C38+E38+G38+I38 -> 0 | L38: =+D38+F38+H38+J38 -> 0 | M38: =+K38+K17 -> 195 | N38: =+L38+L17 -> 468
A39: 6 | B39: ECOCARDIOGRAMA PEDIATRIA | K39: =+C39+E39+G39+I39 -> 0 | L39: =+D39+F39+H39+J39 -> 0 | M39: =+K39+K18 -> 167 | N39: =+L39+L18 -> 419
A40: 7 | B40: ELECTROCARDIOGRAMAS ADULTOS | K40: =+C40+E40+G40+I40 -> 0 | L40: =+D40+F40+H40+J40 -> 0 | M40: =+K40+K19 -> 64 | N40: =+L40+L19 -> 133
A41: 8 | B41: ELECTROCARDIOGRAMAS PEDIATRIA | K41: =+C41+E41+G41+I41 -> 0 | L41: =+D41+F41+H41+J41 -> 0 | M41: =+K41+K20 -> 75 | N41: =+L41+L20 -> 184
A42: 9 | B42: CONSULTAS MEDICAS ADULTOS | K42: =+C42+E42+G42+I42 -> 0 | L42: =+D42+F42+H42+J42 -> 0 | M42: =+K42+K21 -> 482 | N42: =+L42+L21 -> 1075
A43: 10 | B43: CONSULTA MEDICAS PEDIATRICAS | K43: =+C43+E43+G43+I43 -> 0 | L43: =+D43+F43+H43+J43 -> 0 | M43: =+K43+K22 -> 230 | N43: =+L43+L22 -> 505
A44: 11 | B44: ESTOMATOLOGIA | K44: =+C44+E44+G44+I44 -> 0 | L44: =+D44+F44+H44+J44 -> 0 | M44: =+K44+K23 -> 22 | N44: =+L44+L23 -> 47
A45: 12 | B45: ENCAMAMIENTO POR COMPLICACIONES | K45: =+C45+E45+G45+I45 -> 0 | L45: =+D45+F45+H45+J45 -> 0 | M45: =+K45+K24 -> 7 | N45: =+L45+L24 -> 20
... A49: 16 | B49: MONITOREO DE PRESION ARTERIAL | K49: =+C49+E49+G49+I49 -> 0 | L49: =+D49+F49+H49+J49 -> 0 | M49: =+K49+K28 -> 5 | N49: =+L49+L28 -> 0
A50: Total | C50: =SUM(C34:C49) -> 0 | D50: =SUM(D34:D49) -> 0 | E50: =SUM(E34:E49) -> 0 | F50: =SUM(F34:F49) -> 0 | G50: =SUM(G34:G49) -> 0 | H50: =SUM(H34:H49) -> 0 | I50: =SUM(I34:I49) -> 0 | J50: =SUM(J34:J49) -> 0 | ... N50: =SUM(N34:N49) -> 3109
B52: Programacion de metas fisicas versus ejecucion (mensual) tercer cuatrimestre
A53: No. | B53: Servicio | C53: Septiembre | E53: Octubre | G53: Noviembre | I53: Diciembre | K53: Totales | M53: Total acumulado
C54: Programado | D54: Ejecutado | E54: Programado | F54: Ejecutado | G54: Programado | H54: Ejecutado | I54: Programado | J54: Ejecutado | K54: Programado | L54: Ejecutado | M54: Programado | N54: Ejecutado
A55: 1 | B55: CIRUGIA DE ADULTOS | K55: =+C55+E55+G55+I55 -> 0 | L55: =+D55+F55+H55+J55 -> 0 | M55: =+K55+M34 -> 7 | N55: =+L55+N34 -> 10
A56: 2 | B56: CIRUGIA DE PEDIATRIA | K56: =+C56+E56+G56+I56 -> 0 | L56: =+D56+F56+H56+J56 -> 0 | M56: =+K56+M35 -> 7 | N56: =+L56+N35 -> 9
A57: 3 | B57: HEMODINAMIA ADULTOS | K57: =+C57+E57+G57+I57 -> 0 | L57: =+D57+F57+H57+J57 -> 0 | M57: =+K57+M36 -> 42 | N57: =+L57+N36 -> 92
A58: 4 | B58: HEMODINAMIA PEDIATRIA | K58: =+C58+E58+G58+I58 -> 0 | L58: =+D58+F58+H58+J58 -> 0 | M58: =+K58+M37 -> 6 | N58: =+L58+N37 -> 14
A59: 5 | B59: ECOCARDIOGRAMA ADULTOS | K59: =+C59+E59+G59+I59 -> 0 | L59: =+D59+F59+H59+J59 -> 0 | M59: =+K59+M38 -> 195 | N59: =+L59+N38 -> 468
A60: 6 | B60: ECOCARDIOGRAMA PEDIATRIA | K60: =+C60+E60+G60+I60 -> 0 | L60: =+D60+F60+H60+J60 -> 0 | M60: =+K60+M39 -> 167 | N60: =+L60+N39 -> 419
A61: 7 | B61: ELECTROCARDIOGRAMAS ADULTOS | K61: =+C61+E61+G61+I61 -> 0 | L61: =+D61+F61+H61+J61 -> 0 | M61: =+K61+M40 -> 64 | N61: =+L61+N40 -> 133
A62: 8 | B62: ELECTROCARDIOGRAMAS PEDIATRIA | K62: =+C62+E62+G62+I62 -> 0 | L62: =+D62+F62+H62+J62 -> 0 | M62: =+K62+M41 -> 75 | N62: =+L62+N41 -> 184
A63: 9 | B63: CONSULTAS MEDICAS ADULTOS | K63: =+C63+E63+G63+I63 -> 0 | L63: =+D63+F63+H63+J63 -> 0 | M63: =+K63+M42 -> 482 | N63: =+L63+N42 -> 1075
A64: 10 | B64: CONSULTA MEDICAS PEDIATRICAS | K64: =+C64+E64+G64+I64 -> 0 | L64: =+D64+F64+H64+J64 -> 0 | M64: =+K64+M43 -> 230 | N64: =+L64+N43 -> 505
A65: 11 | B65: ESTOMATOLOGIA | K65: =+C65+E65+G65+I65 -> 0 | L65: =+D65+F65+H65+J65 -> 0 | M65: =+K65+M44 -> 22 | N65: =+L65+N44 -> 47
A66: 12 | B66: ENCAMAMIENTO POR COMPLICACIONES | K66: =+C66+E66+G66+I66 -> 0 | L66: =+D66+F66+H66+J66 -> 0 | M66: =+K66+M45 -> 7 | N66: =+L66+N45 -> 20
... A70: 16 | B70: MONITOREO DE PRESION ARTERIAL | K70: =+C70+E70+G70+I70 -> 0 | L70: =+D70+F70+H70+J70 -> 0 | M70: =+K70+M49 -> 5 | N70: =+L70+N49 -> 0
A71: Total | C71: =SUM(C55:C70) -> 0 | D71: =SUM(D55:D70) -> 0 | E71: =SUM(E55:E70) -> 0 | F71: =SUM(F55:F70) -> 0 | G71: =SUM(G55:G70) -> 0 | H71: =SUM(H55:H70) -> 0 | I71: =SUM(I55:I70) -> 0 | J71: =SUM(J55:J70) -> 0 | ... N71: =SUM(N55:N70) -> 3109
B74: RESUMEN AÑO 2023
A75: No. | B75: Servicio | C75: Totales
C76: Programado | D76: Ejecutado
A77: 1 | B77: CIRUGIA DE ADULTOS | C77: =+K13+K34+K55 -> 7 | D77: =+L13+L34+L55 -> 10
A78: 2 | B78: CIRUGIA DE PEDIATRIA | C78: =+K14+K35+K56 -> 7 | D78: =+L14+L35+L56 -> 9
A79: 3 | B79: HEMODINAMIA ADULTOS | C79: =+K15+K36+K57 -> 42 | D79: =+L15+L36+L57 -> 92
A80: 4 | B80: HEMODINAMIA PEDIATRIA | C80: =+K16+K37+K58 -> 6 | D80: =+L16+L37+L58 -> 14
A81: 5 | B81: ECOCARDIOGRAMA ADULTOS | C81: =+K17+K38+K59 -> 195 | D81: =+L17+L38+L59 -> 468
A82: 6 | B82: ECOCARDIOGRAMA PEDIATRIA | C82: =+K18+K39+K60 -> 167 | D82: =+L18+L39+L60 -> 419
A83: 7 | B83: ELECTROCARDIOGRAMAS ADULTOS | C83: =+K19+K40+K61 -> 64 | D83: =+L19+L40+L61 -> 133
A84: 8 | B84: ELECTROCARDIOGRAMAS PEDIATRIA | C84: =+K20+K41+K62 -> 75 | D84: =+L20+L41+L62 -> 184
A85: 9 | B85: CONSULTAS MEDICAS ADULTOS | C85: =+K21+K42+K63 -> 482 | D85: =+L21+L42+L63 -> 1075
A86: 10 | B86: CONSULTA MEDICAS PEDIATRICAS | C86: =+K22+K43+K64 -> 230 | D86: =+L22+L43+L64 -> 505
A87: 11 | B87: ESTOMATOLOGIA | C87: =+K23+K44+K65 -> 22 | D87: =+L23+L44+L65 -> 47
A88: 12 | B88: ENCAMAMIENTO POR COMPLICACIONES | C88: =+K24+K45+K66 -> 7 | D88: =+L24+L45+L66 -> 20
... A90: 14 | B90: ESTUDIOS ELECTROFISIOLOGICOS | C90: =+K26+K47+K68 -> 1 | D90: =+L26+L47+L68 -> 6
A91: 15 | B91: HOLTERS | C91: =+K27+K49+K70 -> 20 | D91: =+L27+L49+L70 -> 64
A92: 16 | B92: MONITOREO DE PRESION ARTERIAL | C92: =+K28+K49+K70 -> 5 | D92: =+L28+L49+L70 -> 0
A93: Total | C93: =SUM(C77:C92) -> 1368 | D93: =SUM(D77:D92) -> 3109
B117: Elaborado por: | C117: ___________________________ | F117: Autorizado por: | H117: _______________________________________
C118: VÍctor Cresencio Reyes Porres | H118: Dr. Walter Antonio Mazariegos Samayoa
C119: Jefe de Contabilidad | H119: Director General
B120: Fecha: | C120: 10 de febrero 2,023

Sheet EJECUCION FISICA FEBRERO
L2: CTE-9
L3: Vigente abril 2022
A6: UNIDAD DE CIRUGIA CARDIOVASCULAR DE GUATEMALA
A7: 5a. AVENIDA 6-22 ZONA 11
A8: dgunicar@yahoo.es Tel. 24163000
B10: Ejecucion y/o avance de cumplimiento de metas fisicas correspondiente al primer cuatrimestre
A11: No. | B11: Servicio | C11: Enero | E11: Febrero | G11: Marzo | I11: Abril | K11: Total cuatrimestre
C12: Programado | D12: Ejecutado | E12: Programado | F12: Ejecutado | G12: Programado | H12: Ejecutado | I12: Programado | J12: Ejecutado | K12: Programado | L12: Ejecutado
A13: 1 | B13: CIRUGIA DE ADULTOS | C13: 7 | D13: 10 | E13: 14 | F13: 18 | K13: =+C13+E13+G13+I13 -> 21 | L13: =+D13+F13+H13+J13 -> 28
A14: 2 | B14: CIRUGIA DE PEDIATRIA | C14: 7 | D14: 9 | E14: 15 | F14: 15 | K14: =+C14+E14+G14+I14 -> 22 | L14: =+D14+F14+H14+J14 -> 24
A15: 3 | B15: HEMODINAMIA ADULTOS | C15: 42 | D15: 92 | E15: 93 | F15: 88 | K15: =+C15+E15+G15+I15 -> 135 | L15: =+D15+F15+H15+J15 -> 180
A16: 4 | B16: HEMODINAMIA PEDIATRIA | C16: 6 | D16: 14 | E16: 15 | F16: 16 | K16: =+C16+E16+G16+I16 -> 21 | L16: =+D16+F16+H16+J16 -> 30
A17: 5 | B17: ECOCARDIOGRAMA ADULTOS | C17: 195 | D17: 468 | E17: 428 | F17: 503 | K17: =+C17+E17+G17+I17 -> 623 | L17: =+D17+F17+H17+J17 -> 971
A18: 6 | B18: ECOCARDIOGRAMA PEDIATRIA | C18: 167 | D18: 419 | E18: 367 | F18: 382 | K18: =+C18+E18+G18+I18 -> 534 | L18: =+D18+F18+H18+J18 -> 801
A19: 7 | B19: ELECTROCARDIOGRAMAS ADULTOS | C19: 64 | D19: 133 | E19: 137 | F19: 136 | K19: =+C19+E19+G19+I19 -> 201 | L19: =+D19+F19+H19+J19 -> 269
A20: 8 | B20: ELECTROCARDIOGRAMAS PEDIATRIA | C20: 75 | D20: 184 | E20: 165 | F20: 160 | K20: =+C20+E20+G20+I20 -> 240 | L20: =+D20+F20+H20+J20 -> 344
A21: 9 | B21: CONSULTAS MEDICAS ADULTOS | C21: 482 | D21: 1075 | E21: 1059 | F21: 1078 | K21: =+C21+E21+G21+I21 -> 1541 | L21: =+D21+F21+H21+J21 -> 2153
A22: 10 | B22: CONSULTA MEDICAS PEDIATRICAS | C22: 230 | D22: 505 | E22: 506 | F22: 440 | K22: =+C22+E22+G22+I22 -> 736 | L22: =+D22+F22+H22+J22 -> 945
A23: 11 | B23: ESTOMATOLOGIA | C23: 22 | D23: 47 | E23: 47 | F23: 45 | K23: =+C23+E23+G23+I23 -> 69 | L23: =+D23+F23+H23+J23 -> 92
A24: 12 | B24: ENCAMAMIENTO POR COMPLICACIONES | C24: 7 | D24: 20 | E24: 20 | F24: 20 | K24: =+C24+E24+G24+I24 -> 27 | L24: =+D24+F24+H24+J24 -> 40
... A28: 16 | B28: MONITOREO DE PRESION ARTERIAL | C28: 5 | D28: 0 | E28: 8 | F28: 0 | K28: =+C28+E28+G28+I28 -> 13 | L28: =+D28+F28+H28+J28 -> 0
A29: Total | C29: =SUM(C13:C28) -> 1368 | D29: =SUM(D13:D28) -> 3109 | E29: =SUM(E13:E28) -> 3002 | F29: =SUM(F13:F28) -> 3034 | G29: =SUM(G13:G28) -> 0 | H29: =SUM(H13:H28) -> 0 | I29: =SUM(I13:I28) -> 0 | J29: =SUM(J13:J28) -> 0 | ... L29: =SUM(L13:L28) -> 6143
B31: Programacion de metas fisicas versus ejecucion (mensual) segundo cuatrimestre
A32: No. | B32: Servicio | C32: Mayo | E32: Junio | G32: Julio | I32: Agosto | K32: Totales | M32: Total acumulado
C33: Programado | D33: Ejecutado | E33: Programado | F33: Ejecutado | G33: Programado | H33: Ejecutado | I33: Programado | J33: Ejecutado | K33: Programado | L33: Ejecutado | M33: Programado | N33: Ejecutado
A34: 1 | B34: CIRUGIA DE ADULTOS | K34: =+C34+E34+G34+I34 -> 0 | L34: =+D34+F34+H34+J34 -> 0 | M34: =+K34+K13 -> 21 | N34: =+L34+L13 -> 28
A35: 2 | B35: CIRUGIA DE PEDIATRIA | K35: =+C35+E35+G35+I35 -> 0 | L35: =+D35+F35+H35+J35 -> 0 | M35: =+K35+K14 -> 22 | N35: =+L35+L14 -> 24
A36: 3 | B36: HEMODINAMIA ADULTOS | K36: =+C36+E36+G36+I36 -> 0 | L36: =+D36+F36+H36+J36 -> 0 | M36: =+K36+K15 -> 135 | N36: =+L36+L15 -> 180
A37: 4 | B37: HEMODINAMIA PEDIATRIA | K37: =+C37+E37+G37+I37 -> 0 | L37: =+D37+F37+H37+J37 -> 0 | M37: =+K37+K16 -> 21 | N37: =+L37+L16 -> 30
A38: 5 | B38: ECOCARDIOGRAMA ADULTOS | K38: =+C38+E38+G38+I38 -> 0 | L38: =+D38+F38+H38+J38 -> 0 | M38: =+K38+K17 -> 623 | N38: =+L38+L17 -> 971
A39: 6 | B39: ECOCARDIOGRAMA PEDIATRIA | K39: =+C39+E39+G39+I39 -> 0 | L39: =+D39+F39+H39+J39 -> 0 | M39: =+K39+K18 -> 534 | N39: =+L39+L18 -> 801
A40: 7 | B40: ELECTROCARDIOGRAMAS ADULTOS | K40: =+C40+E40+G40+I40 -> 0 | L40: =+D40+F40+H40+J40 -> 0 | M40: =+K40+K19 -> 201 | N40: =+L40+L19 -> 269
A41: 8 | B41: ELECTROCARDIOGRAMAS PEDIATRIA | K41: =+C41+E41+G41+I41 -> 0 | L41: =+D41+F41+H41+J41 -> 0 | M41: =+K41+K20 -> 240 | N41: =+L41+L20 -> 344
A42: 9 | B42: CONSULTAS MEDICAS ADULTOS | K42: =+C42+E42+G42+I42 -> 0 | L42: =+D42+F42+H42+J42 -> 0 | M42: =+K42+K21 -> 1541 | N42: =+L42+L21 -> 2153
A43: 10 | B43: CONSULTA MEDICAS PEDIATRICAS | K43: =+C43+E43+G43+I43 -> 0 | L43: =+D43+F43+H43+J43 -> 0 | M43: =+K43+K22 -> 736 | N43: =+L43+L22 -> 945
A44: 11 | B44: ESTOMATOLOGIA | K44: =+C44+E44+G44+I44 -> 0 | L44: =+D44+F44+H44+J44 -> 0 | M44: =+K44+K23 -> 69 | N44: =+L44+L23 -> 92
A45: 12 | B45: ENCAMAMIENTO POR COMPLICACIONES | K45: =+C45+E45+G45+I45 -> 0 | L45: =+D45+F45+H45+J45 -> 0 | M45: =+K45+K24 -> 27 | N45: =+L45+L24 -> 40
... A49: 16 | B49: MONITOREO DE PRESION ARTERIAL | K49: =+C49+E49+G49+I49 -> 0 | L49: =+D49+F49+H49+J49 -> 0 | M49: =+K49+K28 -> 13 | N49: =+L49+L28 -> 0
A50: Total | C50: =SUM(C34:C49) -> 0 | D50: =SUM(D34:D49) -> 0 | E50: =SUM(E34:E49) -> 0 | F50: =SUM(F34:F49) -> 0 | G50: =SUM(G34:G49) -> 0 | H50: =SUM(H34:H49) -> 0 | I50: =SUM(I34:I49) -> 0 | J50: =SUM(J34:J49) -> 0 | ... N50: =SUM(N34:N49) -> 6143
B52: Programacion de metas fisicas versus ejecucion (mensual) tercer cuatrimestre
A53: No. | B53: Servicio | C53: Septiembre | E53: Octubre | G53: Noviembre | I53: Diciembre | K53: Totales | M53: Total acumulado
C54: Programado | D54: Ejecutado | E54: Programado | F54: Ejecutado | G54: Programado | H54: Ejecutado | I54: Programado | J54: Ejecutado | K54: Programado | L54: Ejecutado | M54: Programado | N54: Ejecutado
A55: 1 | B55: CIRUGIA DE ADULTOS | K55: =+C55+E55+G55+I55 -> 0 | L55: =+D55+F55+H55+J55 -> 0 | M55: =+K55+M34 -> 21 | N55: =+L55+N34 -> 28
A56: 2 | B56: CIRUGIA DE PEDIATRIA | K56: =+C56+E56+G56+I56 -> 0 | L56: =+D56+F56+H56+J56 -> 0 | M56: =+K56+M35 -> 22 | N56: =+L56+N35 -> 24
A57: 3 | B57: HEMODINAMIA ADULTOS | K57: =+C57+E57+G57+I57 -> 0 | L57: =+D57+F57+H57+J57 -> 0 | M57: =+K57+M36 -> 135 | N57: =+L57+N36 -> 180
A58: 4 | B58: HEMODINAMIA PEDIATRIA | K58: =+C58+E58+G58+I58 -> 0 | L58: =+D58+F58+H58+J58 -> 0 | M58: =+K58+M37 -> 21 | N58: =+L58+N37 -> 30
A59: 5 | B59: ECOCARDIOGRAMA ADULTOS | K59: =+C59+E59+G59+I59 -> 0 | L59: =+D59+F59+H59+J59 -> 0 | M59: =+K59+M38 -> 623 | N59: =+L59+N38 -> 971
A60: 6 | B60: ECOCARDIOGRAMA PEDIATRIA | K60: =+C60+E60+G60+I60 -> 0 | L60: =+D60+F60+H60+J60 -> 0 | M60: =+K60+M39 -> 534 | N60: =+L60+N39 -> 801
A61: 7 | B61: ELECTROCARDIOGRAMAS ADULTOS | K61: =+C61+E61+G61+I61 -> 0 | L61: =+D61+F61+H61+J61 -> 0 | M61: =+K61+M40 -> 201 | N61: =+L61+N40 -> 269
A62: 8 | B62: ELECTROCARDIOGRAMAS PEDIATRIA | K62: =+C62+E62+G62+I62 -> 0 | L62: =+D62+F62+H62+J62 -> 0 | M62: =+K62+M41 -> 240 | N62: =+L62+N41 -> 344
A63: 9 | B63: CONSULTAS MEDICAS ADULTOS | K63: =+C63+E63+G63+I63 -> 0 | L63: =+D63+F63+H63+J63 -> 0 | M63: =+K63+M42 -> 1541 | N63: =+L63+N42 -> 2153
A64: 10 | B64: CONSULTA MEDICAS PEDIATRICAS | K64: =+C64+E64+G64+I64 -> 0 | L64: =+D64+F64+H64+J64 -> 0 | M64: =+K64+M43 -> 736 | N64: =+L64+N43 -> 945
A65: 11 | B65: ESTOMATOLOGIA | K65: =+C65+E65+G65+I65 -> 0 | L65: =+D65+F65+H65+J65 -> 0 | M65: =+K65+M44 -> 69 | N65: =+L65+N44 -> 92
A66: 12 | B66: ENCAMAMIENTO POR COMPLICACIONES | K66: =+C66+E66+G66+I66 -> 0 | L66: =+D66+F66+H66+J66 -> 0 | M66: =+K66+M45 -> 27 | N66: =+L66+N45 -> 40
... A70: 16 | B70: MONITOREO DE PRESION ARTERIAL | K70: =+C70+E70+G70+I70 -> 0 | L70: =+D70+F70+H70+J70 -> 0 | M70: =+K70+M49 -> 13 | N70: =+L70+N49 -> 0
A71: Total | C71: =SUM(C55:C70) -> 0 | D71: =SUM(D55:D70) -> 0 | E71: =SUM(E55:E70) -> 0 | F71: =SUM(F55:F70) -> 0 | G71: =SUM(G55:G70) -> 0 | H71: =SUM(H55:H70) -> 0 | I71: =SUM(I55:I70) -> 0 | J71: =SUM(J55:J70) -> 0 | ... N71: =SUM(N55:N70) -> 6143
B74: RESUMEN AÑO 2023
A75: No. | B75: Servicio | C75: Totales
C76: Programado | D76: Ejecutado
A77: 1 | B77: CIRUGIA DE ADULTOS | C77: =+K13+K34+K55 -> 21 | D77: =+L13+L34+L55 -> 28
A78: 2 | B78: CIRUGIA DE PEDIATRIA | C78: =+K14+K35+K56 -> 22 | D78: =+L14+L35+L56 -> 24
A79: 3 | B79: HEMODINAMIA ADULTOS | C79: =+K15+K36+K57 -> 135 | D79: =+L15+L36+L57 -> 180
A80: 4 | B80: HEMODINAMIA PEDIATRIA | C80: =+K16+K37+K58 -> 21 | D80: =+L16+L37+L58 -> 30
A81: 5 | B81: ECOCARDIOGRAMA ADULTOS | C81: =+K17+K38+K59 -> 623 | D81: =+L17+L38+L59 -> 971
A82: 6 | B82: ECOCARDIOGRAMA PEDIATRIA | C82: =+K18+K39+K60 -> 534 | D82: =+L18+L39+L60 -> 801
A83: 7 | B83: ELECTROCARDIOGRAMAS ADULTOS | C83: =+K19+K40+K61 -> 201 | D83: =+L19+L40+L61 -> 269
A84: 8 | B84: ELECTROCARDIOGRAMAS PEDIATRIA | C84: =+K20+K41+K62 -> 240 | D84: =+L20+L41+L62 -> 344
A85: 9 | B85: CONSULTAS MEDICAS ADULTOS | C85: =+K21+K42+K63 -> 1541 | D85: =+L21+L42+L63 -> 2153
A86: 10 | B86: CONSULTA MEDICAS PEDIATRICAS | C86: =+K22+K43+K64 -> 736 | D86: =+L22+L43+L64 -> 945
A87: 11 | B87: ESTOMATOLOGIA | C87: =+K23+K44+K65 -> 69 | D87: =+L23+L44+L65 -> 92
A88: 12 | B88: ENCAMAMIENTO POR COMPLICACIONES | C88: =+K24+K45+K66 -> 27 | D88: =+L24+L45+L66 -> 40
... A90: 14 | B90: ESTUDIOS ELECTROFISIOLOGICOS | C90: =+K26+K47+K68 -> 3 | D90: =+L26+L47+L68 -> 8
A91: 15 | B91: HOLTERS | C91: =+K27+K49+K70 -> 63 | D91: =+L27+L49+L70 -> 123
A92: 16 | B92: MONITOREO DE PRESION ARTERIAL | C92: =+K28+K49+K70 -> 13 | D92: =+L28+L49+L70 -> 0
A93: Total | C93: =SUM(C77:C92) -> 4370 | D93: =SUM(D77:D92) -> 6143
B117: Elaborado por: | C117: ___________________________ | F117: Autorizado por: | H117: _______________________________________
C118: VÍctor Cresencio Reyes Porres | H118: Dr. Walter Antonio Mazariegos Samayoa
C119: Jefe de Contabilidad | H119: Director General
B120: Fecha: | C120: 10 de marzo 2,023

Sheet EJECUCION FISICA MARZO
L2: CTE-9
L3: Vigente abril 2022
A6: UNIDAD DE CIRUGIA CARDIOVASCULAR DE GUATEMALA
A7: 5a. AVENIDA 6-22 ZONA 11
A8: dgunicar@yahoo.es Tel. 24163000
B10: Ejecucion y/o avance de cumplimiento de metas fisicas correspondiente al primer cuatrimestre
A11: No. | B11: Servicio | C11: Enero | E11: Febrero | G11: Marzo | I11: Abril | K11: Total cuatrimestre
C12: Programado | D12: Ejecutado | E12: Programado | F12: Ejecutado | G12: Programado | H12: Ejecutado | I12: Programado | J12: Ejecutado | K12: Programado | L12: Ejecutado
A13: 1 | B13: CIRUGIA DE ADULTOS | C13: 7 | D13: 10 | E13: 14 | F13: 18 | G13: 15 | H13: 21 | K13: =+C13+E13+G13+I13 -> 36 | L13: =+D13+F13+H13+J13 -> 49
A14: 2 | B14: CIRUGIA DE PEDIATRIA | C14: 7 | D14: 9 | E14: 15 | F14: 15 | G14: 16 | H14: 16 | K14: =+C14+E14+G14+I14 -> 38 | L14: =+D14+F14+H14+J14 -> 40
A15: 3 | B15: HEMODINAMIA ADULTOS | C15: 42 | D15: 92 | E15: 93 | F15: 88 | G15: 94 | H15: 100 | K15: =+C15+E15+G15+I15 -> 229 | L15: =+D15+F15+H15+J15 -> 280
A16: 4 | B16: HEMODINAMIA PEDIATRIA | C16: 6 | D16: 14 | E16: 15 | F16: 16 | G16: 15 | H16: 17 | K16: =+C16+E16+G16+I16 -> 36 | L16: =+D16+F16+H16+J16 -> 47
A17: 5 | B17: ECOCARDIOGRAMA ADULTOS | C17: 195 | D17: 468 | E17: 428 | F17: 503 | G17: 428 | H17: 606 | K17: =+C17+E17+G17+I17 -> 1051 | L17: =+D17+F17+H17+J17 -> 1577
A18: 6 | B18: ECOCARDIOGRAMA PEDIATRIA | C18: 167 | D18: 419 | E18: 367 | F18: 382 | G18: 367 | H18: 423 | K18: =+C18+E18+G18+I18 -> 901 | L18: =+D18+F18+H18+J18 -> 1224
A19: 7 | B19: ELECTROCARDIOGRAMAS ADULTOS | C19: 64 | D19: 133 | E19: 137 | F19: 136 | G19: 138 | H19: 144 | K19: =+C19+E19+G19+I19 -> 339 | L19: =+D19+F19+H19+J19 -> 413
A20: 8 | B20: ELECTROCARDIOGRAMAS PEDIATRIA | C20: 75 | D20: 184 | E20: 165 | F20: 160 | G20: 165 | H20: 163 | K20: =+C20+E20+G20+I20 -> 405 | L20: =+D20+F20+H20+J20 -> 507
A21: 9 | B21: CONSULTAS MEDICAS ADULTOS | C21: 482 | D21: 1075 | E21: 1059 | F21: 1078 | G21: 1059 | H21: 1250 | K21: =+C21+E21+G21+I21 -> 2600 | L21: =+D21+F21+H21+J21 -> 3403
A22: 10 | B22: CONSULTA MEDICAS PEDIATRICAS | C22: 230 | D22: 505 | E22: 506 | F22: 440 | G22: 506 | H22: 447 | K22: =+C22+E22+G22+I22 -> 1242 | L22: =+D22+F22+H22+J22 -> 1392
A23: 11 | B23: ESTOMATOLOGIA | C23: 22 | D23: 47 | E23: 47 | F23: 45 | G23: 47 | H23: 43 | K23: =+C23+E23+G23+I23 -> 116 | L23: =+D23+F23+H23+J23 -> 135
A24: 12 | B24: ENCAMAMIENTO POR COMPLICACIONES | C24: 7 | D24: 20 | E24: 20 | F24: 20 | G24: 20 | H24: 34 | K24: =+C24+E24+G24+I24 -> 47 | L24: =+D24+F24+H24+J24 -> 74
... A28: 16 | B28: MONITOREO DE PRESION ARTERIAL | C28: 5 | D28: 0 | E28: 8 | F28: 0 | G28: 8 | H28: 0 | K28: =+C28+E28+G28+I28 -> 21 | L28: =+D28+F28+H28+J28 -> 0
A29: Total | C29: =SUM(C13:C28) -> 1368 | D29: =SUM(D13:D28) -> 3109 | E29: =SUM(E13:E28) -> 3002 | F29: =SUM(F13:F28) -> 3034 | G29: =SUM(G13:G28) -> 3006 | H29: =SUM(H13:H28) -> 3417 | I29: =SUM(I13:I28) -> 0 | J29: =SUM(J13:J28) -> 0 | ... L29: =SUM(L13:L28) -> 9560
B31: Programacion de metas fisicas versus ejecucion (mensual) segundo cuatrimestre
A32: No. | B32: Servicio | C32: Mayo | E32: Junio | G32: Julio | I32: Agosto | K32: Totales | M32: Total acumulado
C33: Programado | D33: Ejecutado | E33: Programado | F33: Ejecutado | G33: Programado | H33: Ejecutado | I33: Programado | J33: Ejecutado | K33: Programado | L33: Ejecutado | M33: Programado | N33: Ejecutado
A34: 1 | B34: CIRUGIA DE ADULTOS | K34: =+C34+E34+G34+I34 -> 0 | L34: =+D34+F34+H34+J34 -> 0 | M34: =+K34+K13 -> 36 | N34: =+L34+L13 -> 49
A35: 2 | B35: CIRUGIA DE PEDIATRIA | K35: =+C35+E35+G35+I35 -> 0 | L35: =+D35+F35+H35+J35 -> 0 | M35: =+K35+K14 -> 38 | N35: =+L35+L14 -> 40
A36: 3 | B36: HEMODINAMIA ADULTOS | K36: =+C36+E36+G36+I36 -> 0 | L36: =+D36+F36+H36+J36 -> 0 | M36: =+K36+K15 -> 229 | N36: =+L36+L15 -> 280
A37: 4 | B37: HEMODINAMIA PEDIATRIA | K37: =+C37+E37+G37+I37 -> 0 | L37: =+D37+F37+H37+J37 -> 0 | M37: =+K37+K16 -> 36 | N37: =+L37+L16 -> 47
A38: 5 | B38: ECOCARDIOGRAMA ADULTOS | K38: =+C38+E38+G38+I38 -> 0 | L38: =+D38+F38+H38+J38 -> 0 | M38: =+K38+K17 -> 1051 | N38: =+L38+L17 -> 1577
A39: 6 | B39: ECOCARDIOGRAMA PEDIATRIA | K39: =+C39+E39+G39+I39 -> 0 | L39: =+D39+F39+H39+J39 -> 0 | M39: =+K39+K18 -> 901 | N39: =+L39+L18 -> 1224
A40: 7 | B40: ELECTROCARDIOGRAMAS ADULTOS | K40: =+C40+E40+G40+I40 -> 0 | L40: =+D40+F40+H40+J40 -> 0 | M40: =+K40+K19 -> 339 | N40: =+L40+L19 -> 413
A41: 8 | B41: ELECTROCARDIOGRAMAS PEDIATRIA | K41: =+C41+E41+G41+I41 -> 0 | L41: =+D41+F41+H41+J41 -> 0 | M41: =+K41+K20 -> 405 | N41: =+L41+L20 -> 507
A42: 9 | B42: CONSULTAS MEDICAS ADULTOS | K42: =+C42+E42+G42+I42 -> 0 | L42: =+D42+F42+H42+J42 -> 0 | M42: =+K42+K21 -> 2600 | N42: =+L42+L21 -> 3403
A43: 10 | B43: CONSULTA MEDICAS PEDIATRICAS | K43: =+C43+E43+G43+I43 -> 0 | L43: =+D43+F43+H43+J43 -> 0 | M43: =+K43+K22 -> 1242 | N43: =+L43+L22 -> 1392
A44: 11 | B44: ESTOMATOLOGIA | K44: =+C44+E44+G44+I44 -> 0 | L44: =+D44+F44+H44+J44 -> 0 | M44: =+K44+K23 -> 116 | N44: =+L44+L23 -> 135
A45: 12 | B45: ENCAMAMIENTO POR COMPLICACIONES | K45: =+C45+E45+G45+I45 -> 0 | L45: =+D45+F45+H45+J45 -> 0 | M45: =+K45+K24 -> 47 | N45: =+L45+L24 -> 74
... A49: 16 | B49: MONITOREO DE PRESION ARTERIAL | K49: =+C49+E49+G49+I49 -> 0 | L49: =+D49+F49+H49+J49 -> 0 | M49: =+K49+K28 -> 21 | N49: =+L49+L28 -> 0
A50: Total | C50: =SUM(C34:C49) -> 0 | D50: =SUM(D34:D49) -> 0 | E50: =SUM(E34:E49) -> 0 | F50: =SUM(F34:F49) -> 0 | G50: =SUM(G34:G49) -> 0 | H50: =SUM(H34:H49) -> 0 | I50: =SUM(I34:I49) -> 0 | J50: =SUM(J34:J49) -> 0 | ... N50: =SUM(N34:N49) -> 9560
B52: Programacion de metas fisicas versus ejecucion (mensual) tercer cuatrimestre
A53: No. | B53: Servicio | C53: Septiembre | E53: Octubre | G53: Noviembre | I53: Diciembre | K53: Totales | M53: Total acumulado
C54: Programado | D54: Ejecutado | E54: Programado | F54: Ejecutado | G54: Programado | H54: Ejecutado | I54: Programado | J54: Ejecutado | K54: Programado | L54: Ejecutado | M54: Programado | N54: Ejecutado
A55: 1 | B55: CIRUGIA DE ADULTOS | K55: =+C55+E55+G55+I55 -> 0 | L55: =+D55+F55+H55+J55 -> 0 | M55: =+K55+M34 -> 36 | N55: =+L55+N34 -> 49
A56: 2 | B56: CIRUGIA DE PEDIATRIA | K56: =+C56+E56+G56+I56 -> 0 | L56: =+D56+F56+H56+J56 -> 0 | M56: =+K56+M35 -> 38 | N56: =+L56+N35 -> 40
A57: 3 | B57: HEMODINAMIA ADULTOS | K57: =+C57+E57+G57+I57 -> 0 | L57: =+D57+F57+H57+J57 -> 0 | M57: =+K57+M36 -> 229 | N57: =+L57+N36 -> 280
A58: 4 | B58: HEMODINAMIA PEDIATRIA | K58: =+C58+E58+G58+I58 -> 0 | L58: =+D58+F58+H58+J58 -> 0 | M58: =+K58+M37 -> 36 | N58: =+L58+N37 -> 47
A59: 5 | B59: ECOCARDIOGRAMA ADULTOS | K59: =+C59+E59+G59+I59 -> 0 | L59: =+D59+F59+H59+J59 -> 0 | M59: =+K59+M38 -> 1051 | N59: =+L59+N38 -> 1577
A60: 6 | B60: ECOCARDIOGRAMA PEDIATRIA | K60: =+C60+E60+G60+I60 -> 0 | L60: =+D60+F60+H60+J60 -> 0 | M60: =+K60+M39 -> 901 | N60: =+L60+N39 -> 1224
A61: 7 | B61: ELECTROCARDIOGRAMAS ADULTOS | K61: =+C61+E61+G61+I61 -> 0 | L61: =+D61+F61+H61+J61 -> 0 | M61: =+K61+M40 -> 339 | N61: =+L61+N40 -> 413
A62: 8 | B62: ELECTROCARDIOGRAMAS PEDIATRIA | K62: =+C62+E62+G62+I62 -> 0 | L62: =+D62+F62+H62+J62 -> 0 | M62: =+K62+M41 -> 405 | N62: =+L62+N41 -> 507
A63: 9 | B63: CONSULTAS MEDICAS ADULTOS | K63: =+C63+E63+G63+I63 -> 0 | L63: =+D63+F63+H63+J63 -> 0 | M63: =+K63+M42 -> 2600 | N63: =+L63+N42 -> 3403
A64: 10 | B64: CONSULTA MEDICAS PEDIATRICAS | K64: =+C64+E64+G64+I64 -> 0 | L64: =+D64+F64+H64+J64 -> 0 | M64: =+K64+M43 -> 1242 | N64: =+L64+N43 -> 1392
A65: 11 | B65: ESTOMATOLOGIA | K65: =+C65+E65+G65+I65 -> 0 | L65: =+D65+F65+H65+J65 -> 0 | M65: =+K65+M44 -> 116 | N65: =+L65+N44 -> 135
A66: 12 | B66: ENCAMAMIENTO POR COMPLICACIONES | K66: =+C66+E66+G66+I66 -> 0 | L66: =+D66+F66+H66+J66 -> 0 | M66: =+K66+M45 -> 47 | N66: =+L66+N45 -> 74
... A70: 16 | B70: MONITOREO DE PRESION ARTERIAL | K70: =+C70+E70+G70+I70 -> 0 | L70: =+D70+F70+H70+J70 -> 0 | M70: =+K70+M49 -> 21 | N70: =+L70+N49 -> 0
A71: Total | C71: =SUM(C55:C70) -> 0 | D71: =SUM(D55:D70) -> 0 | E71: =SUM(E55:E70) -> 0 | F71: =SUM(F55:F70) -> 0 | G71: =SUM(G55:G70) -> 0 | H71: =SUM(H55:H70) -> 0 | I71: =SUM(I55:I70) -> 0 | J71: =SUM(J55:J70) -> 0 | ... N71: =SUM(N55:N70) -> 9560
B74: RESUMEN AÑO 2023
A75: No. | B75: Servicio | C75: Totales
C76: Programado | D76: Ejecutado
A77: 1 | B77: CIRUGIA DE ADULTOS | C77: =+K13+K34+K55 -> 36 | D77: =+L13+L34+L55 -> 49
A78: 2 | B78: CIRUGIA DE PEDIATRIA | C78: =+K14+K35+K56 -> 38 | D78: =+L14+L35+L56 -> 40
A79: 3 | B79: HEMODINAMIA ADULTOS | C79: =+K15+K36+K57 -> 229 | D79: =+L15+L36+L57 -> 280
A80: 4 | B80: HEMODINAMIA PEDIATRIA | C80: =+K16+K37+K58 -> 36 | D80: =+L16+L37+L58 -> 47
A81: 5 | B81: ECOCARDIOGRAMA ADULTOS | C81: =+K17+K38+K59 -> 1051 | D81: =+L17+L38+L59 -> 1577
A82: 6 | B82: ECOCARDIOGRAMA PEDIATRIA | C82: =+K18+K39+K60 -> 901 | D82: =+L18+L39+L60 -> 1224
A83: 7 | B83: ELECTROCARDIOGRAMAS ADULTOS | C83: =+K19+K40+K61 -> 339 | D83: =+L19+L40+L61 -> 413
A84: 8 | B84: ELECTROCARDIOGRAMAS PEDIATRIA | C84: =+K20+K41+K62 -> 405 | D84: =+L20+L41+L62 -> 507
A85: 9 | B85: CONSULTAS MEDICAS ADULTOS | C85: =+K21+K42+K63 -> 2600 | D85: =+L21+L42+L63 -> 3403
A86: 10 | B86: CONSULTA MEDICAS PEDIATRICAS | C86: =+K22+K43+K64 -> 1242 | D86: =+L22+L43+L64 -> 1392
A87: 11 | B87: ESTOMATOLOGIA | C87: =+K23+K44+K65 -> 116 | D87: =+L23+L44+L65 -> 135
A88: 12 | B88: ENCAMAMIENTO POR COMPLICACIONES | C88: =+K24+K45+K66 -> 47 | D88: =+L24+L45+L66 -> 74
... A90: 14 | B90: ESTUDIOS ELECTROFISIOLOGICOS | C90: =+K26+K47+K68 -> 5 | D90: =+L26+L47+L68 -> 10
A91: 15 | B91: HOLTERS | C91: =+K27+K49+K70 -> 106 | D91: =+L27+L49+L70 -> 189
A92: 16 | B92: MONITOREO DE PRESION ARTERIAL | C92: =+K28+K49+K70 -> 21 | D92: =+L28+L49+L70 -> 0
A93: Total | C93: =SUM(C77:C92) -> 7376 | D93: =SUM(D77:D92) -> 9560
B117: Elaborado por: | C117: ___________________________ | F117: Autorizado por: | H117: _______________________________________
C118: VÍctor Cresencio Reyes Porres | H118: Dr. Walter Antonio Mazariegos Samayoa
C119: Jefe de Contabilidad | H119: Director General
B120: Fecha: | C120: 10 de abril 2,023

Sheet EJECUCION FISICA ABRIL
L2: CTE-9
L3: Vigente abril 2022
A6: UNIDAD DE CIRUGIA CARDIOVASCULAR DE GUATEMALA
A7: 5a. AVENIDA 6-22 ZONA 11
A8: dgunicar@yahoo.es Tel. 24163000
B10: Ejecucion y/o avance de cumplimiento de metas fisicas correspondiente al primer cuatrimestre
A11: No. | B11: Servicio | C11: Enero | E11: Febrero | G11: Marzo | I11: Abril | K11: Total cuatrimestre
C12: Programado | D12: Ejecutado | E12: Programado | F12: Ejecutado | G12: Programado | H12: Ejecutado | I12: Programado | J12: Ejecutado | K12: Programado | L12: Ejecutado
A13: 1 | B13: CIRUGIA DE ADULTOS | C13: 7 | D13: 10 | E13: 14 | F13: 18 | G13: 15 | H13: 21 | I13: 13 | J13: 12 | K13: =+C13+E13+G13+I13 -> 49 | L13: =+D13+F13+H13+J13 -> 61
A14: 2 | B14: CIRUGIA DE PEDIATRIA | C14: 7 | D14: 9 | E14: 15 | F14: 15 | G14: 16 | H14: 16 | I14: 16 | J14: 14 | K14: =+C14+E14+G14+I14 -> 54 | L14: =+D14+F14+H14+J14 -> 54
A15: 3 | B15: HEMODINAMIA ADULTOS | C15: 42 | D15: 92 | E15: 93 | F15: 88 | G15: 94 | H15: 100 | I15: 92 | J15: 75 | K15: =+C15+E15+G15+I15 -> 321 | L15: =+D15+F15+H15+J15 -> 355
A16: 4 | B16: HEMODINAMIA PEDIATRIA | C16: 6 | D16: 14 | E16: 15 | F16: 16 | G16: 15 | H16: 17 | I16: 15 | J16: 8 | K16: =+C16+E16+G16+I16 -> 51 | L16: =+D16+F16+H16+J16 -> 55
A17: 5 | B17: ECOCARDIOGRAMA ADULTOS | C17: 195 | D17: 468 | E17: 428 | F17: 503 | G17: 428 | H17: 606 | I17: 428 | J17: 478 | K17: =+C17+E17+G17+I17 -> 1479 | L17: =+D17+F17+H17+J17 -> 2055
A18: 6 | B18: ECOCARDIOGRAMA PEDIATRIA | C18: 167 | D18: 419 | E18: 367 | F18: 382 | G18: 367 | H18: 423 | I18: 363 | J18: 280 | K18: =+C18+E18+G18+I18 -> 1264 | L18: =+D18+F18+H18+J18 -> 1504
A19: 7 | B19: ELECTROCARDIOGRAMAS ADULTOS | C19: 64 | D19: 133 | E19: 137 | F19: 136 | G19: 138 | H19: 144 | I19: 136 | J19: 120 | K19: =+C19+E19+G19+I19 -> 475 | L19: =+D19+F19+H19+J19 -> 533
A20: 8 | B20: ELECTROCARDIOGRAMAS PEDIATRIA | C20: 75 | D20: 184 | E20: 165 | F20: 160 | G20: 165 | H20: 163 | I20: 165 | J20: 102 | K20: =+C20+E20+G20+I20 -> 570 | L20: =+D20+F20+H20+J20 -> 609
A21: 9 | B21: CONSULTAS MEDICAS ADULTOS | C21: 482 | D21: 1075 | E21: 1059 | F21: 1078 | G21: 1059 | H21: 1250 | I21: 1059 | J21: 884 | K21: =+C21+E21+G21+I21 -> 3659 | L21: =+D21+F21+H21+J21 -> 4287
A22: 10 | B22: CONSULTA MEDICAS PEDIATRICAS | C22: 230 | D22: 505 | E22: 506 | F22: 440 | G22: 506 | H22: 447 | I22: 501 | J22: 343 | K22: =+C22+E22+G22+I22 -> 1743 | L22: =+D22+F22+H22+J22 -> 1735
A23: 11 | B23: ESTOMATOLOGIA | C23: 22 | D23: 47 | E23: 47 | F23: 45 | G23: 47 | H23: 43 | I23: 43 | J23: 27 | K23: =+C23+E23+G23+I23 -> 159 | L23: =+D23+F23+H23+J23 -> 162
A24: 12 | B24: ENCAMAMIENTO POR COMPLICACIONES | C24: 7 | D24: 20 | E24: 20 | F24: 20 | G24: 20 | H24: 34 | I24: 16 | J24: 21 | K24: =+C24+E24+G24+I24 -> 63 | L24: =+D24+F24+H24+J24 -> 95
... A28: 16 | B28: MONITOREO DE PRESION ARTERIAL | C28: 5 | D28: 0 | E28: 8 | F28: 0 | G28: 8 | H28: 0 | I28: 7 | J28: 0 | K28: =+C28+E28+G28+I28 -> 28 | L28: =+D28+F28+H28+J28 -> 0
A29: Total | C29: =SUM(C13:C28) -> 1368 | D29: =SUM(D13:D28) -> 3109 | E29: =SUM(E13:E28) -> 3002 | F29: =SUM(F13:F28) -> 3034 | G29: =SUM(G13:G28) -> 3006 | H29: =SUM(H13:H28) -> 3417 | I29: =SUM(I13:I28) -> 2971 | J29: =SUM(J13:J28) -> 2471 | ... L29: =SUM(L13:L28) -> 12031
B31: Programacion de metas fisicas versus ejecucion (mensual) segundo cuatrimestre
A32: No. | B32: Servicio | C32: Mayo | E32: Junio | G32: Julio | I32: Agosto | K32: Totales | M32: Total acumulado
C33: Programado | D33: Ejecutado | E33: Programado | F33: Ejecutado | G33: Programado | H33: Ejecutado | I33: Programado | J33: Ejecutado | K33: Programado | L33: Ejecutado | M33: Programado | N33: Ejecutado
A34: 1 | B34: CIRUGIA DE ADULTOS | K34: =+C34+E34+G34+I34 -> 0 | L34: =+D34+F34+H34+J34 -> 0 | M34: =+K34+K13 -> 49 | N34: =+L34+L13 -> 61
A35: 2 | B35: CIRUGIA DE PEDIATRIA | K35: =+C35+E35+G35+I35 -> 0 | L35: =+D35+F35+H35+J35 -> 0 | M35: =+K35+K14 -> 54 | N35: =+L35+L14 -> 54
A36: 3 | B36: HEMODINAMIA ADULTOS | K36: =+C36+E36+G36+I36 -> 0 | L36: =+D36+F36+H36+J36 -> 0 | M36: =+K36+K15 -> 321 | N36: =+L36+L15 -> 355
A37: 4 | B37: HEMODINAMIA PEDIATRIA | K37: =+C37+E37+G37+I37 -> 0 | L37: =+D37+F37+H37+J37 -> 0 | M37: =+K37+K16 -> 51 | N37: =+L37+L16 -> 55
A38: 5 | B38: ECOCARDIOGRAMA ADULTOS | K38: =+C38+E38+G38+I38 -> 0 | L38: =+D38+F38+H38+J38 -> 0 | M38: =+K38+K17 -> 1479 | N38: =+L38+L17 -> 2055
A39: 6 | B39: ECOCARDIOGRAMA PEDIATRIA | K39: =+C39+E39+G39+I39 -> 0 | L39: =+D39+F39+H39+J39 -> 0 | M39: =+K39+K18 -> 1264 | N39: =+L39+L18 -> 1504
A40: 7 | B40: ELECTROCARDIOGRAMAS ADULTOS | K40: =+C40+E40+G40+I40 -> 0 | L40: =+D40+F40+H40+J40 -> 0 | M40: =+K40+K19 -> 475 | N40: =+L40+L19 -> 533
A41: 8 | B41: ELECTROCARDIOGRAMAS PEDIATRIA | K41: =+C41+E41+G41+I41 -> 0 | L41: =+D41+F41+H41+J41 -> 0 | M41: =+K41+K20 -> 570 | N41: =+L41+L20 -> 609
A42: 9 | B42: CONSULTAS MEDICAS ADULTOS | K42: =+C42+E42+G42+I42 -> 0 | L42: =+D42+F42+H42+J42 -> 0 | M42: =+K42+K21 -> 3659 | N42: =+L42+L21 -> 4287
A43: 10 | B43: CONSULTA MEDICAS PEDIATRICAS | K43: =+C43+E43+G43+I43 -> 0 | L43: =+D43+F43+H43+J43 -> 0 | M43: =+K43+K22 -> 1743 | N43: =+L43+L22 -> 1735
A44: 11 | B44: ESTOMATOLOGIA | K44: =+C44+E44+G44+I44 -> 0 | L44: =+D44+F44+H44+J44 -> 0 | M44: =+K44+K23 -> 159 | N44: =+L44+L23 -> 162
A45: 12 | B45: ENCAMAMIENTO POR COMPLICACIONES | K45: =+C45+E45+G45+I45 -> 0 | L45: =+D45+F45+H45+J45 -> 0 | M45: =+K45+K24 -> 63 | N45: =+L45+L24 -> 95
... A49: 16 | B49: MONITOREO DE PRESION ARTERIAL | K49: =+C49+E49+G49+I49 -> 0 | L49: =+D49+F49+H49+J49 -> 0 | M49: =+K49+K28 -> 28 | N49: =+L49+L28 -> 0
A50: Total | C50: =SUM(C34:C49) -> 0 | D50: =SUM(D34:D49) -> 0 | E50: =SUM(E34:E49) -> 0 | F50: =SUM(F34:F49) -> 0 | G50: =SUM(G34:G49) -> 0 | H50: =SUM(H34:H49) -> 0 | I50: =SUM(I34:I49) -> 0 | J50: =SUM(J34:J49) -> 0 | ... N50: =SUM(N34:N49) -> 12031
B52: Programacion de metas fisicas versus ejecucion (mensual) tercer cuatrimestre
A53: No. | B53: Servicio | C53: Septiembre | E53: Octubre | G53: Noviembre | I53: Diciembre | K53: Totales | M53: Total acumulado
C54: Programado | D54: Ejecutado | E54: Programado | F54: Ejecutado | G54: Programado | H54: Ejecutado | I54: Programado | J54: Ejecutado | K54: Programado | L54: Ejecutado | M54: Programado | N54: Ejecutado
A55: 1 | B55: CIRUGIA DE ADULTOS | K55: =+C55+E55+G55+I55 -> 0 | L55: =+D55+F55+H55+J55 -> 0 | M55: =+K55+M34 -> 49 | N55: =+L55+N34 -> 61
A56: 2 | B56: CIRUGIA DE PEDIATRIA | K56: =+C56+E56+G56+I56 -> 0 | L56: =+D56+F56+H56+J56 -> 0 | M56: =+K56+M35 -> 54 | N56: =+L56+N35 -> 54
A57: 3 | B57: HEMODINAMIA ADULTOS | K57: =+C57+E57+G57+I57 -> 0 | L57: =+D57+F57+H57+J57 -> 0 | M57: =+K57+M36 -> 321 | N57: =+L57+N36 -> 355
A58: 4 | B58: HEMODINAMIA PEDIATRIA | K58: =+C58+E58+G58+I58 -> 0 | L58: =+D58+F58+H58+J58 -> 0 | M58: =+K58+M37 -> 51 | N58: =+L58+N37 -> 55
A59: 5 | B59: ECOCARDIOGRAMA ADULTOS | K59: =+C59+E59+G59+I59 -> 0 | L59: =+D59+F59+H59+J59 -> 0 | M59: =+K59+M38 -> 1479 | N59: =+L59+N38 -> 2055
A60: 6 | B60: ECOCARDIOGRAMA PEDIATRIA | K60: =+C60+E60+G60+I60 -> 0 | L60: =+D60+F60+H60+J60 -> 0 | M60: =+K60+M39 -> 1264 | N60: =+L60+N39 -> 1504
A61: 7 | B61: ELECTROCARDIOGRAMAS ADULTOS | K61: =+C61+E61+G61+I61 -> 0 | L61: =+D61+F61+H61+J61 -> 0 | M61: =+K61+M40 -> 475 | N61: =+L61+N40 -> 533
A62: 8 | B62: ELECTROCARDIOGRAMAS PEDIATRIA | K62: =+C62+E62+G62+I62 -> 0 | L62: =+D62+F62+H62+J62 -> 0 | M62: =+K62+M41 -> 570 | N62: =+L62+N41 -> 609
A63: 9 | B63: CONSULTAS MEDICAS ADULTOS | K63: =+C63+E63+G63+I63 -> 0 | L63: =+D63+F63+H63+J63 -> 0 | M63: =+K63+M42 -> 3659 | N63: =+L63+N42 -> 4287
A64: 10 | B64: CONSULTA MEDICAS PEDIATRICAS | K64: =+C64+E64+G64+I64 -> 0 | L64: =+D64+F64+H64+J64 -> 0 | M64: =+K64+M43 -> 1743 | N64: =+L64+N43 -> 1735
A65: 11 | B65: ESTOMATOLOGIA | K65: =+C65+E65+G65+I65 -> 0 | L65: =+D65+F65+H65+J65 -> 0 | M65: =+K65+M44 -> 159 | N65: =+L65+N44 -> 162
A66: 12 | B66: ENCAMAMIENTO POR COMPLICACIONES | K66: =+C66+E66+G66+I66 -> 0 | L66: =+D66+F66+H66+J66 -> 0 | M66: =+K66+M45 -> 63 | N66: =+L66+N45 -> 95
... A70: 16 | B70: MONITOREO DE PRESION ARTERIAL | K70: =+C70+E70+G70+I70 -> 0 | L70: =+D70+F70+H70+J70 -> 0 | M70: =+K70+M49 -> 28 | N70: =+L70+N49 -> 0
A71: Total | C71: =SUM(C55:C70) -> 0 | D71: =SUM(D55:D70) -> 0 | E71: =SUM(E55:E70) -> 0 | F71: =SUM(F55:F70) -> 0 | G71: =SUM(G55:G70) -> 0 | H71: =SUM(H55:H70) -> 0 | I71: =SUM(I55:I70) -> 0 | J71: =SUM(J55:J70) -> 0 | ... N71: =SUM(N55:N70) -> 12031
B74: RESUMEN AÑO 2023
A75: No. | B75: Servicio | C75: Totales
C76: Programado | D76: Ejecutado
A77: 1 | B77: CIRUGIA DE ADULTOS | C77: =+K13+K34+K55 -> 49 | D77: =+L13+L34+L55 -> 61
A78: 2 | B78: CIRUGIA DE PEDIATRIA | C78: =+K14+K35+K56 -> 54 | D78: =+L14+L35+L56 -> 54
A79: 3 | B79: HEMODINAMIA ADULTOS | C79: =+K15+K36+K57 -> 321 | D79: =+L15+L36+L57 -> 355
A80: 4 | B80: HEMODINAMIA PEDIATRIA | C80: =+K16+K37+K58 -> 51 | D80: =+L16+L37+L58 -> 55
A81: 5 | B81: ECOCARDIOGRAMA ADULTOS | C81: =+K17+K38+K59 -> 1479 | D81: =+L17+L38+L59 -> 2055
A82: 6 | B82: ECOCARDIOGRAMA PEDIATRIA | C82: =+K18+K39+K60 -> 1264 | D82: =+L18+L39+L60 -> 1504
A83: 7 | B83: ELECTROCARDIOGRAMAS ADULTOS | C83: =+K19+K40+K61 -> 475 | D83: =+L19+L40+L61 -> 533
A84: 8 | B84: ELECTROCARDIOGRAMAS PEDIATRIA | C84: =+K20+K41+K62 -> 570 | D84: =+L20+L41+L62 -> 609
A85: 9 | B85: CONSULTAS MEDICAS ADULTOS | C85: =+K21+K42+K63 -> 3659 | D85: =+L21+L42+L63 -> 4287
A86: 10 | B86: CONSULTA MEDICAS PEDIATRICAS | C86: =+K22+K43+K64 -> 1743 | D86: =+L22+L43+L64 -> 1735
A87: 11 | B87: ESTOMATOLOGIA | C87: =+K23+K44+K65 -> 159 | D87: =+L23+L44+L65 -> 162
A88: 12 | B88: ENCAMAMIENTO POR COMPLICACIONES | C88: =+K24+K45+K66 -> 63 | D88: =+L24+L45+L66 -> 95
... A90: 14 | B90: ESTUDIOS ELECTROFISIOLOGICOS | C90: =+K26+K47+K68 -> 7 | D90: =+L26+L47+L68 -> 14
A91: 15 | B91: HOLTERS | C91: =+K27+K49+K70 -> 144 | D91: =+L27+L49+L70 -> 234
A92: 16 | B92: MONITOREO DE PRESION ARTERIAL | C92: =+K28+K49+K70 -> 28 | D92: =+L28+L49+L70 -> 0
A93: Total | C93: =SUM(C77:C92) -> 10347 | D93: =SUM(D77:D92) -> 12031
B117: Elaborado por: | C117: ___________________________ | F117: Autorizado por: | H117: _______________________________________
C118: VÍctor Cresencio Reyes Porres | H118: Dr. Walter Antonio Mazariegos Samayoa
C119: Jefe de Contabilidad | H119: Director General
B120: Fecha: | C120: 10 de mayo 2,023

Sheet PRESUPUESTO ENERO
A1: UNIDAD DE CIRUGIA CARDIOVASCULAR DE GUATEMALA
A2: FONDOS ESTATALES
A3: PRESUPUESTO ENERO 2,023
C4: PRESUPUESTO 2023 | D4: TRANSFERENCIAS (+-), AMPLIACION | E4: PRESUPUESTO AJUSTADO 2,020 | F4: EJECUTADO | G4: SALDO
B5: ASIGNACION DEL ESTADO | C5: 80000000 | E5: =+C5+D5 -> 80000000 | F5: 0 | G5: =+E5-F5 -> 80000000
B6: TOTAL ASIGNACION DEL ESTADO | C6: =SUM(C5) -> 80000000 | D6: =SUM(D5) -> 0 | E6: =SUM(E5) -> 80000000 | F6: =SUM(F5) -> 0 | G6: =SUM(G5) -> 80000000
C8: =+C4 -> PRESUPUESTO 2023 | D8: TRANSFERENCIAS (+-) | E8: =+E4 -> PRESUPUESTO AJUSTADO 2,020 | F8: =+F4 -> EJECUTADO | G8: SALDO
A9: 011 | B9: SUELDOS, CUOTA PATRONAL, BONO 14 Y AGUINALDO | C9: 45918608 | E9: =+C9+D9 -> 45918608 | G9: =+E9-F9 -> 45918608
B10: TOTAL RECURSO HUMANO | C10: =SUM(C9) -> 45918608 | D10: =SUM(D9) -> 0 | E10: =SUM(E9) -> 45918608 | F10: =SUM(F9) -> 0 | G10: =SUM(G9) -> 45918608
B12: GASTOS DE OPERACIÓN | C12: =+C8 -> PRESUPUESTO 2023 | D12: TRANSFERENCIAS (+-) | E12: =+E8 -> PRESUPUESTO AJUSTADO 2,020 | F12: =+F8 -> EJECUTADO | G12: SALDO
A13: 111 | B13: ENERGIA ELECTRICA | C13: 968000 | E13: =+C13+D13 -> 968000 | G13: =+E13-F13 -> 968000
A14: 113 | B14: TELEFONIA | C14: 127435.66 | E14: =+C14+D14 -> 127435.66 | G14: =+E14-F14 -> 127435.66
A15: 122 | B15: IMPRESIÓN, ENCUADERNACION Y REPRODUCCION | C15: 68124.37 | E15: =+C15+D15 -> 68124.37 | G15: =+E15-F15 -> 68124.37
A16: 163 | B16: MANT. Y REP. EQUIPO MEDICO SANITARIO Y DE LAB. | C16: 1321525 | E16: =+C16+D16 -> 1321525 | G16: =+E16-F16 -> 1321525
A17: 168 | B17: MANTENIMIENTO Y REP. DE EQUIPO DE COMPUTO | C17: 1000 | E17: =+C17+D17 -> 1000 | G17: =+E17-F17 -> 1000
A18: 169 | B18: MAT. Y REP. DE OTRAS MAQ. Y EQUIPO | C18: 43150 | E18: =+C18+D18 -> 43150 | G18: =+E18-F18 -> 43150
A19: 171 | B19: MANTENIMIENTO Y REPARACION DE EDIFICIOS | C19: 43660 | E19: =+C19+D19 -> 43660 | G19: =+E19-F19 -> 43660
A20: 174 | B20: MANT. Y REP. DE INSTALACIONES | C20: 116687.92 | E20: =+C20+D20 -> 116687.92 | G20: =+E20-F20 -> 116687.92
A21: 182 | B21: SERVICIOS MEDICO-SANITARIOS | C21: 3039388 | E21: =+C21+D21 -> 3039388 | G21: =+E21-F21 -> 3039388
A22: 197 | B22: SERVICIOS DE VIGILANCIA | C22: 172800 | E22: =+C22+D22 -> 172800 | G22: =+E22-F22 -> 172800
A23: 199 | B23: OTROS SERVICIOS NO PERSONALES | C23: 767314.4 | E23: =+C23+D23 -> 767314.4 | G23: =+E23-F23 -> 767314.4
A24: 211 | B24: ALIMENTOS PARA PERSONAS | C24: 543132.75 | E24: =+C24+D24 -> 543132.75 | G24: =+E24-F24 -> 543132.75
... A38: 323 | B38: EQUIPO MEDICO-SANITARIO Y DE LABORATORIO | C38: 2500000 | E38: =+C38+D38 -> 2500000 | G38: =+E38-F38 -> 2500000
B39: TOTAL MATERIALES Y SUMINISTROS | C39: =SUM(C13:C38) -> 34081392 | D39: =SUM(D24:D38) -> 0 | E39: =SUM(E13:E38) -> 34081392 | F39: =SUM(F13:F38) -> 0 | G39: =SUM(G13:G38) -> 34081392
B40: TOTAL GENERAL EGRESOS | C40: =+C39+C10 -> 80000000 | D40: =+D39+D10 -> 0 | E40: =+E39+E10 -> 80000000 | F40: =+F39+F10 -> 0 | G40: =+G39+G10 -> 80000000
A42: Nota: Presupuesto pendiente de aprobacion, por parte de la comision tecnica del Ministerio
A43: de Salud Publica y Asistencia Social.
A45: _______________________________
A46: Víctor Cresencio Reyes Porres
A47: Jefe de Contabilidad

Sheet PRESUPUESTO FEBRERO
A1: UNIDAD DE CIRUGIA CARDIOVASCULAR DE GUATEMALA
A2: FONDOS ESTATALES
A3: PRESUPUESTO FEBRERO 2,023
C4: PRESUPUESTO 2023 | D4: TRANSFERENCIAS (+-), AMPLIACION | E4: PRESUPUESTO AJUSTADO 2,020 | F4: EJECUTADO | G4: SALDO
B5: ASIGNACION DEL ESTADO | C5: 80000000 | E5: =+C5+D5 -> 80000000 | F5: 0 | G5: =+E5-F5 -> 80000000
B6: TOTAL ASIGNACION DEL ESTADO | C6: =SUM(C5) -> 80000000 | D6: =SUM(D5) -> 0 | E6: =SUM(E5) -> 80000000 | F6: =SUM(F5) -> 0 | G6: =SUM(G5) -> 80000000
C8: =+C4 -> PRESUPUESTO 2023 | D8: TRANSFERENCIAS (+-) | E8: =+E4 -> PRESUPUESTO AJUSTADO 2,020 | F8: =+F4 -> EJECUTADO | G8: SALDO
A9: 011 | B9: SUELDOS, CUOTA PATRONAL, BONO 14 Y AGUINALDO | C9: 45918608 | E9: =+C9+D9 -> 45918608 | G9: =+E9-F9 -> 45918608
B10: TOTAL RECURSO HUMANO | C10: =SUM(C9) -> 45918608 | D10: =SUM(D9) -> 0 | E10: =SUM(E9) -> 45918608 | F10: =SUM(F9) -> 0 | G10: =SUM(G9) -> 45918608
B12: GASTOS DE OPERACIÓN | C12: =+C8 -> PRESUPUESTO 2023 | D12: TRANSFERENCIAS (+-) | E12: =+E8 -> PRESUPUESTO AJUSTADO 2,020 | F12: =+F8 -> EJECUTADO | G12: SALDO
A13: 111 | B13: ENERGIA ELECTRICA | C13: 968000 | E13: =+C13+D13 -> 968000 | G13: =+E13-F13 -> 968000
A14: 113 | B14: TELEFONIA | C14: 127435.66 | E14: =+C14+D14 -> 127435.66 | G14: =+E14-F14 -> 127435.66
A15: 122 | B15: IMPRESIÓN, ENCUADERNACION Y REPRODUCCION | C15: 68124.37 | E15: =+C15+D15 -> 68124.37 | G15: =+E15-F15 -> 68124.37
A16: 163 | B16: MANT. Y REP. EQUIPO MEDICO SANITARIO Y DE LAB. | C16: 1321525 | E16: =+C16+D16 -> 1321525 | G16: =+E16-F16 -> 1321525
A17: 168 | B17: MANTENIMIENTO Y REP. DE EQUIPO DE COMPUTO | C17: 1000 | E17: =+C17+D17 -> 1000 | G17: =+E17-F17 -> 1000
A18: 169 | B18: MAT. Y REP. DE OTRAS MAQ. Y EQUIPO | C18: 43150 | E18: =+C18+D18 -> 43150 | G18: =+E18-F18 -> 43150
A19: 171 | B19: MANTENIMIENTO Y REPARACION DE EDIFICIOS | C19: 43660 | E19: =+C19+D19 -> 43660 | G19: =+E19-F19 -> 43660
A20: 174 | B20: MANT. Y REP. DE INSTALACIONES | C20: 116687.92 | E20: =+C20+D20 -> 116687.92 | G20: =+E20-F20 -> 116687.92
A21: 182 | B21: SERVICIOS MEDICO-SANITARIOS | C21: 3039388 | E21: =+C21+D21 -> 3039388 | G21: =+E21-F21 -> 3039388
A22: 197 | B22: SERVICIOS DE VIGILANCIA | C22: 172800 | E22: =+C22+D22 -> 172800 | G22: =+E22-F22 -> 172800
A23: 199 | B23: OTROS SERVICIOS NO PERSONALES | C23: 767314.4 | E23: =+C23+D23 -> 767314.4 | G23: =+E23-F23 -> 767314.4
A24: 211 | B24: ALIMENTOS PARA PERSONAS | C24: 543132.75 | E24: =+C24+D24 -> 543132.75 | G24: =+E24-F24 -> 543132.75
... A38: 323 | B38: EQUIPO MEDICO-SANITARIO Y DE LABORATORIO | C38: 2500000 | E38: =+C38+D38 -> 2500000 | G38: =+E38-F38 -> 2500000
B39: TOTAL MATERIALES Y SUMINISTROS | C39: =SUM(C13:C38) -> 34081392 | D39: =SUM(D24:D38) -> 0 | E39: =SUM(E13:E38) -> 34081392 | F39: =SUM(F13:F38) -> 0 | G39: =SUM(G13:G38) -> 34081392
B40: TOTAL GENERAL EGRESOS | C40: =+C39+C10 -> 80000000 | D40: =+D39+D10 -> 0 | E40: =+E39+E10 -> 80000000 | F40: =+F39+F10 -> 0 | G40: =+G39+G10 -> 80000000
A42: Nota: Presupuesto pendiente de aprobacion, por parte de la comision tecnica del Ministerio
A43: de Salud Publica y Asistencia Social.
A45: _______________________________
A46: Víctor Cresencio Reyes Porres
A47: Jefe de Contabilidad

Sheet PRESUPUESTO MARZO
A1: UNIDAD DE CIRUGIA CARDIOVASCULAR DE GUATEMALA
A2: FONDOS ESTATALES
A3: PRESUPUESTO MARZO 2,023
C4: PRESUPUESTO 2023 | D4: TRANSFERENCIAS (+-), AMPLIACION | E4: PRESUPUESTO AJUSTADO 2,020 | F4: EJECUTADO | G4: SALDO
B5: ASIGNACION DEL ESTADO | C5: 80000000 | E5: =+C5+D5 -> 80000000 | F5: 0 | G5: =+E5-F5 -> 80000000
B6: TOTAL ASIGNACION DEL ESTADO | C6: =SUM(C5) -> 80000000 | D6: =SUM(D5) -> 0 | E6: =SUM(E5) -> 80000000 | F6: =SUM(F5) -> 0 | G6: =SUM(G5) -> 80000000
C8: =+C4 -> PRESUPUESTO 2023 | D8: TRANSFERENCIAS (+-) | E8: =+E4 -> PRESUPUESTO AJUSTADO 2,020 | F8: =+F4 -> EJECUTADO | G8: SALDO
A9: 011 | B9: SUELDOS, CUOTA PATRONAL, BONO 14 Y AGUINALDO | C9: 45918608 | E9: =+C9+D9 -> 45918608 | G9: =+E9-F9 -> 45918608
B10: TOTAL RECURSO HUMANO | C10: =SUM(C9) -> 45918608 | D10: =SUM(D9) -> 0 | E10: =SUM(E9) -> 45918608 | F10: =SUM(F9) -> 0 | G10: =SUM(G9) -> 45918608
B12: GASTOS DE OPERACIÓN | C12: =+C8 -> PRESUPUESTO 2023 | D12: TRANSFERENCIAS (+-) | E12: =+E8 -> PRESUPUESTO AJUSTADO 2,020 | F12: =+F8 -> EJECUTADO | G12: SALDO
A13: 111 | B13: ENERGIA ELECTRICA | C13: 968000 | E13: =+C13+D13 -> 968000 | G13: =+E13-F13 -> 968000
A14: 113 | B14: TELEFONIA | C14: 127435.66 | E14: =+C14+D14 -> 127435.66 | G14: =+E14-F14 -> 127435.66
A15: 122 | B15: IMPRESIÓN, ENCUADERNACION Y REPRODUCCION | C15: 68124.37 | E15: =+C15+D15 -> 68124.37 | G15: =+E15-F15 -> 68124.37
A16: 163 | B16: MANT. Y REP. EQUIPO MEDICO SANITARIO Y DE LAB. | C16: 1321525 | E16: =+C16+D16 -> 1321525 | G16: =+E16-F16 -> 1321525
A17: 168 | B17: MANTENIMIENTO Y REP. DE EQUIPO DE COMPUTO | C17: 1000 | E17: =+C17+D17 -> 1000 | G17: =+E17-F17 -> 1000
A18: 169 | B18: MAT. Y REP. DE OTRAS MAQ. Y EQUIPO | C18: 43150 | E18: =+C18+D18 -> 43150 | G18: =+E18-F18 -> 43150
A19: 171 | B19: MANTENIMIENTO Y REPARACION DE EDIFICIOS | C19: 43660 | E19: =+C19+D19 -> 43660 | G19: =+E19-F19 -> 43660
A20: 174 | B20: MANT. Y REP. DE INSTALACIONES | C20: 116687.92 | E20: =+C20+D20 -> 116687.92 | G20: =+E20-F20 -> 116687.92
A21: 182 | B21: SERVICIOS MEDICO-SANITARIOS | C21: 3039388 | E21: =+C21+D21 -> 3039388 | G21: =+E21-F21 -> 3039388
A22: 197 | B22: SERVICIOS DE VIGILANCIA | C22: 172800 | E22: =+C22+D22 -> 172800 | G22: =+E22-F22 -> 172800
A23: 199 | B23: OTROS SERVICIOS NO PERSONALES | C23: 767314.4 | E23: =+C23+D23 -> 767314.4 | G23: =+E23-F23 -> 767314.4
A24: 211 | B24: ALIMENTOS PARA PERSONAS | C24: 543132.75 | E24: =+C24+D24 -> 543132.75 | G24: =+E24-F24 -> 543132.75
... A38: 323 | B38: EQUIPO MEDICO-SANITARIO Y DE LABORATORIO | C38: 2500000 | E38: =+C38+D38 -> 2500000 | G38: =+E38-F38 -> 2500000
B39: TOTAL MATERIALES Y SUMINISTROS | C39: =SUM(C13:C38) -> 34081392 | D39: =SUM(D24:D38) -> 0 | E39: =SUM(E13:E38) -> 34081392 | F39: =SUM(F13:F38) -> 0 | G39: =SUM(G13:G38) -> 34081392
B40: TOTAL GENERAL EGRESOS | C40: =+C39+C10 -> 80000000 | D40: =+D39+D10 -> 0 | E40: =+E39+E10 -> 80000000 | F40: =+F39+F10 -> 0 | G40: =+G39+G10 -> 80000000
A42: Nota: Presupuesto pendiente de aprobacion, por parte de la comision tecnica del Ministerio
A43: de Salud Publica y Asistencia Social.
A45: _______________________________
A46: Víctor Cresencio Reyes Porres
A47: Jefe de Contabilidad

Sheet PRESUPUESTO ABRIL
A1: UNIDAD DE CIRUGIA CARDIOVASCULAR DE GUATEMALA
A2: FONDOS ESTATALES
A3: PRESUPUESTO ABRIL 2,023
C4: PRESUPUESTO 2023 | D4: TRANSFERENCIAS (+-), AMPLIACION | E4: PRESUPUESTO AJUSTADO 2,020 | F4: EJECUTADO | G4: SALDO
B5: ASIGNACION DEL ESTADO | C5: 80000000 | E5: =+C5+D5 -> 80000000 | F5: 0 | G5: =+E5-F5 -> 80000000
B6: TOTAL ASIGNACION DEL ESTADO | C6: =SUM(C5) -> 80000000 | D6: =SUM(D5) -> 0 | E6: =SUM(E5) -> 80000000 | F6: =SUM(F5) -> 0 | G6: =SUM(G5) -> 80000000
C8: =+C4 -> PRESUPUESTO 2023 | D8: TRANSFERENCIAS (+-) | E8: =+E4 -> PRESUPUESTO AJUSTADO 2,020 | F8: =+F4 -> EJECUTADO | G8: SALDO
A9: 011 | B9: SUELDOS, CUOTA PATRONAL, BONO 14 Y AGUINALDO | C9: 45918608 | E9: =+C9+D9 -> 45918608 | G9: =+E9-F9 -> 45918608
B10: TOTAL RECURSO HUMANO | C10: =SUM(C9) -> 45918608 | D10: =SUM(D9) -> 0 | E10: =SUM(E9) -> 45918608 | F10: =SUM(F9) -> 0 | G10: =SUM(G9) -> 45918608
B12: GASTOS DE OPERACIÓN | C12: =+C8 -> PRESUPUESTO 2023 | D12: TRANSFERENCIAS (+-) | E12: =+E8 -> PRESUPUESTO AJUSTADO 2,020 | F12: =+F8 -> EJECUTADO | G12: SALDO
A13: 111 | B13: ENERGIA ELECTRICA | C13: 968000 | E13: =+C13+D13 -> 968000 | G13: =+E13-F13 -> 968000
A14: 113 | B14: TELEFONIA | C14: 127435.66 | E14: =+C14+D14 -> 127435.66 | G14: =+E14-F14 -> 127435.66
A15: 122 | B15: IMPRESIÓN, ENCUADERNACION Y REPRODUCCION | C15: 68124.37 | E15: =+C15+D15 -> 68124.37 | G15: =+E15-F15 -> 68124.37
A16: 163 | B16: MANT. Y REP. EQUIPO MEDICO SANITARIO Y DE LAB. | C16: 1321525 | E16: =+C16+D16 -> 1321525 | G16: =+E16-F16 -> 1321525
A17: 168 | B17: MANTENIMIENTO Y REP. DE EQUIPO DE COMPUTO | C17: 1000 | E17: =+C17+D17 -> 1000 | G17: =+E17-F17 -> 1000
A18: 169 | B18: MAT. Y REP. DE OTRAS MAQ. Y EQUIPO | C18: 43150 | E18: =+C18+D18 -> 43150 | G18: =+E18-F18 -> 43150
A19: 171 | B19: MANTENIMIENTO Y REPARACION DE EDIFICIOS | C19: 43660 | E19: =+C19+D19 -> 43660 | G19: =+E19-F19 -> 43660
A20: 174 | B20: MANT. Y REP. DE INSTALACIONES | C20: 116687.92 | E20: =+C20+D20 -> 116687.92 | G20: =+E20-F20 -> 116687.92
A21: 182 | B21: SERVICIOS MEDICO-SANITARIOS | C21: 3039388 | E21: =+C21+D21 -> 3039388 | G21: =+E21-F21 -> 3039388
A22: 197 | B22: SERVICIOS DE VIGILANCIA | C22: 172800 | E22: =+C22+D22 -> 172800 | G22: =+E22-F22 -> 172800
A23: 199 | B23: OTROS SERVICIOS NO PERSONALES | C23: 767314.4 | E23: =+C23+D23 -> 767314.4 | G23: =+E23-F23 -> 767314.4
A24: 211 | B24: ALIMENTOS PARA PERSONAS | C24: 543132.75 | E24: =+C24+D24 -> 543132.75 | G24: =+E24-F24 -> 543132.75
... A38: 323 | B38: EQUIPO MEDICO-SANITARIO Y DE LABORATORIO | C38: 2500000 | E38: =+C38+D38 -> 2500000 | G38: =+E38-F38 -> 2500000
B39: TOTAL MATERIALES Y SUMINISTROS | C39: =SUM(C13:C38) -> 34081392 | D39: =SUM(D24:D38) -> 0 | E39: =SUM(E13:E38) -> 34081392 | F39: =SUM(F13:F38) -> 0 | G39: =SUM(G13:G38) -> 34081392
B40: TOTAL GENERAL EGRESOS | C40: =+C39+C10 -> 80000000 | D40: =+D39+D10 -> 0 | E40: =+E39+E10 -> 80000000 | F40: =+F39+F10 -> 0 | G40: =+G39+G10 -> 80000000
A42: Nota: Presupuesto pendiente de aprobacion, por parte de la comision tecnica del Ministerio
A43: de Salud Publica y Asistencia Social.
A45: _______________________________
A46: Víctor Cresencio Reyes Porres
A47: Jefe de Contabilidad

Sheet APORTES ENERO
A1: APORTES MINISTERIO DE SALUD PUBLICA Y ASISTENCIA SOCIAL AÑO 2,023
A3: MES | B3: VALOR | C3: FECHA | D3: RECIBO | E3: N/A | F3: No. De Cur
A4: ENERO | B4: 0
A5: TOTALES… | B5: =SUM(B4:B4) -> 0
A11: ____________________________________
A12: Victor Cresencio Reyes Porres
A13: Jefe de Contabilidad
A14: UNIDAD DE CIRUGIA CARDIOVASCULAR DE GUATEMALA

Sheet APORTES FEBRERO
A1: APORTES MINISTERIO DE SALUD PUBLICA Y ASISTENCIA SOCIAL AÑO 2,023
A3: MES | B3: VALOR | C3: FECHA | D3: RECIBO | E3: N/A | F3: No. De Cur
A4: ENERO | B4: 0
A5: FEBRERO | B5: 0
A6: TOTALES… | B6: =SUM(B5:B5) -> 0
A12: ____________________________________
A13: Victor Cresencio Reyes Porres
A14: Jefe de Contabilidad
A15: UNIDAD DE CIRUGIA CARDIOVASCULAR DE GUATEMALA

Sheet APORTES MARZO
A1: APORTES MINISTERIO DE SALUD PUBLICA Y ASISTENCIA SOCIAL AÑO 2,023
A3: MES | B3: VALOR | C3: FECHA | D3: RECIBO | E3: N/A | F3: No. De Cur
A4: ENERO | B4: 0
A5: FEBRERO | B5: 0
A6: MARZO | B6: 16000000 | C6: 44998 | D6: 261082 | E6: 2779817143 | F6: 3612
A7: TOTALES… | B7: =SUM(B6:B6) -> 16000000
A13: ____________________________________
A14: Victor Cresencio Reyes Porres
A15: Jefe de Contabilidad
A16: UNIDAD DE CIRUGIA CARDIOVASCULAR DE GUATEMALA

Sheet APORTES ABRIL
A1: APORTES MINISTERIO DE SALUD PUBLICA Y ASISTENCIA SOCIAL AÑO 2,023
A3: MES | B3: VALOR | C3: FECHA | D3: RECIBO | E3: N/A | F3: No. De Cur
A4: ENERO | B4: 0
A5: FEBRERO | B5: 0
A6: MARZO | B6: 16000000 | C6: 44998 | D6: 261082 | E6: 2779817143 | F6: 3612
A7: ABRIL | B7: 3150000 | C7: 45029 | D7: 261084 | E7: 2794292440 | F7: 4848
A8: TOTALES… | B8: =SUM(B4:B7) -> 19150000
A14: ____________________________________
A15: Victor Cresencio Reyes Porres
A16: Jefe de Contabilidad
A17: UNIDAD DE CIRUGIA CARDIOVASCULAR DE GUATEMALA
